Workbook
Name DISPOSIÇÃO_FINAL___AREA_LICENCIADA: "QT+'CURVA ABC'!$F$9:$F$59"
Name NCOMPOSICOES: 21
Name NCOTACOES: 15
Name NEMPRESAS: 15
Name NINDICES: 3
Name QuadroResumoTotal: "Grupo 326"
Name QuadroTotaisGamaProduto: "Grupo 350"
Name TotaisGamaProduto: "Grupo 350"

Sheet RESUMO
B1: Obra | C1: Bancos | E1: B.D.I. | G1: Encargos Sociais
B2: REVISÃO E READEQUAÇÃO DOS PROJETOS EXECUTIVOS DE DRENAGEM NO SETOR HABITACIONAL MESTRE D'ARMAS, REGIÃO ADMINISTRATIVA DE PLANATINA - RA-PLAN, PELA SODF, NO DISTRITO FEDERAL - BLOCO 1 - LOTE 2 (ÁREA 5 E 6) CONTRATO: 21/2021- SODF - SEM DESONERAÇÃO | C2: SINAPI - 12/2024 - Distrito Federal SBC - 01/2025 - Distrito Federal SICRO3 - 10/2024 - Distrito Federal ORSE - 11/2024 - Sergipe SEINFRA - 028 - Ceará SIURB INFRA - 07/2024 - São Paulo AGESUL - 06/2024 - Mato Grosso do Sul EMBASA - 05/2024 - Bahia COMPESA - 07/2024 - Pernambuco EMOP - 12/2024 - Rio de Janeiro | E2: Padrão - 21,22% Material - 11,10% | G2: Sem Desoneração: Horista: 110,14% Mensalista: 70,04%
A3: PLANILHA ORÇAMENTÁRIA RESUMIDA
A4: ITEM | B4: DESCRIÇÃO | G4: TOTAL | I4: (%)
A5: 1 | B5: ADMINISTRAÇÃO | G5: 1454666.7 | I5: 0.097815261
A6: 2 | B6: MOBILIZAÇÃO E DESMOBILIZAÇÃO | G6: 36998.72 | I6: 0.0024878822
A7: 3 | B7: CANTEIRO DE OBRAS | G7: 296160.42 | I7: 0.019914533
A8: 4 | B8: REDE DE DRENAGEM ÁREA 5 - 0,75 KM | G8: 2824568.5 | I8: 0.18993072
A9: 5 | B9: REDE DE DRENAGEM ÁREA 6 - 2,66 KM | G9: 10259178 | I9: 0.6898516
E11: Total sem BDI | G11: 12455208
E12: Total do BDI | G12: 2416363.7
E13: Total Geral | G13: 14871572 | J13: 13416905
J14: 0.10842043

Sheet ORÇAMENTO
D1: Obra | E1: Bancos | H1: B.D.I. | J1: Encargos Sociais
D2: REVISÃO E READEQUAÇÃO DOS PROJETOS EXECUTIVOS DE DRENAGEM NO SETOR HABITACIONAL MESTRE D'ARMAS, REGIÃO ADMINISTRATIVA DE PLANATINA - RA-PLAN, PELA SODF, NO DISTRITO FEDERAL - BLOCO 1 - LOTE 2 (ÁREA 5 E 6) CONTRATO: 21/2021- SODF - SEM DESONERAÇÃO | E2: SINAPI - 12/2024 - Distrito Federal SBC - 01/2025 - Distrito Federal SICRO3 - 10/2024 - Distrito Federal ORSE - 11/2024 - Sergipe SEINFRA - 028 - Ceará SIURB INFRA - 07/2024 - São Paulo AGESUL - 06/2024 - Mato Grosso do Sul EMBASA - 05/2024 - Bahia COMPESA - 07/2024 - Pernambuco EMOP - 12/2024 - Rio de Janeiro | H2: Padrão - 21,22% Material - 11,10% | J2: Sem Desoneração: Horista: 110,14% Mensalista: 70,04%
A4: Item | B4: Código | C4: Banco | D4: Descrição | E4: Und | F4: Quant. | G4: Valor Unit | H4: BDI | I4: Valor Unit com BDI | J4: Total | K4: Peso (%)
A5: 1 | D5: ADMINISTRAÇÃO | J5: 1454666.7 | K5: 0.097815261
A6: 1.1 | D6: EQUIPE TÉCNICA GERENCIAL | J6: 502832.83 | K6: 0.033811679
A7: 1.1.1 | D7: MÃO DE OBRA EQUIPE TÉCNICA GERENCIAL | J7: 473074.06 | K7: 0.031810629
A8: 1.1.1.1 | B8: 93568 | C8: SINAPI | D8: ENGENHEIRO CIVIL DE OBRA SENIOR COM ENCARGOS COMPLEMENTARES | E8: MES | F8: 3 | G8: 34812.77 | H8: 0.2122 | I8: 42200.04 | J8: 126600.12 | K8: 0.0085128942
A9: 1.1.1.2 | B9: 93567 | C9: SINAPI | D9: ENGENHEIRO CIVIL DE OBRA PLENO COM ENCARGOS COMPLEMENTARES | E9: MES | F9: 9 | G9: 24859.48 | H9: 0.2122 | I9: 30134.66 | J9: 271211.94 | K9: 0.018236938
A10: 1.1.1.3 | B10: 100534 | C10: SINAPI | D10: TECNICO DE EDIFICACOES COM ENCARGOS COMPLEMENTARES | E10: MES | F10: 9 | G10: 3536.93 | H10: 0.2122 | I10: 4287.47 | J10: 38587.23 | K10: 0.0025946974
A11: 1.1.1.4 | B11: COMP-TEC-020 | C11: PRÓPRIO | D11: TÉCNICO DE MEIO AMBIENTE COM ENCARGOS COMPLEMENTARES E ENCARGOS SOCIAIS E.S 70,04% | E11: MÊS | F11: 4.5 | G11: 6723.27 | H11: 0.2122 | I11: 8149.95 | J11: 36674.77 | K11: 0.0024660991
A12: 1.1.2 | D12: VEICULOS EQUIPE TÉCNICA | J12: 29758.77 | K12: 0.0020010507
A13: 1.1.2.1 | B13: E9093 MÊS | C13: PRÓPRIO | D13: VEICULO LEVE - 53 KW (SEM MOTORISTA) | E13: MÊS | F13: 9 | G13: 2727.71 | H13: 0.2122 | I13: 3306.53 | J13: 29758.77 | K13: 0.0020010507
A14: 1.2 | D14: EQUIPE GERENCIAL ADMINISTRATIVA | J14: 224633.52 | K14: 0.015104894
A15: 1.2.1 | B15: 93566 | C15: SINAPI | D15: AUXILIAR DE ESCRITORIO COM ENCARGOS COMPLEMENTARES | E15: MES | F15: 9 | G15: 5032.17 | H15: 0.2122 | I15: 6100 | J15: 54900 | K15: 0.003691607
A16: 1.2.2 | B16: VIGIA ADM | C16: PRÓPRIO | D16: VIGIA NOTURNO COM ENCARGOS COMPLEMENTARES (MENSALISTA) COM ADICIONAL DE PERICULOSIDADE | E16: MÊS | F16: 18 | G16: 5590.7 | H16: 0.2122 | I16: 6777.05 | J16: 121986.9 | K16: 0.0082026903
A17: 1.2.3 | B17: 101460 | C17: SINAPI | D17: VIGIA DIURNO COM ENCARGOS COMPLEMENTARES | E17: MES | F17: 9 | G17: 4376.49 | H17: 0.2122 | I17: 5305.18 | J17: 47746.62 | K17: 0.0032105967
A18: 1.3 | D18: EQUIPE DE PRODUÇÃO | J18: 274049.01 | K18: 0.018427709
A19: 1.3.1 | B19: 93572 | C19: SINAPI | D19: ENCARREGADO GERAL DE OBRAS COM ENCARGOS COMPLEMENTARES | E19: MES | F19: 18 | G19: 4472.02 | H19: 0.2122 | I19: 5420.98 | J19: 97577.64 | K19: 0.0065613534
A20: 1.3.2 | B20: 93564 | C20: SINAPI | D20: APONTADOR OU APROPRIADOR COM ENCARGOS COMPLEMENTARES | E20: MES | F20: 9 | G20: 6409.08 | H20: 0.2122 | I20: 7769.09 | J20: 69921.81 | K20: 0.0047017094
A21: 1.3.3 | B21: 93563 | C21: SINAPI | D21: ALMOXARIFE COM ENCARGOS COMPLEMENTARES | E21: MES | F21: 9 | G21: 6625.31 | H21: 0.2122 | I21: 8031.2 | J21: 72280.8 | K21: 0.0048603335
A22: 1.3.4 | B22: 100316 | C22: SINAPI | D22: AUXILIAR DE ALMOXARIFE COM ENCARGOS COMPLEMENTARES | E22: MES | F22: 9 | G22: 3141.1 | H22: 0.2122 | I22: 3807.64 | J22: 34268.76 | K22: 0.0023043132
A23: 1.4 | D23: EQUIPE DE TOPOGRAFIA | J23: 196790.58 | K23: 0.013232668
A24: 1.4.1 | D24: MÃO DE OBRA EQUIPE DE TOPOGRAFIA | J24: 70766.01 | K24: 0.0047584754
A25: 1.4.1.1 | B25: 94296 | C25: SINAPI | D25: TOPOGRAFO COM ENCARGOS COMPLEMENTARES | E25: MES | F25: 9 | G25: 4319.69 | H25: 0.2122 | I25: 5236.33 | J25: 47126.97 | K25: 0.0031689299
A26: 1.4.1.2 | B26: 101389 | C26: SINAPI | D26: AUXILIAR DE TOPÓGRAFO COM ENCARGOS COMPLEMENTARES | E26: MES | F26: 9 | G26: 2166.77 | H26: 0.2122 | I26: 2626.56 | J26: 23639.04 | K26: 0.0015895455
A27: 1.4.2 | D27: VEICULOS EQUIPE TOPOGRAFIA | J27: 126024.57 | K27: 0.0084741928
A28: 1.4.2.1 | B28: E9125-MÊS | C28: PRÓPRIO | D28: VAN FURGÃO - 93KW | E28: MÊS | F28: 9 | G28: 11551.5 | H28: 0.2122 | I28: 14002.73 | J28: 126024.57 | K28: 0.0084741928
A29: 1.5 | D29: DETALHAMENTO PROJETO DRENAGEM | J29: 46758.67 | K29: 0.0031441646
A30: 1.5.1 | B30: 93568 | C30: SINAPI | D30: ENGENHEIRO CIVIL DE OBRA SENIOR COM ENCARGOS COMPLEMENTARES | E30: MES | F30: 1 | G30: 34812.77 | H30: 0.2122 | I30: 42200.04 | J30: 42200.04 | K30: 0.0028376314
A31: 1.5.2 | B31: 93559 | C31: SINAPI | D31: DESENHISTA DETALHISTA COM ENCARGOS COMPLEMENTARES | E31: MES | F31: 1 | G31: 3263.02 | H31: 0.2122 | I31: 3955.43 | J31: 3955.43 | K31: 0.00026597255
A32: 1.5.3 | B32: ART-DF | C32: PRÓPRIO | D32: RELATORIO E ART DOS SERVIÇOS | E32: UN | F32: 2 | G32: 271.47 | H32: 0.111 | I32: 301.6 | J32: 603.2 | K32: 4.0560607e-05
A33: 1.6 | D33: CONSUMOS MENSAIS ESTIMADOS | J33: 32910.09 | K33: 0.002212953
A34: 1.6.1 | B34: CPU-01 | C34: PRÓPRIO | D34: CONSUMO MENSAL DE ENERGIA ELÉTRICA- ESTIMADO | E34: MÊS | F34: 7 | G34: 2096.44 | H34: 0.2122 | I34: 2541.3 | J34: 17789.1 | K34: 0.0011961815
A35: 1.6.2 | B35: CPU-02 | C35: PRÓPRIO | D35: CONSUMO MENSAL DE ÁGUA E ESGOTO - ESTIMADO | E35: MÊS | F35: 9 | G35: 1386 | H35: 0.2122 | I35: 1680.11 | J35: 15120.99 | K35: 0.0010167715
A36: 1.7 | D36: DIVERSOS EQUIPAMENTOS | J36: 138226.44 | K36: 0.0092946757
A37: 1.7.1 | B37: 6259 | C37: SINAPI | D37: CAMINHÃO PIPA 6.000 L, PESO BRUTO TOTAL 13.000 KG, DISTÂNCIA ENTRE EIXOS 4,80 M, POTÊNCIA 189 CV INCLUSIVE TANQUE DE AÇO PARA TRANSPORTE DE ÁGUA, CAPACIDADE 6 M3 - CHP DIURNO. AF_06/2014 | E37: CHP | F37: 396 | G37: 241.54 | H37: 0.2122 | I37: 292.79 | J37: 115944.84 | K37: 0.0077964077
A38: 1.7.2 | B38: 73417 | C38: SINAPI | D38: GRUPO GERADOR ESTACIONÁRIO, MOTOR DIESEL POTÊNCIA 170 KVA - CHP DIURNO. AF_02/2016 | E38: CHP | F38: 88 | G38: 174.49 | H38: 0.2122 | I38: 211.52 | J38: 18613.76 | K38: 0.0012516336
A39: 1.7.3 | B39: 93428 | C39: SINAPI | D39: GRUPO GERADOR ESTACIONÁRIO, POTÊNCIA 150 KVA, MOTOR A DIESEL- CHI DIURNO. AF_03/2016 | E39: CHI | F39: 352 | G39: 8.6 | H39: 0.2122 | I39: 10.42 | J39: 3667.84 | K39: 0.00024663431
A40: 1.8 | D40: RECUPERAÇÃO DA ÁREA DE CANTEIRO DE OBRAS - PRINCIPAL | J40: 38465.57 | K40: 0.0025865167
A41: 1.8.1 | B41: 97637 | C41: SINAPI | D41: REMOÇÃO DE TAPUME/ CHAPAS METÁLICAS E DE MADEIRA, DE FORMA MANUAL, SEM REAPROVEITAMENTO. AF_09/2023 | E41: M² | F41: 388 | G41: 3.07 | H41: 0.2122 | I41: 3.72 | J41: 1443.36 | K41: 9.7054971e-05
A42: 1.8.2 | B42: 100983 | C42: SINAPI | D42: CARGA, MANOBRA E DESCARGA DE ENTULHO EM CAMINHÃO BASCULANTE 14 M³ - CARGA COM ESCAVADEIRA HIDRÁULICA (CAÇAMBA DE 0,80 M³ / 111 HP) E DESCARGA LIVRE (UNIDADE: M3). AF_07/2020 | E42: M³ | F42: 25.22 | G42: 8.81 | H42: 0.2122 | I42: 10.68 | J42: 269.34 | K42: 1.8111064e-05
A43: 1.8.3 | B43: 95876 | C43: SINAPI | D43: TRANSPORTE COM CAMINHÃO BASCULANTE DE 14 M³, EM VIA URBANA PAVIMENTADA, DMT ATÉ 30 KM (UNIDADE: M3XKM). AF_07/2020 | E43: M3XKM | F43: 756.6 | G43: 2.1 | H43: 0.2122 | I43: 2.55 | J43: 1929.33 | K43: 0.00012973275
A44: 1.8.4 | B44: 93593 | C44: SINAPI | D44: TRANSPORTE COM CAMINHÃO BASCULANTE DE 14 M³, EM VIA URBANA PAVIMENTADA, ADICIONAL PARA DMT EXCEDENTE A 30 KM (UNIDADE: M3XKM). AF_07/2020 | E44: M3XKM | F44: 1134.9 | G44: 0.85 | H44: 0.2122 | I44: 1.03 | J44: 1168.94 | K44: 7.8602315e-05
A45: 1.8.5 | B45: 4915669 | C45: SICRO3 | D45: REMOÇÃO MECANIZADA DE CAMADA GRANULAR DO PAVIMENTO | E45: M³ | F45: 40 | G45: 7.29 | H45: 0.2122 | I45: 8.84 | J45: 353.6 | K45: 2.3776908e-05
A46: 1.8.6 | B46: 100979 | C46: SINAPI | D46: CARGA, MANOBRA E DESCARGA DE SOLOS E MATERIAIS GRANULARES EM CAMINHÃO BASCULANTE 14 M³ - CARGA COM ESCAVADEIRA HIDRÁULICA (CAÇAMBA DE 1,20 M³ / 155 HP) E DESCARGA LIVRE (UNIDADE: M3). AF_07/2020 | E46: M³ | F46: 60 | G46: 6.53 | H46: 0.2122 | I46: 7.92 | J46: 475.2 | K46: 3.1953582e-05
A47: 1.8.7 | B47: 95876 | C47: SINAPI | D47: TRANSPORTE COM CAMINHÃO BASCULANTE DE 14 M³, EM VIA URBANA PAVIMENTADA, DMT ATÉ 30 KM (UNIDADE: M3XKM). AF_07/2020 | E47: M3XKM | F47: 1800 | G47: 2.1 | H47: 0.2122 | I47: 2.55 | J47: 4590 | K47: 0.00030864255
A48: 1.8.8 | B48: 93593 | C48: SINAPI | D48: TRANSPORTE COM CAMINHÃO BASCULANTE DE 14 M³, EM VIA URBANA PAVIMENTADA, ADICIONAL PARA DMT EXCEDENTE A 30 KM (UNIDADE: M3XKM). AF_07/2020 | E48: M3XKM | F48: 2700 | G48: 0.85 | H48: 0.2122 | I48: 1.03 | J48: 2781 | K48: 0.00018700108
A49: 1.8.9 | B49: 4413942 | C49: SICRO3 | D49: ESPALHAMENTO DE MATERIAL EM BOTA-FORA | E49: M³ | F49: 120 | G49: 1.97 | H49: 0.2122 | I49: 2.39 | J49: 286.8 | K49: 1.9285116e-05
A50: 1.8.10 | B50: 98519 | C50: SINAPI | D50: REVOLVIMENTO E LIMPEZA MANUAL DE SOLO. AF_07/2024 | E50: M² | F50: 800 | G50: 4.04 | H50: 0.2122 | I50: 4.9 | J50: 3920 | K50: 0.00026359015
A51: 1.8.11 | B51: 98520 | C51: SINAPI | D51: APLICAÇÃO DE ADUBO EM SOLO. AF_07/2024 | E51: M² | F51: 800 | G51: 5.38 | H51: 0.2122 | I51: 6.52 | J51: 5216 | K51: 0.00035073629
A52: 1.8.12 | B52: 98521 | C52: SINAPI | D52: APLICAÇÃO DE CALCÁRIO PARA CORREÇÃO DO PH DO SOLO. AF_07/2024 | E52: M² | F52: 800 | G52: 0.4 | H52: 0.2122 | I52: 0.48 | J52: 384 | K52: 2.5821076e-05
A53: 1.8.13 | B53: 98504 | C53: SINAPI | D53: PLANTIO DE GRAMA BATATAIS EM PLACAS. AF_07/2024 | E53: M² | F53: 800 | G53: 16.14 | H53: 0.2122 | I53: 19.56 | J53: 15648 | K53: 0.0010522089
A54: 2 | D54: MOBILIZAÇÃO E DESMOBILIZAÇÃO | J54: 36998.72 | K54: 0.0024878822
A55: 2.1 | B55: E9665 | C55: SICRO3 | D55: CAVALO MECÂNICO COM SEMIRREBOQUE COM CAPACIDADE DE 22 T - 240 KW | E55: UN | F55: 44 | G55: 390.8 | H55: 0.2122 | I55: 473.73 | J55: 20844.12 | K55: 0.0014016084
A56: 2.2 | B56: E9686 | C56: SICRO3 | D56: CAMINHÃO CARROCERIA COM GUINDAUTO COM CAPACIDADE DE 20 T.M - 136 KW | E56: UN | F56: 44 | G56: 302.88 | H56: 0.2122 | I56: 367.15 | J56: 16154.6 | K56: 0.0010862739
A57: 3 | D57: CANTEIRO DE OBRAS | J57: 296160.42 | K57: 0.019914533
A58: 3.1 | D58: INSTALAÇÕES DA OBRA CANTEIRO CENTRAL | J58: 296160.42 | K58: 0.019914533
A59: 3.1.1 | B59: 98525 | C59: SINAPI | D59: LIMPEZA MECANIZADA DE CAMADA VEGETAL, VEGETAÇÃO E PEQUENAS ÁRVORES (DIÂMETRO DE TRONCO MENOR QUE 0,20 M), COM TRATOR DE ESTEIRAS. AF_03/2024 | E59: M² | F59: 800 | G59: 0.65 | H59: 0.2122 | I59: 0.79 | J59: 632 | K59: 4.2497188e-05
A60: 3.1.2 | B60: 100979 | C60: SINAPI | D60: CARGA, MANOBRA E DESCARGA DE SOLOS E MATERIAIS GRANULARES EM CAMINHÃO BASCULANTE 14 M³ - CARGA COM ESCAVADEIRA HIDRÁULICA (CAÇAMBA DE 1,20 M³ / 155 HP) E DESCARGA LIVRE (UNIDADE: M3). AF_07/2020 | E60: M³ | F60: 200 | G60: 6.53 | H60: 0.2122 | I60: 7.92 | J60: 1584 | K60: 0.00010651194
A61: 3.1.3 | B61: 95876 | C61: SINAPI | D61: TRANSPORTE COM CAMINHÃO BASCULANTE DE 14 M³, EM VIA URBANA PAVIMENTADA, DMT ATÉ 30 KM (UNIDADE: M3XKM). AF_07/2020 | E61: M3XKM | F61: 6000 | G61: 2.1 | H61: 0.2122 | I61: 2.55 | J61: 15300 | K61: 0.0010288085
A62: 3.1.4 | B62: 93593 | C62: SINAPI | D62: TRANSPORTE COM CAMINHÃO BASCULANTE DE 14 M³, EM VIA URBANA PAVIMENTADA, ADICIONAL PARA DMT EXCEDENTE A 30 KM (UNIDADE: M3XKM). AF_07/2020 | E62: M3XKM | F62: 9000 | G62: 0.85 | H62: 0.2122 | I62: 1.03 | J62: 9270 | K62: 0.00062333692
A63: 3.1.5 | B63: 74209/1 M | C63: PRÓPRIO | D63: PLACA DE OBRA EM CHAPA DE ACO GALVANIZADO | E63: M² | F63: 22.5 | G63: 521.93 | H63: 0.2122 | I63: 632.68 | J63: 14235.3 | K63: 0.00095721554
A64: 3.1.6 | B64: 98459 | C64: SINAPI | D64: TAPUME COM TELHA METÁLICA. AF_03/2024 | E64: M² | F64: 257.6 | G64: 89.42 | H64: 0.2122 | I64: 108.39 | J64: 27921.26 | K64: 0.0018774922
A65: 3.1.7 | B65: 85188 M | C65: PRÓPRIO | D65: PORTAO EM TUBO DE ACO GALVANIZADO DIN 2440/NBR 5580, PAINEL UNICO, DIMENSOES 1,0X1,6M, INCLUSIVE CADEADO | E65: UN | F65: 1 | G65: 853.51 | H65: 0.2122 | I65: 1034.62 | J65: 1034.62 | K65: 6.9570318e-05
A66: 3.1.8 | B66: 85189 M | C66: PRÓPRIO | D66: PORTAO EM TUBO DE ACO GALVANIZADO DIN 2440/NBR 5580, PAINEL UNICO, DIMENSOES 4,0X1,2M, INCLUSIVE CADEADO | E66: UN | F66: 1 | G66: 1927.88 | H66: 0.2122 | I66: 2336.98 | J66: 2336.98 | K66: 0.00015714411
A67: 3.1.9 | B67: 93585 | C67: SINAPI | D67: EXECUÇÃO DE GUARITA EM CANTEIRO DE OBRA EM CHAPA DE MADEIRA COMPENSADA, NÃO INCLUSO MOBILIÁRIO. AF_04/2016 | E67: M² | F67: 4 | G67: 956.67 | H67: 0.2122 | I67: 1159.68 | J67: 4638.72 | K67: 0.0003119186
A68: 3.1.10 | B68: 00010775 | C68: SINAPI | D68: LOCACAO DE CONTAINER 2,30 X 6,00 M, ALT. 2,50 M, COM 1 SANITARIO, PARA ESCRITORIO, COMPLETO, SEM DIVISORIAS INTERNAS (NAO INCLUI MOBILIZACAO/DESMOBILIZACAO) | E68: MES | F68: 18 | G68: 1500 | H68: 0.111 | I68: 1666.5 | J68: 29997 | K68: 0.0020170699
A69: 3.1.11 | B69: 00010778 | C69: SINAPI | D69: LOCACAO DE CONTAINER 2,30 X 6,00 M, ALT. 2,50 M, PARA SANITARIO, COM 4 BACIAS, 8 CHUVEIROS,1 LAVATORIO E 1 MICTORIO (NAO INCLUI MOBILIZACAO/DESMOBILIZACAO) | E69: MES | F69: 18 | G69: 1875 | H69: 0.111 | I69: 2083.13 | J69: 37496.34 | K69: 0.0025213434
A70: 3.1.12 | B70: 00010776 | C70: SINAPI | D70: LOCACAO DE CONTAINER 2,30 X 6,00 M, ALT. 2,50 M, PARA ESCRITORIO, SEM DIVISORIAS INTERNAS E SEM SANITARIO (NAO INCLUI MOBILIZACAO/DESMOBILIZACAO) | E70: MES | F70: 6 | G70: 1171.87 | H70: 0.111 | I70: 1301.95 | J70: 7811.7 | K70: 0.00052527735
... A85: 3.1.27 | B85: 103670 | C85: SINAPI | D85: LANÇAMENTO COM USO DE BALDES, ADENSAMENTO E ACABAMENTO DE CONCRETO EM ESTRUTURAS. AF_02/2022 | E85: M³ | F85: 20.79 | G85: 326.63 | H85: 0.2122 | I85: 395.94 | J85: 8231.59 | K85: 0.00055351175
A86: 4 | D86: REDE DE DRENAGEM ÁREA 5 - 0,75 KM | J86: 2824568.5 | K86: 0.18993072
A87: 4.1 | D87: OBRAS DE DRENAGEM DE ÁGUAS PLUVIAIS | J87: 2756466.1 | K87: 0.18535136
A88: 4.1.1 | D88: SERVIÇOS PRELIMINARES | J88: 305164.32 | K88: 0.020519977
A89: 4.1.1.1 | D89: LOCAÇÃO DE REDES | J89: 29161.9 | K89: 0.0019609157
A90: 4.1.1.1.1 | B90: 74209/1 M | C90: PRÓPRIO | D90: PLACA DE OBRA EM CHAPA DE ACO GALVANIZADO | E90: M² | F90: 12 | G90: 521.93 | H90: 0.2122 | I90: 632.68 | J90: 7592.16 | K90: 0.00051051496
A91: 4.1.1.1.2 | B91: 99063 | C91: SINAPI | D91: LOCAÇÃO DE REDE DE DRENAGEM | E91: M | F91: 752.16356 | G91: 9.66 | H91: 0.2122 | I91: 11.71 | J91: 8807.83 | K91: 0.00059225951
A92: 4.1.1.1.3 | B92: 01.04.01U | C92: COMPESA | D92: PASSARELA, EM MADEIRA, PARA COBERTA DE VALAS PARA PASSAGEM DE VEÍCULOS. | E92: M² | F92: 8 | G92: 17.21 | H92: 0.2122 | I92: 20.86 | J92: 166.88 | K92: 1.1221409e-05
A93: 4.1.1.1.4 | B93: 01.04.02U | C93: COMPESA | D93: PASSARELA, EM MADEIRA, PARA COBERTA DE VALAS PARA PASSAGEM DE PEDESTRES. | E93: M² | F93: 8 | G93: 11.96 | H93: 0.2122 | I93: 14.5 | J93: 116 | K93: 7.8001168e-06
A94: 4.1.1.1.5 | B94: 01.03.12U | C94: COMPESA | D94: TELA TAPUME, COR LARANJA, COM SUPORTE A CADA 2M (FORNECIMENTO E INSTALAÇÃO) | E94: M | F94: 1504.3271 | G94: 3.25 | H94: 0.2122 | I94: 3.94 | J94: 5927.04 | K94: 0.00039854831
A95: 4.1.1.1.6 | B95: 01.03.16U | C95: COMPESA | D95: SINALIZADOR ELETRÔNICO | E95: UN | F95: 16 | G95: 2.76 | H95: 0.2122 | I95: 3.35 | J95: 53.6 | K95: 3.6041919e-06
A96: 4.1.1.1.7 | B96: 5212556 | C96: SICRO3 | D96: PLACA PARA SINALIZAÇÃO DE OBRAS MONTADA EM CAVALETE METÁLICO - 1,00 X 1,00 M - UTILIZAÇÃO DE 600 CICLOS - FORNECIMENTO, 01IMPLANTAÇÃO E 01 RETIRADA DIÁRIA | E96: UN.DIA | F96: 502 | G96: 1.96 | H96: 0.2122 | I96: 2.38 | J96: 1194.76 | K96: 8.0338513e-05
A97: 4.1.1.1.8 | B97: 5212560 | C97: SICRO3 | D97: PLACA DE ADVERTÊNCIA PARA SINALIZAÇÃO DE OBRAS MONTADA EM SUPORTE METÁLICO MÓVEL, LADO 1,00 M - UTILIZAÇÃO DE 600 CICLOS - FORNECIMENTO, 01 IMPLANTAÇÃO E 01 RETIRADA DIÁRIA | E97: UN.DIA | F97: 335 | G97: 3.95 | H97: 0.2122 | I97: 4.79 | J97: 1604.65 | K97: 0.0001079005
A98: 4.1.1.1.9 | B98: 5213346 | C98: SICRO3 | D98: BARREIRA DE SINALIZAÇÃO TIPO III DE DIRECIONAMENTO OU BLOQUEIO - UTILIZAÇÃO DE 150 CICLOS - FORNECIMENTO, 01 IMPLANTAÇÃO E 01 RETIRADA DIÁRIA | E98: UN.DIA | F98: 167 | G98: 8.06 | H98: 0.2122 | I98: 9.77 | J98: 1631.59 | K98: 0.00010971201
A99: 4.1.1.1.10 | B99: 5213835 | C99: SICRO3 | D99: CONE PLÁSTICO PARA CANALIZAÇÃO DE TRÂNSITO - UTILIZAÇÃO DE 150 CICLOS - FORNECIMENTO, 01 IMPLANTAÇÃO E 01 RETIRADA DIÁRIA | E99: UN.DIA | F99: 837 | G99: 0.78 | H99: 0.2122 | I99: 0.95 | J99: 795.15 | K99: 5.3467783e-05
A100: 4.1.1.1.11 | B100: 5213836 | C100: SICRO3 | D100: BALIZADOR CÔNICO REFLETIVO EM POLIETILENO SEMIFLEXÍVEL DE 114 X 11 X 40 CM - UTILIZAÇÃO DE 150 CICLOS - FORNECIMENTO, 01 IMPLANTAÇÃO E 01 RETIRADA DIÁRIA | E100: UN.DIA | F100: 837 | G100: 1.25 | H100: 0.2122 | I100: 1.52 | J100: 1272.24 | K100: 8.5548454e-05
A101: 4.1.1.2 | D101: DEMOLIÇÕES E RETIRADAS DE PAVIMENTAÇÃO ASFÁLTICA | J101: 65851.38 | K101: 0.0044280039
A102: 4.1.1.2.1 | B102: 97636 | C102: SINAPI | D102: DEMOLIÇÃO PARCIAL DE PAVIMENTO ASFÁLTICO, DE FORMA MECANIZADA, SEM REAPROVEITAMENTO. AF_09/2023 | E102: M² | F102: 2087.2263 | G102: 22.73 | H102: 0.2122 | I102: 27.55 | J102: 57503.08 | K102: 0.0038666443
A103: 4.1.1.2.2 | B103: 100983 | C103: SINAPI | D103: CARGA, MANOBRA E DESCARGA DE ENTULHO EM CAMINHÃO BASCULANTE 14 M³ - CARGA COM ESCAVADEIRA HIDRÁULICA (CAÇAMBA DE 0,80 M³ / 111 HP) E DESCARGA LIVRE (UNIDADE: M3). AF_07/2020 | E103: M³ | F103: 62.616788 | G103: 8.81 | H103: 0.2122 | I103: 10.68 | J103: 668.74 | K103: 4.4967673e-05
A104: 4.1.1.2.3 | B104: 95876 | C104: SINAPI | D104: TRANSPORTE COM CAMINHÃO BASCULANTE DE 14 M³, EM VIA URBANA PAVIMENTADA, DMT ATÉ 30 KM (UNIDADE: M3XKM). AF_07/2020 | E104: M3XKM | F104: 1878.5036 | G104: 2.1 | H104: 0.2122 | I104: 2.55 | J104: 4790.18 | K104: 0.00032210313
A105: 4.1.1.2.4 | B105: 93593 | C105: SINAPI | D105: TRANSPORTE COM CAMINHÃO BASCULANTE DE 14 M³, EM VIA URBANA PAVIMENTADA, ADICIONAL PARA DMT EXCEDENTE A 30 KM (UNIDADE: M3XKM). AF_07/2020 | E105: M3XKM | F105: 2805.2321 | G105: 0.85 | H105: 0.2122 | I105: 1.03 | J105: 2889.38 | K105: 0.00019428881
A106: 4.1.1.3 | D106: DEMOLIÇÃO DE DISPOSITIVOS DE CONCRETO | J106: 28021.16 | K106: 0.0018842097
A107: 4.1.1.3.1 | B107: 1600438 | C107: SICRO3 | D107: DEMOLIÇÃO MANUAL DE CONCRETO ARMADO | E107: M³ | F107: 31.395092 | G107: 626.31 | H107: 0.2122 | I107: 759.21 | J107: 23835.46 | K107: 0.0016027532
A108: 4.1.1.3.2 | B108: 100983 | C108: SINAPI | D108: CARGA, MANOBRA E DESCARGA DE ENTULHO EM CAMINHÃO BASCULANTE 14 M³ - CARGA COM ESCAVADEIRA HIDRÁULICA (CAÇAMBA DE 0,80 M³ / 111 HP) E DESCARGA LIVRE (UNIDADE: M3). AF_07/2020 | E108: M³ | F108: 31.395092 | G108: 8.81 | H108: 0.2122 | I108: 10.68 | J108: 335.29 | K108: 2.25457e-05
A109: 4.1.1.3.3 | B109: 95876 | C109: SINAPI | D109: TRANSPORTE COM CAMINHÃO BASCULANTE DE 14 M³, EM VIA URBANA PAVIMENTADA, DMT ATÉ 30 KM (UNIDADE: M3XKM). AF_07/2020 | E109: M3XKM | F109: 941.85276 | G109: 2.1 | H109: 0.2122 | I109: 2.55 | J109: 2401.72 | K109: 0.00016149738
A110: 4.1.1.3.4 | B110: 93593 | C110: SINAPI | D110: TRANSPORTE COM CAMINHÃO BASCULANTE DE 14 M³, EM VIA URBANA PAVIMENTADA, ADICIONAL PARA DMT EXCEDENTE A 30 KM (UNIDADE: M3XKM). AF_07/2020 | E110: M3XKM | F110: 1406.5001 | G110: 0.85 | H110: 0.2122 | I110: 1.03 | J110: 1448.69 | K110: 9.7413373e-05
A111: 4.1.1.4 | D111: DEMOLIÇÃO DE TUBOS DE CONCRETO | J111: 118381.21 | K111: 0.0079602351
A112: 4.1.1.4.1 | B112: 02.01.67 | C112: EMBASA | D112: DEMOLICAO MECANICA DE CONCRETO SIMPLES C/ COMPRESSOR E MARTELETE PNEUMATICO INCL. REMOCAO ECARREG. MANUAL DO EXPURGO | E112: M³ | F112: 232.35515 | G112: 310.31 | H112: 0.2122 | I112: 376.16 | J112: 87402.71 | K112: 0.0058771668
A113: 4.1.1.4.2 | B113: 100983 | C113: SINAPI | D113: CARGA, MANOBRA E DESCARGA DE ENTULHO EM CAMINHÃO BASCULANTE 14 M³ - CARGA COM ESCAVADEIRA HIDRÁULICA (CAÇAMBA DE 0,80 M³ / 111 HP) E DESCARGA LIVRE (UNIDADE: M3). AF_07/2020 | E113: M³ | F113: 232.35515 | G113: 8.81 | H113: 0.2122 | I113: 10.68 | J113: 2481.55 | K113: 0.00016686534
A114: 4.1.1.4.3 | B114: 95876 | C114: SINAPI | D114: TRANSPORTE COM CAMINHÃO BASCULANTE DE 14 M³, EM VIA URBANA PAVIMENTADA, DMT ATÉ 30 KM (UNIDADE: M3XKM). AF_07/2020 | E114: M3XKM | F114: 6970.6546 | G114: 2.1 | H114: 0.2122 | I114: 2.55 | J114: 17775.16 | K114: 0.0011952442
A115: 4.1.1.4.4 | B115: 93593 | C115: SINAPI | D115: TRANSPORTE COM CAMINHÃO BASCULANTE DE 14 M³, EM VIA URBANA PAVIMENTADA, ADICIONAL PARA DMT EXCEDENTE A 30 KM (UNIDADE: M3XKM). AF_07/2020 | E115: M3XKM | F115: 10409.511 | G115: 0.85 | H115: 0.2122 | I115: 1.03 | J115: 10721.79 | K115: 0.00072095874
...

Sheet CLASSIFICAÇÃO ABC
E1: Obra | F1: Bancos | I1: B.D.I. | J1: Encargos Sociais | L1: CLASSIFICAÇÃO DA CURVA ABC
E2: REVISÃO E READEQUAÇÃO DOS PROJETOS EXECUTIVOS DE DRENAGEM NO SETOR HABITACIONAL MESTRE D'ARMAS, REGIÃO ADMINISTRATIVA DE PLANATINA - RA-PLAN, PELA SODF, NO DISTRITO FEDERAL - BLOCO 1 - LOTE 2 (ÁREA 5 E 6) CONTRATO: 21/2021- SODF - SEM DESONERAÇÃO | F2: SINAPI - 12/2024 - Distrito Federal SBC - 01/2025 - Distrito Federal SICRO3 - 10/2024 - Distrito Federal ORSE - 11/2024 - Sergipe SEINFRA - 028 - Ceará SIURB INFRA - 07/2024 - São Paulo AGESUL - 06/2024 - Mato Grosso do Sul EMBASA - 05/2024 - Bahia COMPESA - 07/2024 - Pernambuco EMOP - 12/2024 - Rio de Janeiro | I2: Padrão - 21,22% Material - 11,10% | J2: Sem Desoneração: Horista: 110,14% Mensalista: 70,04% | L2: A | M2: 0.49740719 | N2: 6507949.5
L3: B | M3: 0.2956484 | N3: 3868188.6
L4: C | M4: 0.20694441 | N4: 2707608.1
L5: TOTAL | M5: 1 | N5: 13083746
A6: ITEM | B6: CÓD. ABC | C6: Código | D6: Banco | E6: DESCRIÇÃO | F6: UNID. | G6: QUANT. | H6: UNIT. S/ BDI (R$) | I6: UNIT. C/ BDI (R$) | J6: BDI | K6: TOTAL C/ BDI (R$) | L6: % PARCIAL | M6: % ACUM. | N6: CLASSIF.
A7: 1 | B7: 112 | C7: 95876 | D7: SINAPI | E7: TRANSPORTE COM CAMINHÃO BASCULANTE DE 14 M³, EM VIA URBANA PAVIMENTADA, DMT ATÉ 30 KM (UNIDADE: M3XKM). AF_07/2020 | F7: M3XKM | G7: 512343.39 | H7: 2.1 | I7: 2.55 | J7: 0.2122 | K7: 1306475.5 | L7: 0.09985485 | M7: 0.09985485 | N7: A
A8: 2 | B8: 120 | C8: 00007767 | D8: SINAPI | E8: TUBO DE CONCRETO ARMADO PARA AGUAS PLUVIAIS, CLASSE PA-2, COM ENCAIXE PONTA E BOLSA, DIAMETRO NOMINAL DE 1500 MM | F8: M | G8: 467.4 | H8: 1089.02 | I8: 1209.9 | J8: 0.111 | K8: 565507.25 | L8: 0.04322212 | M8: 0.14307697 | N8: A
A9: 3 | B9: 12 | C9: 4011276 | D9: SICRO3 | E9: BASE OU SUB-BASE DE BRITA GRADUADA COM BRITA COMERCIAL | F9: M³ | G9: 2223.3887 | H9: 208.42 | I9: 252.65 | J9: 0.2122 | K9: 561739.12 | L9: 0.042934119 | M9: 0.18601109 | N9: A
A10: 4 | B10: 25 | C10: ANP-CAP 50/70 | D10: PRÓPRIO | E10: CIMENTO ASFÁLTICO DE PETRÓLEO - CAP 50/70 FORNECIMENTO E TRANSPORTE | F10: T | G10: 74.537258 | H10: 5274.22 | I10: 5859.66 | J10: 0.111 | K10: 436762.97 | L10: 0.033382103 | M10: 0.21939319 | N10: A
A11: 5 | B11: 2 | C11: 0407819 | D11: SICRO3 | E11: ARMAÇÃO EM AÇO CA-50 - FORNECIMENTO, PREPARO E COLOCAÇÃO | F11: KG | G11: 28712.23 | H11: 12.15 | I11: 14.73 | J11: 0.2122 | K11: 422931.13 | L11: 0.032324926 | M11: 0.25171812 | N11: A
A12: 6 | B12: 80 | C12: 3108000 | D12: SICRO3 | E12: FÔRMAS DE COMPENSADO RESINADO 12 MM - USO GERAL - UTILIZAÇÃO DE 2 VEZES - CONFECÇÃO, INSTALAÇÃO E RETIRADA | F12: M² | G12: 3492.05 | H12: 93.65 | I12: 113.52 | J12: 0.2122 | K12: 396417.51 | L12: 0.030298471 | M12: 0.28201659 | N12: A
A13: 7 | B13: 111 | C13: 93593 | D13: SINAPI | E13: TRANSPORTE COM CAMINHÃO BASCULANTE DE 14 M³, EM VIA URBANA PAVIMENTADA, ADICIONAL PARA DMT EXCEDENTE A 30 KM (UNIDADE: M3XKM). AF_07/2020 | F13: M3XKM | G13: 375753.58 | H13: 0.85 | I13: 1.03 | J13: 0.2122 | K13: 387026.07 | L13: 0.029580677 | M13: 0.31159727 | N13: A
A14: 8 | B14: 119 | C14: 00007766 | D14: SINAPI | E14: TUBO DE CONCRETO ARMADO PARA AGUAS PLUVIAIS, CLASSE PA-2, COM ENCAIXE PONTA E BOLSA, DIAMETRO NOMINAL DE 1200 MM | F14: M | G14: 457.39 | H14: 758.46 | I14: 842.65 | J14: 0.111 | K14: 385419.67 | L14: 0.029457898 | M14: 0.34105516 | N14: A
A15: 9 | B15: 28 | C15: 94971 | D15: SINAPI | E15: CONCRETO FCK = 25MPA, TRAÇO 1:2,3:2,7 (EM MASSA SECA DE CIMENTO/ AREIA MÉDIA/ BRITA 1) - PREPARO MECÂNICO COM BETONEIRA 600 L. AF_05/2021 | F15: M³ | G15: 667.01 | H15: 470.06 | I15: 569.81 | J15: 0.2122 | K15: 380068.93 | L15: 0.029048938 | M15: 0.3701041 | N15: A
A16: 10 | B16: 103 | C16: 0401001113 | D16: AGESUL | E16: REATERRO MANUAL APILOADO COM SOQUETE | F16: M³ | G16: 5356.7615 | H16: 56.12 | I16: 68.03 | J16: 0.2122 | K16: 364420.46 | L16: 0.027852914 | M16: 0.39795702 | N16: A
A17: 11 | B17: 113 | C17: 100952 | D17: SINAPI | E17: TRANSPORTE COM CAMINHÃO CARROCERIA COM GUINDAUTO (MUNCK), MOMENTO MÁXIMO DE CARGA 11,7 TM, EM VIA URBANA PAVIMENTADA, DMT ATÉ 30KM (UNIDADE: TXKM). AF_07/2020 | F17: TXKM | G17: 107011.21 | H17: 2.71 | I17: 3.29 | J17: 0.2122 | K17: 352066.86 | L17: 0.02690872 | M17: 0.42486574 | N17: A
A18: 12 | B18: 1 | C18: 103320 | D18: SINAPI | E18: ALVENARIA DE VEDAÇÃO DE BLOCOS VAZADOS DE CONCRETO DE 19X19X39 CM (ESPESSURA 19 CM) E ARGAMASSA DE ASSENTAMENTO COM PREPARO EM BETONEIRA. AF_12/2021 | F18: M² | G18: 2038.39 | H18: 133.38 | I18: 161.68 | J18: 0.2122 | K18: 329566.88 | L18: 0.02518903 | M18: 0.45005477 | N18: A
... A131: 125 | B131: 33 | C131: 97622 | D131: SINAPI | E131: DEMOLIÇÃO DE ALVENARIA DE BLOCO FURADO, DE FORMA MANUAL, SEM REAPROVEITAMENTO. AF_09/2023 | F131: M³ | G131: 2.6965232 | H131: 62.38 | I131: 75.62 | J131: 0.2122 | K131: 203.9 | L131: 1.5584221e-05 | M131: 1 | N131: C
A132: TOTAL | K132: 13083746

Sheet CPUs
C1: Composições Analíticas com Preço Unitário | E1: Bancos | G1: B.D.I. | I1: Encargos Sociais
C2: REVISÃO E READEQUAÇÃO DOS PROJETOS EXECUTIVOS DE DRENAGEM NO SETOR HABITACIONAL MESTRE D'ARMAS, REGIÃO ADMINISTRATIVA DE PLANATINA - RA-PLAN, PELA SODF, NO DISTRITO FEDERAL - BLOCO 1 - LOTE 2 (ÁREA 5 E 6) CONTRATO: 21/2021- SODF - SEM DESONERAÇÃO | E2: SINAPI - 12/2024 - Distrito Federal SBC - 01/2025 - Distrito Federal SICRO3 - 10/2024 - Distrito Federal ORSE - 11/2024 - Sergipe SEINFRA - 028 - Ceará SIURB INFRA - 07/2024 - São Paulo AGESUL - 06/2024 - Mato Grosso do Sul EMBASA - 05/2024 - Bahia COMPESA - 07/2024 - Pernambuco EMOP - 12/2024 - Rio de Janeiro | G2: Padrão - 21,22% Material - 11,10% | I2: Sem Desoneração: Horista: 110,14% Mensalista: 70,04%
A4: Composições Principais
B5: Código | C5: Banco | D5: Descrição | E5: Tipo | G5: Und | H5: Quant. | I5: Valor Unit | J5: Total
A6: Composição | B6: 93568 | C6: SINAPI | D6: ENGENHEIRO CIVIL DE OBRA SENIOR COM ENCARGOS COMPLEMENTARES | E6: SEDI - SERVIÇOS DIVERSOS | G6: MES | H6: 1 | I6: 34812.77 | J6: 34812.77
A7: Composição Auxiliar | B7: 95418 | C7: SINAPI | D7: CURSO DE CAPACITAÇÃO PARA ENGENHEIRO CIVIL DE OBRA SÊNIOR (ENCARGOS COMPLEMENTARES) - MENSALISTA | E7: SEDI - SERVIÇOS DIVERSOS | G7: MES | H7: 1 | I7: 431.87 | J7: 431.87
A8: Insumo | B8: 00040814 | C8: SINAPI | D8: ENGENHEIRO CIVIL DE OBRA SENIOR (MENSALISTA) | E8: Mão de Obra | G8: MES | H8: 1 | I8: 33978.99 | J8: 33978.99
A9: Insumo | B9: 00040863 | C9: SINAPI | D9: EXAMES - MENSALISTA (COLETADO CAIXA - ENCARGOS COMPLEMENTARES) | E9: Material | G9: MES | H9: 1 | I9: 252.08 | J9: 252.08
A10: Insumo | B10: 00040864 | C10: SINAPI | D10: SEGURO - MENSALISTA (COLETADO CAIXA - ENCARGOS COMPLEMENTARES) | E10: Material | G10: MES | H10: 1 | I10: 7.31 | J10: 7.31
A11: Insumo | B11: 00043474 | C11: SINAPI | D11: FERRAMENTAS - FAMILIA ENGENHEIRO CIVIL - MENSALISTA (ENCARGOS COMPLEMENTARES - COLETADO CAIXA) | E11: Equipamento | G11: MES | H11: 1 | I11: 2.29 | J11: 2.29
A12: Insumo | B12: 00043498 | C12: SINAPI | D12: EPI - FAMILIA ENGENHEIRO CIVIL - MENSALISTA (ENCARGOS COMPLEMENTARES - COLETADO CAIXA) | E12: Equipamento | G12: MES | H12: 1 | I12: 140.23 | J12: 140.23
B14: Código | C14: Banco | D14: Descrição | E14: Tipo | G14: Und | H14: Quant. | I14: Valor Unit | J14: Total
A15: Composição | B15: 93567 | C15: SINAPI | D15: ENGENHEIRO CIVIL DE OBRA PLENO COM ENCARGOS COMPLEMENTARES | E15: SEDI - SERVIÇOS DIVERSOS | G15: MES | H15: 1 | I15: 24859.48 | J15: 24859.48
A16: Composição Auxiliar | B16: 95417 | C16: SINAPI | D16: CURSO DE CAPACITAÇÃO PARA ENGENHEIRO CIVIL DE OBRA PLENO (ENCARGOS COMPLEMENTARES) - MENSALISTA | E16: SEDI - SERVIÇOS DIVERSOS | G16: MES | H16: 1 | I16: 306.95 | J16: 306.95
A17: Insumo | B17: 00040813 | C17: SINAPI | D17: ENGENHEIRO CIVIL DE OBRA PLENO (MENSALISTA) | E17: Mão de Obra | G17: MES | H17: 1 | I17: 24150.62 | J17: 24150.62
A18: Insumo | B18: 00040863 | C18: SINAPI | D18: EXAMES - MENSALISTA (COLETADO CAIXA - ENCARGOS COMPLEMENTARES) | E18: Material | G18: MES | H18: 1 | I18: 252.08 | J18: 252.08
A19: Insumo | B19: 00040864 | C19: SINAPI | D19: SEGURO - MENSALISTA (COLETADO CAIXA - ENCARGOS COMPLEMENTARES) | E19: Material | G19: MES | H19: 1 | I19: 7.31 | J19: 7.31
A20: Insumo | B20: 00043474 | C20: SINAPI | D20: FERRAMENTAS - FAMILIA ENGENHEIRO CIVIL - MENSALISTA (ENCARGOS COMPLEMENTARES - COLETADO CAIXA) | E20: Equipamento | G20: MES | H20: 1 | I20: 2.29 | J20: 2.29
A21: Insumo | B21: 00043498 | C21: SINAPI | D21: EPI - FAMILIA ENGENHEIRO CIVIL - MENSALISTA (ENCARGOS COMPLEMENTARES - COLETADO CAIXA) | E21: Equipamento | G21: MES | H21: 1 | I21: 140.23 | J21: 140.23
B23: Código | C23: Banco | D23: Descrição | E23: Tipo | G23: Und | H23: Quant. | I23: Valor Unit | J23: Total
A24: Composição | B24: 100534 | C24: SINAPI | D24: TECNICO DE EDIFICACOES COM ENCARGOS COMPLEMENTARES | E24: SEDI - SERVIÇOS DIVERSOS | G24: MES | H24: 1 | I24: 3536.93 | J24: 3536.93
A25: Composição Auxiliar | B25: 100536 | C25: SINAPI | D25: CURSO DE CAPACITAÇÃO PARA TECNICO DE EDIFICACOES (ENCARGOS COMPLEMENTARES) - MENSALISTA | E25: SEDI - SERVIÇOS DIVERSOS | G25: MES | H25: 1 | I25: 47.57 | J25: 47.57
A26: Insumo | B26: 00040863 | C26: SINAPI | D26: EXAMES - MENSALISTA (COLETADO CAIXA - ENCARGOS COMPLEMENTARES) | E26: Material | G26: MES | H26: 1 | I26: 252.08 | J26: 252.08
A27: Insumo | B27: 00040864 | C27: SINAPI | D27: SEGURO - MENSALISTA (COLETADO CAIXA - ENCARGOS COMPLEMENTARES) | E27: Material | G27: MES | H27: 1 | I27: 7.31 | J27: 7.31
A28: Insumo | B28: 00040946 | C28: SINAPI | D28: TECNICO DE EDIFICACOES (MENSALISTA) | E28: Mão de Obra | G28: MES | H28: 1 | I28: 3071.04 | J28: 3071.04
A29: Insumo | B29: 00043470 | C29: SINAPI | D29: FERRAMENTAS - FAMILIA ALMOXARIFE - MENSALISTA (ENCARGOS COMPLEMENTARES - COLETADO CAIXA) | E29: Equipamento | G29: MES | H29: 1 | I29: 10.89 | J29: 10.89
A30: Insumo | B30: 00043494 | C30: SINAPI | D30: EPI - FAMILIA ALMOXARIFE - MENSALISTA (ENCARGOS COMPLEMENTARES - COLETADO CAIXA) | E30: Equipamento | G30: MES | H30: 1 | I30: 148.04 | J30: 148.04
B32: Código | C32: Banco | D32: Descrição | E32: Tipo | G32: Und | H32: Quant. | I32: Valor Unit | J32: Total
A33: Composição | B33: COMP-TEC-020 | C33: Próprio | D33: TÉCNICO DE MEIO AMBIENTE COM ENCARGOS COMPLEMENTARES E ENCARGOS SOCIAIS E.S 70,04% | E33: SEDI - SERVIÇOS DIVERSOS | G33: MÊS | H33: 1 | I33: 6723.27 | J33: 6723.27
A34: Insumo | B34: 00043481 | C34: SINAPI | D34: FERRAMENTAS - FAMILIA TOPOGRAFO - MENSALISTA (ENCARGOS COMPLEMENTARES - COLETADO CAIXA) | E34: Equipamento | G34: MES | H34: 1 | I34: 12.77 | J34: 12.77
A35: Insumo | B35: 00043505 | C35: SINAPI | D35: EPI - FAMILIA TOPOGRAFO - MENSALISTA (ENCARGOS COMPLEMENTARES - COLETADO CAIXA) | E35: Equipamento | G35: MES | H35: 1 | I35: 132.94 | J35: 132.94
A36: Insumo | B36: 00040863 | C36: SINAPI | D36: EXAMES - MENSALISTA (COLETADO CAIXA - ENCARGOS COMPLEMENTARES) | E36: Material | G36: MES | H36: 1 | I36: 252.08 | J36: 252.08
A37: Insumo | B37: 00040864 | C37: SINAPI | D37: SEGURO - MENSALISTA (COLETADO CAIXA - ENCARGOS COMPLEMENTARES) | E37: Material | G37: MES | H37: 1 | I37: 7.31 | J37: 7.31
A38: Insumo | B38: P9897 OUT/24 | C38: Próprio | D38: TÉCNICO DE MEIO AMBIENTE SEM ENCARGOS | E38: Mão de Obra | G38: MÊS | H38: 1 | I38: 3682.16 | J38: 3682.16
A39: Insumo | B39: P9897 OUT/24 | C39: Próprio | D39: TÉCNICO DE MEIO AMBIENTE SEM ENCARGOS | E39: Mão de Obra | G39: MÊS | H39: 0.01549 | I39: 3682.16 | J39: 57.03
A40: Insumo | B40: P9897 OUT/24 | C40: Próprio | D40: TÉCNICO DE MEIO AMBIENTE SEM ENCARGOS | E40: Mão de Obra | G40: MÊS | H40: 0.7004 | I40: 3682.16 | J40: 2578.98
B42: Código | C42: Banco | D42: Descrição | E42: Tipo | G42: Und | H42: Quant. | I42: Valor Unit | J42: Total
A43: Composição | B43: E9093 MÊS | C43: Próprio | D43: VEICULO LEVE - 53 KW (SEM MOTORISTA) | E43: CHOR - CUSTOS HORÁRIOS DE MÁQUINAS E EQUIPAMENTOS | G43: MÊS | H43: 1 | I43: 2727.71 | J43: 2727.71
A44: A | B44: Código | C44: Banco | D44: Equipamentos | E44: Quantidade | F44: Utilização | H44: Custo Operacional | J44: Custo Horário
F45: Operativa | G45: Improdutiva | H45: Operativa | I45: Improdutiva
A46: Insumo | B46: E9093 | C46: SICRO3 | D46: Veículo leve - 53 kW (sem motorista) | E46: 1 | F46: 44 | G46: 176 | H46: 36.5379 | I46: 6.3639 | J46: 2727.714
F47: Custo Horário de Equipamentos => | J47: 2727.714
F48: Custo Horário de Execução => | J48: 2727.714
F49: Fator de Influencia da Chuva - FIC => | J49: 0
F50: Custo do FIC => | J50: 0
F51: Produção de Equipe => | J51: 1
F52: Custo Unitário de Execução => | J52: 2727.714
A53: Observação
A54: 44 CHP 176 CHI
B56: Código | C56: Banco | D56: Descrição | E56: Tipo | G56: Und | H56: Quant. | I56: Valor Unit | J56: Total
A57: Composição | B57: 93566 | C57: SINAPI | D57: AUXILIAR DE ESCRITORIO COM ENCARGOS COMPLEMENTARES | E57: SEDI - SERVIÇOS DIVERSOS | G57: MES | H57: 1 | I57: 5032.17 | J57: 5032.17
A58: Composição Auxiliar | B58: 95416 | C58: SINAPI | D58: CURSO DE CAPACITAÇÃO PARA AUXILIAR DE ESCRITÓRIO (ENCARGOS COMPLEMENTARES) - MENSALISTA | E58: SEDI - SERVIÇOS DIVERSOS | G58: MES | H58: 1 | I58: 20.12 | J58: 20.12
A59: Insumo | B59: 00040812 | C59: SINAPI | D59: AUXILIAR DE ESCRITORIO (MENSALISTA) | E59: Mão de Obra | G59: MES | H59: 1 | I59: 4593.73 | J59: 4593.73
A60: Insumo | B60: 00040863 | C60: SINAPI | D60: EXAMES - MENSALISTA (COLETADO CAIXA - ENCARGOS COMPLEMENTARES) | E60: Material | G60: MES | H60: 1 | I60: 252.08 | J60: 252.08
A61: Insumo | B61: 00040864 | C61: SINAPI | D61: SEGURO - MENSALISTA (COLETADO CAIXA - ENCARGOS COMPLEMENTARES) | E61: Material | G61: MES | H61: 1 | I61: 7.31 | J61: 7.31
A62: Insumo | B62: 00043470 | C62: SINAPI | D62: FERRAMENTAS - FAMILIA ALMOXARIFE - MENSALISTA (ENCARGOS COMPLEMENTARES - COLETADO CAIXA) | E62: Equipamento | G62: MES | H62: 1 | I62: 10.89 | J62: 10.89
A63: Insumo | B63: 00043494 | C63: SINAPI | D63: EPI - FAMILIA ALMOXARIFE - MENSALISTA (ENCARGOS COMPLEMENTARES - COLETADO CAIXA) | E63: Equipamento | G63: MES | H63: 1 | I63: 148.04 | J63: 148.04
B65: Código | C65: Banco | D65: Descrição | E65: Tipo | G65: Und | H65: Quant. | I65: Valor Unit | J65: Total
A66: Composição | B66: VIGIA ADM | C66: Próprio | D66: VIGIA NOTURNO COM ENCARGOS COMPLEMENTARES (MENSALISTA) COM ADICIONAL DE PERICULOSIDADE | E66: CANT - CANTEIRO DE OBRAS | G66: MÊS | H66: 1 | I66: 5590.7 | J66: 5590.7
A67: Composição Auxiliar | B67: 101460 | C67: SINAPI | D67: VIGIA DIURNO COM ENCARGOS COMPLEMENTARES | E67: SEDI - SERVIÇOS DIVERSOS | G67: MES | H67: 1 | I67: 4376.49 | J67: 4376.49
A68: Composição Auxiliar | B68: VIGIA ADM AUX 2 | C68: Próprio | D68: JORNADA NOTURNA | E68: SEDI - SERVIÇOS DIVERSOS | G68: UN | H68: 1 | I68: 822.45 | J68: 822.45
A69: Composição Auxiliar | B69: VIGIA ADM AUX 3 | C69: Próprio | D69: ADICIONAL NOTURNO | E69: SEDI - SERVIÇOS DIVERSOS | G69: UN | H69: 1 | I69: 391.76 | J69: 391.76
B71: Código | C71: Banco | D71: Descrição | E71: Tipo | G71: Und | H71: Quant. | I71: Valor Unit | J71: Total
A72: Composição | B72: 101460 | C72: SINAPI | D72: VIGIA DIURNO COM ENCARGOS COMPLEMENTARES | E72: SEDI - SERVIÇOS DIVERSOS | G72: MES | H72: 1 | I72: 4376.49 | J72: 4376.49
A73: Composição Auxiliar | B73: 101372 | C73: SINAPI | D73: CURSO DE CAPACITAÇÃO PARA VIGIA DIURNO (ENCARGOS COMPLEMENTARES) - MENSALISTA | E73: SEDI - SERVIÇOS DIVERSOS | G73: MES | H73: 1 | I73: 12 | J73: 12
A74: Insumo | B74: 00040861 | C74: SINAPI | D74: TRANSPORTE - MENSALISTA (COLETADO CAIXA - ENCARGOS COMPLEMENTARES) | E74: Material | G74: MES | H74: 1 | I74: 282.98 | J74: 282.98
A75: Insumo | B75: 00040862 | C75: SINAPI | D75: ALIMENTACAO - MENSALISTA (COLETADO CAIXA - ENCARGOS COMPLEMENTARES) | E75: Material | G75: MES | H75: 1 | I75: 715.63 | J75: 715.63
A76: Insumo | B76: 00040863 | C76: SINAPI | D76: EXAMES - MENSALISTA (COLETADO CAIXA - ENCARGOS COMPLEMENTARES) | E76: Material | G76: MES | H76: 1 | I76: 252.08 | J76: 252.08
A77: Insumo | B77: 00040864 | C77: SINAPI | D77: SEGURO - MENSALISTA (COLETADO CAIXA - ENCARGOS COMPLEMENTARES) | E77: Material | G77: MES | H77: 1 | I77: 7.31 | J77: 7.31
A78: Insumo | B78: 00041096 | C78: SINAPI | D78: VIGIA DIURNO (MENSALISTA) | E78: Mão de Obra | G78: MES | H78: 1 | I78: 2741.53 | J78: 2741.53
A79: Insumo | B79: 00043479 | C79: SINAPI | D79: FERRAMENTAS - FAMILIA SERVENTE - MENSALISTA (ENCARGOS COMPLEMENTARES - COLETADO CAIXA) | E79: Equipamento | G79: MES | H79: 1 | I79: 114.72 | J79: 114.72
A80: Insumo | B80: 00043503 | C80: SINAPI | D80: EPI - FAMILIA SERVENTE - MENSALISTA (ENCARGOS COMPLEMENTARES - COLETADO CAIXA) | E80: Equipamento | G80: MES | H80: 1 | I80: 250.24 | J80: 250.24
B82: Código | C82: Banco | D82: Descrição | E82: Tipo | G82: Und | H82: Quant. | I82: Valor Unit | J82: Total
A83: Composição | B83: 93572 | C83: SINAPI | D83: ENCARREGADO GERAL DE OBRAS COM ENCARGOS COMPLEMENTARES | E83: SEDI - SERVIÇOS DIVERSOS | G83: MES | H83: 1 | I83: 4472.02 | J83: 4472.02
A84: Composição Auxiliar | B84: 95422 | C84: SINAPI | D84: CURSO DE CAPACITAÇÃO PARA ENCARREGADO GERAL DE OBRAS (ENCARGOS COMPLEMENTARES) - MENSALISTA | E84: SEDI - SERVIÇOS DIVERSOS | G84: MES | H84: 1 | I84: 70.97 | J84: 70.97
A85: Insumo | B85: 00040818 | C85: SINAPI | D85: ENCARREGADO GERAL DE OBRAS (MENSALISTA) | E85: Mão de Obra | G85: MES | H85: 1 | I85: 3886.77 | J85: 3886.77
A86: Insumo | B86: 00040863 | C86: SINAPI | D86: EXAMES - MENSALISTA (COLETADO CAIXA - ENCARGOS COMPLEMENTARES) | E86: Material | G86: MES | H86: 1 | I86: 252.08 | J86: 252.08
A87: Insumo | B87: 00040864 | C87: SINAPI | D87: SEGURO - MENSALISTA (COLETADO CAIXA - ENCARGOS COMPLEMENTARES) | E87: Material | G87: MES | H87: 1 | I87: 7.31 | J87: 7.31
A88: Insumo | B88: 00043475 | C88: SINAPI | D88: FERRAMENTAS - FAMILIA ENCARREGADO GERAL - MENSALISTA (ENCARGOS COMPLEMENTARES - COLETADO CAIXA) | E88: Equipamento | G88: MES | H88: 1 | I88: 18.73 | J88: 18.73
A89: Insumo | B89: 00043499 | C89: SINAPI | D89: EPI - FAMILIA ENCARREGADO GERAL - MENSALISTA (ENCARGOS COMPLEMENTARES - COLETADO CAIXA) | E89: Equipamento | G89: MES | H89: 1 | I89: 236.16 | J89: 236.16
B91: Código | C91: Banco | D91: Descrição | E91: Tipo | G91: Und | H91: Quant. | I91: Valor Unit | J91: Total
A92: Composição | B92: 93564 | C92: SINAPI | D92: APONTADOR OU APROPRIADOR COM ENCARGOS COMPLEMENTARES | E92: SEDI - SERVIÇOS DIVERSOS | G92: MES | H92: 1 | I92: 6409.08 | J92: 6409.08
A93: Composição Auxiliar | B93: 95414 | C93: SINAPI | D93: CURSO DE CAPACITAÇÃO PARA APONTADOR OU APROPRIADOR (ENCARGOS COMPLEMENTARES) - MENSALISTA | E93: SEDI - SERVIÇOS DIVERSOS | G93: MES | H93: 1 | I93: 107.42 | J93: 107.42
A94: Insumo | B94: 00040810 | C94: SINAPI | D94: APONTADOR OU APROPRIADOR DE MAO DE OBRA (MENSALISTA) | E94: Mão de Obra | G94: MES | H94: 1 | I94: 5883.34 | J94: 5883.34
A95: Insumo | B95: 00040863 | C95: SINAPI | D95: EXAMES - MENSALISTA (COLETADO CAIXA - ENCARGOS COMPLEMENTARES) | E95: Material | G95: MES | H95: 1 | I95: 252.08 | J95: 252.08
A96: Insumo | B96: 00040864 | C96: SINAPI | D96: SEGURO - MENSALISTA (COLETADO CAIXA - ENCARGOS COMPLEMENTARES) | E96: Material | G96: MES | H96: 1 | I96: 7.31 | J96: 7.31
A97: Insumo | B97: 00043470 | C97: SINAPI | D97: FERRAMENTAS - FAMILIA ALMOXARIFE - MENSALISTA (ENCARGOS COMPLEMENTARES - COLETADO CAIXA) | E97: Equipamento | G97: MES | H97: 1 | I97: 10.89 | J97: 10.89
A98: Insumo | B98: 00043494 | C98: SINAPI | D98: EPI - FAMILIA ALMOXARIFE - MENSALISTA (ENCARGOS COMPLEMENTARES - COLETADO CAIXA) | E98: Equipamento | G98: MES | H98: 1 | I98: 148.04 | J98: 148.04
B100: Código | C100: Banco | D100: Descrição | E100: Tipo | G100: Und | H100: Quant. | I100: Valor Unit | J100: Total
A101: Composição | B101: 93563 | C101: SINAPI | D101: ALMOXARIFE COM ENCARGOS COMPLEMENTARES | E101: SEDI - SERVIÇOS DIVERSOS | G101: MES | H101: 1 | I101: 6625.31 | J101: 6625.31
A102: Composição Auxiliar | B102: 95413 | C102: SINAPI | D102: CURSO DE CAPACITAÇÃO PARA ALMOXARIFE (ENCARGOS COMPLEMENTARES) - MENSALISTA | E102: SEDI - SERVIÇOS DIVERSOS | G102: MES | H102: 1 | I102: 27.06 | J102: 27.06
A103: Insumo | B103: 00040809 | C103: SINAPI | D103: ALMOXARIFE (MENSALISTA) | E103: Mão de Obra | G103: MES | H103: 1 | I103: 6179.93 | J103: 6179.93
A104: Insumo | B104: 00040863 | C104: SINAPI | D104: EXAMES - MENSALISTA (COLETADO CAIXA - ENCARGOS COMPLEMENTARES) | E104: Material | G104: MES | H104: 1 | I104: 252.08 | J104: 252.08
A105: Insumo | B105: 00040864 | C105: SINAPI | D105: SEGURO - MENSALISTA (COLETADO CAIXA - ENCARGOS COMPLEMENTARES) | E105: Material | G105: MES | H105: 1 | I105: 7.31 | J105: 7.31
A106: Insumo | B106: 00043470 | C106: SINAPI | D106: FERRAMENTAS - FAMILIA ALMOXARIFE - MENSALISTA (ENCARGOS COMPLEMENTARES - COLETADO CAIXA) | E106: Equipamento | G106: MES | H106: 1 | I106: 10.89 | J106: 10.89
A107: Insumo | B107: 00043494 | C107: SINAPI | D107: EPI - FAMILIA ALMOXARIFE - MENSALISTA (ENCARGOS COMPLEMENTARES - COLETADO CAIXA) | E107: Equipamento | G107: MES | H107: 1 | I107: 148.04 | J107: 148.04
B109: Código | C109: Banco | D109: Descrição | E109: Tipo | G109: Und | H109: Quant. | I109: Valor Unit | J109: Total
A110: Composição | B110: 100316 | C110: SINAPI | D110: AUXILIAR DE ALMOXARIFE COM ENCARGOS COMPLEMENTARES | E110: SEDI - SERVIÇOS DIVERSOS | G110: MES | H110: 1 | I110: 3141.1 | J110: 3141.1
A111: Composição Auxiliar | B111: 100310 | C111: SINAPI | D111: CURSO DE CAPACITAÇÃO PARA AUXILIAR DE ALMOXARIFE (ENCARGOS COMPLEMENTARES) - MENSALISTA | E111: SEDI - SERVIÇOS DIVERSOS | G111: MES | H111: 1 | I111: 11.87 | J111: 11.87
A112: Insumo | B112: 00040863 | C112: SINAPI | D112: EXAMES - MENSALISTA (COLETADO CAIXA - ENCARGOS COMPLEMENTARES) | E112: Material | G112: MES | H112: 1 | I112: 252.08 | J112: 252.08
...

Sheet CRONOGRAMA
B1: Obra | C1: Bancos | D1: B.D.I. | F1: Encargos Sociais
B2: REVISÃO E READEQUAÇÃO DOS PROJETOS EXECUTIVOS DE DRENAGEM NO SETOR HABITACIONAL MESTRE D'ARMAS, REGIÃO ADMINISTRATIVA DE PLANATINA - RA-PLAN, PELA SODF, NO DISTRITO FEDERAL - BLOCO 1 - LOTE 2 (ÁREA 5 E 6) CONTRATO: 21/2021- SODF - SEM DESONERAÇÃO | C2: SINAPI - 12/2024 - Distrito Federal SBC - 01/2025 - Distrito Federal SICRO3 - 10/2024 - Distrito Federal ORSE - 11/2024 - Sergipe SEINFRA - 028 - Ceará SIURB INFRA - 07/2024 - São Paulo AGESUL - 06/2024 - Mato Grosso do Sul EMBASA - 05/2024 - Bahia COMPESA - 07/2024 - Pernambuco EMOP - 12/2024 - Rio de Janeiro | D2: Padrão - 21,22% Material - 11,10% | F2: Sem Desoneração: Horista: 110,14% Mensalista: 70,04%
A3: Cronograma Físico e Financeiro
A4: Item | B4: Descrição | C4: Total Por Etapa | D4: 30 DIAS | E4: 60 DIAS | F4: 90 DIAS | G4: 120 DIAS | H4: 150 DIAS | I4: 180 DIAS | J4: 210 DIAS | K4: 240 DIAS | L4: 270 DIAS
C5: 1 | D5: 0.0211 | E5: 0.0418 | F5: 0.0627 | G5: 0.0627 | H5: 0.2011 | I5: 0.1897 | J5: 0.1897 | K5: 0.1518 | L5: 0.0794
A6: 1 | B6: ADMINISTRAÇÃO | C6: 1454666.7 | D6: 30693.468 | E6: 60805.068 | F6: 91207.603 | G6: 91207.603 | H6: 292533.48 | I6: 275950.27 | J6: 275950.27 | K6: 220818.41 | L6: 115500.54
C7: 1 | D7: 0.5 | L7: 0.5
A8: 2 | B8: MOBILIZAÇÃO E DESMOBILIZAÇÃO | C8: 36998.72 | D8: 18499.36 | L8: 18499.36
C9: 1 | D9: 0.9 | L9: 0.1
A10: 3 | B10: CANTEIRO DE OBRAS | C10: 296160.42 | D10: 266544.38 | L10: 29616.042
C11: 1 | E11: 0.2 | F11: 0.3 | G11: 0.3 | H11: 0.2
A12: 4 | B12: REDE DE DRENAGEM ÁREA 5 - 0,75 KM | C12: 2824568.5 | E12: 564913.7 | F12: 847370.54 | G12: 847370.54 | H12: 564913.7
C13: 1 | H13: 0.2 | I13: 0.25 | J13: 0.25 | K13: 0.2 | L13: 0.1
A14: 5 | B14: REDE DE DRENAGEM ÁREA 6 - 2,66 KM | C14: 10259178 | F14: 0 | G14: 0 | H14: 2051835.6 | I14: 2564794.5 | J14: 2564794.5 | K14: 2051835.6 | L14: 1025917.8
A16: Porcentagem | D16: 0.021230923 | E16: 0.042074823 | F16: 0.063112234 | G16: 0.063112234 | H16: 0.19562711 | I16: 0.19101845 | J16: 0.19101845 | K16: 0.15281868 | L16: 0.079987086
A17: Custo | D17: 315737.21 | E17: 625718.76 | F17: 938578.15 | G17: 938578.15 | H17: 2909282.7 | I17: 2840744.7 | J17: 2840744.7 | K17: 2272654 | L17: 1189533.7
A18: Porcentagem Acumulado | D18: 0.021230923 | E18: 0.063305746 | F18: 0.12641798 | G18: 0.18953021 | H18: 0.38515733 | I18: 0.57617578 | J18: 0.76719424 | K18: 0.92001291 | L18: 1
A19: Custo Acumulado | D19: 315737.21 | E19: 941455.97 | F19: 1880034.1 | G19: 2818612.3 | H19: 5727895 | I19: 8568639.7 | J19: 11409384 | K19: 13682038 | L19: 14871572

Sheet Plan2
B1: 1 | C1: =ORÇAMENTO!A241 -> 4.1.2.6.43 | D1: =ORÇAMENTO!B241 -> 103320 | E1: =ORÇAMENTO!C241 -> SINAPI | F1: =ORÇAMENTO!D241 -> ALVENARIA DE VEDAÇÃO DE BLOCOS VAZADOS DE CONCRETO DE 19X19X39 CM (ESPESSURA 19 CM) E ARGAMASSA DE ASSENTAMENTO COM PREPARO EM BETONEIRA. AF_12/2021 | G1: =ORÇAMENTO!E241 -> M² | H1: =ORÇAMENTO!F241 -> 547.41 | I1: =ORÇAMENTO!G241 -> 133.38 | J1: =ORÇAMENTO!H241 -> 0.2122 | ... L1: =ORÇAMENTO!J241 -> 88505.24
B2: =IF(EXACT(F1,F2),B1,B1+1) -> 1 | C2: =ORÇAMENTO!A251 -> 4.1.2.7.3 | D2: =ORÇAMENTO!B251 -> 103320 | E2: =ORÇAMENTO!C251 -> SINAPI | F2: =ORÇAMENTO!D251 -> ALVENARIA DE VEDAÇÃO DE BLOCOS VAZADOS DE CONCRETO DE 19X19X39 CM (ESPESSURA 19 CM) E ARGAMASSA DE ASSENTAMENTO COM PREPARO EM BETONEIRA. AF_12/2021 | G2: =ORÇAMENTO!E251 -> M² | H2: =ORÇAMENTO!F251 -> 38.81 | I2: =ORÇAMENTO!G251 -> 133.38 | J2: =ORÇAMENTO!H251 -> 0.2122 | ... L2: =ORÇAMENTO!J251 -> 6274.8 | N2: =IF(F2=F1,IF(G2=G1,"OK!","ERRADO"),"DIFERENTE") -> OK! | O2: =IF(F2=F1,IF(I2=I1,"OK!","ERRADO"),"DIFERENTE") -> OK! | P2: =IF(F2=F1,IF(D2=D1,"OK!","ERRADO"),"DIFERENTE") -> OK!
B3: =IF(EXACT(F2,F3),B2,B2+1) -> 1 | C3: =ORÇAMENTO!A451 -> 5.1.2.7.43 | D3: =ORÇAMENTO!B451 -> 103320 | E3: =ORÇAMENTO!C451 -> SINAPI | F3: =ORÇAMENTO!D451 -> ALVENARIA DE VEDAÇÃO DE BLOCOS VAZADOS DE CONCRETO DE 19X19X39 CM (ESPESSURA 19 CM) E ARGAMASSA DE ASSENTAMENTO COM PREPARO EM BETONEIRA. AF_12/2021 | G3: =ORÇAMENTO!E451 -> M² | H3: =ORÇAMENTO!F451 -> 1318.39 | I3: =ORÇAMENTO!G451 -> 133.38 | J3: =ORÇAMENTO!H451 -> 0.2122 | ... L3: =ORÇAMENTO!J451 -> 213157.29 | N3: =IF(F3=F2,IF(G3=G2,"OK!","ERRADO"),"DIFERENTE") -> OK! | O3: =IF(F3=F2,IF(I3=I2,"OK!","ERRADO"),"DIFERENTE") -> OK! | P3: =IF(F3=F2,IF(D3=D2,"OK!","ERRADO"),"DIFERENTE") -> OK!
B4: =IF(EXACT(F3,F4),B3,B3+1) -> 1 | C4: =ORÇAMENTO!A461 -> 5.1.2.8.3 | D4: =ORÇAMENTO!B461 -> 103320 | E4: =ORÇAMENTO!C461 -> SINAPI | F4: =ORÇAMENTO!D461 -> ALVENARIA DE VEDAÇÃO DE BLOCOS VAZADOS DE CONCRETO DE 19X19X39 CM (ESPESSURA 19 CM) E ARGAMASSA DE ASSENTAMENTO COM PREPARO EM BETONEIRA. AF_12/2021 | G4: =ORÇAMENTO!E461 -> M² | H4: =ORÇAMENTO!F461 -> 133.78 | I4: =ORÇAMENTO!G461 -> 133.38 | J4: =ORÇAMENTO!H461 -> 0.2122 | ... L4: =ORÇAMENTO!J461 -> 21629.55 | N4: =IF(F4=F3,IF(G4=G3,"OK!","ERRADO"),"DIFERENTE") -> OK! | O4: =IF(F4=F3,IF(I4=I3,"OK!","ERRADO"),"DIFERENTE") -> OK! | P4: =IF(F4=F3,IF(D4=D3,"OK!","ERRADO"),"DIFERENTE") -> OK!
B5: =IF(EXACT(F4,F5),B4,B4+1) -> 2 | C5: =ORÇAMENTO!A240 -> 4.1.2.6.42 | D5: =ORÇAMENTO!B240 -> 0407819 | E5: =ORÇAMENTO!C240 -> SICRO3 | F5: =ORÇAMENTO!D240 -> ARMAÇÃO EM AÇO CA-50 - FORNECIMENTO, PREPARO E COLOCAÇÃO | G5: =ORÇAMENTO!E240 -> KG | H5: =ORÇAMENTO!F240 -> 1632 | I5: =ORÇAMENTO!G240 -> 12.15 | J5: =ORÇAMENTO!H240 -> 0.2122 | ... L5: =ORÇAMENTO!J240 -> 24039.36 | N5: =IF(F5=F4,IF(G5=G4,"OK!","ERRADO"),"DIFERENTE") -> DIFERENTE | O5: =IF(F5=F4,IF(I5=I4,"OK!","ERRADO"),"DIFERENTE") -> DIFERENTE | P5: =IF(F5=F4,IF(D5=D4,"OK!","ERRADO"),"DIFERENTE") -> DIFERENTE
B6: =IF(EXACT(F5,F6),B5,B5+1) -> 2 | C6: =ORÇAMENTO!A256 -> 4.1.2.7.8 | D6: =ORÇAMENTO!B256 -> 0407819 | E6: =ORÇAMENTO!C256 -> SICRO3 | F6: =ORÇAMENTO!D256 -> ARMAÇÃO EM AÇO CA-50 - FORNECIMENTO, PREPARO E COLOCAÇÃO | G6: =ORÇAMENTO!E256 -> KG | H6: =ORÇAMENTO!F256 -> 2742.83 | I6: =ORÇAMENTO!G256 -> 12.15 | J6: =ORÇAMENTO!H256 -> 0.2122 | ... L6: =ORÇAMENTO!J256 -> 40401.88 | N6: =IF(F6=F5,IF(G6=G5,"OK!","ERRADO"),"DIFERENTE") -> OK! | O6: =IF(F6=F5,IF(I6=I5,"OK!","ERRADO"),"DIFERENTE") -> OK! | P6: =IF(F6=F5,IF(D6=D5,"OK!","ERRADO"),"DIFERENTE") -> OK!
B7: =IF(EXACT(F6,F7),B6,B6+1) -> 2 | C7: =ORÇAMENTO!A450 -> 5.1.2.7.42 | D7: =ORÇAMENTO!B450 -> 0407819 | E7: =ORÇAMENTO!C450 -> SICRO3 | F7: =ORÇAMENTO!D450 -> ARMAÇÃO EM AÇO CA-50 - FORNECIMENTO, PREPARO E COLOCAÇÃO | G7: =ORÇAMENTO!E450 -> KG | H7: =ORÇAMENTO!F450 -> 3200 | I7: =ORÇAMENTO!G450 -> 12.15 | J7: =ORÇAMENTO!H450 -> 0.2122 | ... L7: =ORÇAMENTO!J450 -> 47136 | N7: =IF(F7=F6,IF(G7=G6,"OK!","ERRADO"),"DIFERENTE") -> OK! | O7: =IF(F7=F6,IF(I7=I6,"OK!","ERRADO"),"DIFERENTE") -> OK! | P7: =IF(F7=F6,IF(D7=D6,"OK!","ERRADO"),"DIFERENTE") -> OK!
B8: =IF(EXACT(F7,F8),B7,B7+1) -> 2 | C8: =ORÇAMENTO!A466 -> 5.1.2.8.8 | D8: =ORÇAMENTO!B466 -> 0407819 | E8: =ORÇAMENTO!C466 -> SICRO3 | F8: =ORÇAMENTO!D466 -> ARMAÇÃO EM AÇO CA-50 - FORNECIMENTO, PREPARO E COLOCAÇÃO | G8: =ORÇAMENTO!E466 -> KG | H8: =ORÇAMENTO!F466 -> 3687.01 | I8: =ORÇAMENTO!G466 -> 12.15 | J8: =ORÇAMENTO!H466 -> 0.2122 | ... L8: =ORÇAMENTO!J466 -> 54309.65 | N8: =IF(F8=F7,IF(G8=G7,"OK!","ERRADO"),"DIFERENTE") -> OK! | O8: =IF(F8=F7,IF(I8=I7,"OK!","ERRADO"),"DIFERENTE") -> OK! | P8: =IF(F8=F7,IF(D8=D7,"OK!","ERRADO"),"DIFERENTE") -> OK!
B9: =IF(EXACT(F8,F9),B8,B8+1) -> 2 | C9: =ORÇAMENTO!A473 -> 5.1.2.9.5 | D9: =ORÇAMENTO!B473 -> 0407819 | E9: =ORÇAMENTO!C473 -> SICRO3 | F9: =ORÇAMENTO!D473 -> ARMAÇÃO EM AÇO CA-50 - FORNECIMENTO, PREPARO E COLOCAÇÃO | G9: =ORÇAMENTO!E473 -> KG | H9: =ORÇAMENTO!F473 -> 14935 | I9: =ORÇAMENTO!G473 -> 12.15 | J9: =ORÇAMENTO!H473 -> 0.2122 | ... L9: =ORÇAMENTO!J473 -> 219992.55 | N9: =IF(F9=F8,IF(G9=G8,"OK!","ERRADO"),"DIFERENTE") -> OK! | O9: =IF(F9=F8,IF(I9=I8,"OK!","ERRADO"),"DIFERENTE") -> OK! | P9: =IF(F9=F8,IF(D9=D8,"OK!","ERRADO"),"DIFERENTE") -> OK!
B10: =IF(EXACT(F9,F10),B9,B9+1) -> 2 | C10: =ORÇAMENTO!A482 -> 5.1.2.10.7 | D10: =ORÇAMENTO!B482 -> 0407819 | E10: =ORÇAMENTO!C482 -> SICRO3 | F10: =ORÇAMENTO!D482 -> ARMAÇÃO EM AÇO CA-50 - FORNECIMENTO, PREPARO E COLOCAÇÃO | G10: =ORÇAMENTO!E482 -> KG | H10: =ORÇAMENTO!F482 -> 2515.39 | I10: =ORÇAMENTO!G482 -> 12.15 | J10: =ORÇAMENTO!H482 -> 0.2122 | ... L10: =ORÇAMENTO!J482 -> 37051.69 | N10: =IF(F10=F9,IF(G10=G9,"OK!","ERRADO"),"DIFERENTE") -> OK! | O10: =IF(F10=F9,IF(I10=I9,"OK!","ERRADO"),"DIFERENTE") -> OK! | P10: =IF(F10=F9,IF(D10=D9,"OK!","ERRADO"),"DIFERENTE") -> OK!
B11: =IF(EXACT(F10,F11),B10,B10+1) -> 3 | C11: =ORÇAMENTO!A522 -> 5.4.4.14 | D11: =ORÇAMENTO!B522 -> 94273 | E11: =ORÇAMENTO!C522 -> SINAPI | F11: =ORÇAMENTO!D522 -> ASSENTAMENTO DE GUIA (MEIO-FIO) EM TRECHO RETO, CONFECCIONADA EM CONCRETO PRÉ-FABRICADO, DIMENSÕES 100X15X13X30 CM (COMPRIMENTO X BASE INFERIOR X BASE SUPERIOR X ALTURA). AF_01/2024 | G11: =ORÇAMENTO!E522 -> M | H11: =ORÇAMENTO!F522 -> 2607.6 | I11: =ORÇAMENTO!G522 -> 48.36 | J11: =ORÇAMENTO!H522 -> 0.2122 | ... L11: =ORÇAMENTO!J522 -> 152857.51 | N11: =IF(F11=F10,IF(G11=G10,"OK!","ERRADO"),"DIFERENTE") -> DIFERENTE | O11: =IF(F11=F10,IF(I11=I10,"OK!","ERRADO"),"DIFERENTE") -> DIFERENTE | P11: =IF(F11=F10,IF(D11=D10,"OK!","ERRADO"),"DIFERENTE") -> DIFERENTE
B12: =IF(EXACT(F11,F12),B11,B11+1) -> 4 | C12: =ORÇAMENTO!A184 -> 4.1.2.4.18 | D12: =ORÇAMENTO!B184 -> 92828 | E12: =ORÇAMENTO!C184 -> SINAPI | F12: =ORÇAMENTO!D184 -> ASSENTAMENTO DE TUBO DE CONCRETO PARA REDES COLETORAS DE ÁGUAS PLUVIAIS, DIÂMETRO DE 1000 MM, JUNTA RÍGIDA, INSTALADO EM LOCAL COM ALTO NÍVEL DE INTERFERÊNCIAS (NÃO INCLUI FORNECIMENTO). AF_03/2024 | G12: =ORÇAMENTO!E184 -> M | H12: =ORÇAMENTO!F184 -> 73.617147 | I12: =ORÇAMENTO!G184 -> 108 | J12: =ORÇAMENTO!H184 -> 0.2122 | ... L12: =ORÇAMENTO!J184 -> 9637.95 | N12: =IF(F12=F11,IF(G12=G11,"OK!","ERRADO"),"DIFERENTE") -> DIFERENTE | O12: =IF(F12=F11,IF(I12=I11,"OK!","ERRADO"),"DIFERENTE") -> DIFERENTE | P12: =IF(F12=F11,IF(D12=D11,"OK!","ERRADO"),"DIFERENTE") -> DIFERENTE
B13: =IF(EXACT(F12,F13),B12,B12+1) -> 4 | C13: =ORÇAMENTO!A385 -> 5.1.2.4.20 | D13: =ORÇAMENTO!B385 -> 92828 | E13: =ORÇAMENTO!C385 -> SINAPI | F13: =ORÇAMENTO!D385 -> ASSENTAMENTO DE TUBO DE CONCRETO PARA REDES COLETORAS DE ÁGUAS PLUVIAIS, DIÂMETRO DE 1000 MM, JUNTA RÍGIDA, INSTALADO EM LOCAL COM ALTO NÍVEL DE INTERFERÊNCIAS (NÃO INCLUI FORNECIMENTO). AF_03/2024 | G13: =ORÇAMENTO!E385 -> M | H13: =ORÇAMENTO!F385 -> 382.63 | I13: =ORÇAMENTO!G385 -> 108 | J13: =ORÇAMENTO!H385 -> 0.2122 | ... L13: =ORÇAMENTO!J385 -> 50093.91 | N13: =IF(F13=F12,IF(G13=G12,"OK!","ERRADO"),"DIFERENTE") -> OK! | O13: =IF(F13=F12,IF(I13=I12,"OK!","ERRADO"),"DIFERENTE") -> OK! | P13: =IF(F13=F12,IF(D13=D12,"OK!","ERRADO"),"DIFERENTE") -> OK!
B14: =IF(EXACT(F13,F14),B13,B13+1) -> 5 | C14: =ORÇAMENTO!A185 -> 4.1.2.4.19 | D14: =ORÇAMENTO!B185 -> 92830 | E14: =ORÇAMENTO!C185 -> SINAPI | F14: =ORÇAMENTO!D185 -> ASSENTAMENTO DE TUBO DE CONCRETO PARA REDES COLETORAS DE ÁGUAS PLUVIAIS, DIÂMETRO DE 1200 MM, JUNTA RÍGIDA, INSTALADO EM LOCAL COM ALTO NÍVEL DE INTERFERÊNCIAS (NÃO INCLUI FORNECIMENTO). AF_03/2024 | G14: =ORÇAMENTO!E185 -> M | H14: =ORÇAMENTO!F185 -> 144.87 | I14: =ORÇAMENTO!G185 -> 133.19 | J14: =ORÇAMENTO!H185 -> 0.2122 | ... L14: =ORÇAMENTO!J185 -> 23389.26 | N14: =IF(F14=F13,IF(G14=G13,"OK!","ERRADO"),"DIFERENTE") -> DIFERENTE | O14: =IF(F14=F13,IF(I14=I13,"OK!","ERRADO"),"DIFERENTE") -> DIFERENTE | P14: =IF(F14=F13,IF(D14=D13,"OK!","ERRADO"),"DIFERENTE") -> DIFERENTE
B15: =IF(EXACT(F14,F15),B14,B14+1) -> 5 | C15: =ORÇAMENTO!A386 -> 5.1.2.4.21 | D15: =ORÇAMENTO!B386 -> 92830 | E15: =ORÇAMENTO!C386 -> SINAPI | F15: =ORÇAMENTO!D386 -> ASSENTAMENTO DE TUBO DE CONCRETO PARA REDES COLETORAS DE ÁGUAS PLUVIAIS, DIÂMETRO DE 1200 MM, JUNTA RÍGIDA, INSTALADO EM LOCAL COM ALTO NÍVEL DE INTERFERÊNCIAS (NÃO INCLUI FORNECIMENTO). AF_03/2024 | G15: =ORÇAMENTO!E386 -> M | H15: =ORÇAMENTO!F386 -> 312.52 | I15: =ORÇAMENTO!G386 -> 133.19 | J15: =ORÇAMENTO!H386 -> 0.2122 | ... L15: =ORÇAMENTO!J386 -> 50456.35 | N15: =IF(F15=F14,IF(G15=G14,"OK!","ERRADO"),"DIFERENTE") -> OK! | O15: =IF(F15=F14,IF(I15=I14,"OK!","ERRADO"),"DIFERENTE") -> OK! | P15: =IF(F15=F14,IF(D15=D14,"OK!","ERRADO"),"DIFERENTE") -> OK!
B16: =IF(EXACT(F15,F16),B15,B15+1) -> 6 | C16: =ORÇAMENTO!A186 -> 4.1.2.4.20 | D16: =ORÇAMENTO!B186 -> 92832 | E16: =ORÇAMENTO!C186 -> SINAPI | F16: =ORÇAMENTO!D186 -> ASSENTAMENTO DE TUBO DE CONCRETO PARA REDES COLETORAS DE ÁGUAS PLUVIAIS, DIÂMETRO DE 1500 MM, JUNTA RÍGIDA, INSTALADO EM LOCAL COM ALTO NÍVEL DE INTERFERÊNCIAS (NÃO INCLUI FORNECIMENTO). AF_03/2024 | G16: =ORÇAMENTO!E186 -> M | H16: =ORÇAMENTO!F186 -> 287.68 | I16: =ORÇAMENTO!G186 -> 172.74 | J16: =ORÇAMENTO!H186 -> 0.2122 | ... L16: =ORÇAMENTO!J186 -> 60240.19 | N16: =IF(F16=F15,IF(G16=G15,"OK!","ERRADO"),"DIFERENTE") -> DIFERENTE | O16: =IF(F16=F15,IF(I16=I15,"OK!","ERRADO"),"DIFERENTE") -> DIFERENTE | P16: =IF(F16=F15,IF(D16=D15,"OK!","ERRADO"),"DIFERENTE") -> DIFERENTE
B17: =IF(EXACT(F16,F17),B16,B16+1) -> 6 | C17: =ORÇAMENTO!A387 -> 5.1.2.4.22 | D17: =ORÇAMENTO!B387 -> 92832 | E17: =ORÇAMENTO!C387 -> SINAPI | F17: =ORÇAMENTO!D387 -> ASSENTAMENTO DE TUBO DE CONCRETO PARA REDES COLETORAS DE ÁGUAS PLUVIAIS, DIÂMETRO DE 1500 MM, JUNTA RÍGIDA, INSTALADO EM LOCAL COM ALTO NÍVEL DE INTERFERÊNCIAS (NÃO INCLUI FORNECIMENTO). AF_03/2024 | G17: =ORÇAMENTO!E387 -> M | H17: =ORÇAMENTO!F387 -> 218.81 | I17: =ORÇAMENTO!G387 -> 172.74 | J17: =ORÇAMENTO!H387 -> 0.2122 | ... L17: =ORÇAMENTO!J387 -> 45818.81 | N17: =IF(F17=F16,IF(G17=G16,"OK!","ERRADO"),"DIFERENTE") -> OK! | O17: =IF(F17=F16,IF(I17=I16,"OK!","ERRADO"),"DIFERENTE") -> OK! | P17: =IF(F17=F16,IF(D17=D16,"OK!","ERRADO"),"DIFERENTE") -> OK!
B18: =IF(EXACT(F17,F18),B17,B17+1) -> 7 | C18: =ORÇAMENTO!A247 -> 4.1.2.6.49 | D18: =ORÇAMENTO!B247 -> 92821 | E18: =ORÇAMENTO!C247 -> SINAPI | F18: =ORÇAMENTO!D247 -> ASSENTAMENTO DE TUBO DE CONCRETO PARA REDES COLETORAS DE ÁGUAS PLUVIAIS, DIÂMETRO DE 400 MM, JUNTA RÍGIDA, INSTALADO EM LOCAL COM ALTO NÍVEL DE INTERFERÊNCIAS (NÃO INCLUI FORNECIMENTO). AF_03/2024 | G18: =ORÇAMENTO!E247 -> M | H18: =ORÇAMENTO!F247 -> 343.46 | I18: =ORÇAMENTO!G247 -> 38.11 | J18: =ORÇAMENTO!H247 -> 0.2122 | ... L18: =ORÇAMENTO!J247 -> 15867.85 | N18: =IF(F18=F17,IF(G18=G17,"OK!","ERRADO"),"DIFERENTE") -> DIFERENTE | O18: =IF(F18=F17,IF(I18=I17,"OK!","ERRADO"),"DIFERENTE") -> DIFERENTE | P18: =IF(F18=F17,IF(D18=D17,"OK!","ERRADO"),"DIFERENTE") -> DIFERENTE
B19: =IF(EXACT(F18,F19),B18,B18+1) -> 7 | C19: =ORÇAMENTO!A382 -> 5.1.2.4.17 | D19: =ORÇAMENTO!B382 -> 92821 | E19: =ORÇAMENTO!C382 -> SINAPI | F19: =ORÇAMENTO!D382 -> ASSENTAMENTO DE TUBO DE CONCRETO PARA REDES COLETORAS DE ÁGUAS PLUVIAIS, DIÂMETRO DE 400 MM, JUNTA RÍGIDA, INSTALADO EM LOCAL COM ALTO NÍVEL DE INTERFERÊNCIAS (NÃO INCLUI FORNECIMENTO). AF_03/2024 | G19: =ORÇAMENTO!E382 -> M | H19: =ORÇAMENTO!F382 -> 410.77 | I19: =ORÇAMENTO!G382 -> 38.11 | J19: =ORÇAMENTO!H382 -> 0.2122 | ... L19: =ORÇAMENTO!J382 -> 18977.57 | N19: =IF(F19=F18,IF(G19=G18,"OK!","ERRADO"),"DIFERENTE") -> OK! | O19: =IF(F19=F18,IF(I19=I18,"OK!","ERRADO"),"DIFERENTE") -> OK! | P19: =IF(F19=F18,IF(D19=D18,"OK!","ERRADO"),"DIFERENTE") -> OK!
B20: =IF(EXACT(F19,F20),B19,B19+1) -> 7 | C20: =ORÇAMENTO!A457 -> 5.1.2.7.49 | D20: =ORÇAMENTO!B457 -> 92821 | E20: =ORÇAMENTO!C457 -> SINAPI | F20: =ORÇAMENTO!D457 -> ASSENTAMENTO DE TUBO DE CONCRETO PARA REDES COLETORAS DE ÁGUAS PLUVIAIS, DIÂMETRO DE 400 MM, JUNTA RÍGIDA, INSTALADO EM LOCAL COM ALTO NÍVEL DE INTERFERÊNCIAS (NÃO INCLUI FORNECIMENTO). AF_03/2024 | G20: =ORÇAMENTO!E457 -> M | H20: =ORÇAMENTO!F457 -> 659.74 | I20: =ORÇAMENTO!G457 -> 38.11 | J20: =ORÇAMENTO!H457 -> 0.2122 | ... L20: =ORÇAMENTO!J457 -> 30479.98 | N20: =IF(F20=F19,IF(G20=G19,"OK!","ERRADO"),"DIFERENTE") -> OK! | O20: =IF(F20=F19,IF(I20=I19,"OK!","ERRADO"),"DIFERENTE") -> OK! | P20: =IF(F20=F19,IF(D20=D19,"OK!","ERRADO"),"DIFERENTE") -> OK!
B21: =IF(EXACT(F20,F21),B20,B20+1) -> 8 | C21: =ORÇAMENTO!A183 -> 4.1.2.4.17 | D21: =ORÇAMENTO!B183 -> 92824 | E21: =ORÇAMENTO!C183 -> SINAPI | F21: =ORÇAMENTO!D183 -> ASSENTAMENTO DE TUBO DE CONCRETO PARA REDES COLETORAS DE ÁGUAS PLUVIAIS, DIÂMETRO DE 600 MM, JUNTA RÍGIDA, INSTALADO EM LOCAL COM ALTO NÍVEL DE INTERFERÊNCIAS (NÃO INCLUI FORNECIMENTO). AF_03/2024 | G21: =ORÇAMENTO!E183 -> M | H21: =ORÇAMENTO!F183 -> 245.99641 | I21: =ORÇAMENTO!G183 -> 60.45 | J21: =ORÇAMENTO!H183 -> 0.2122 | ... L21: =ORÇAMENTO!J183 -> 18026.61 | N21: =IF(F21=F20,IF(G21=G20,"OK!","ERRADO"),"DIFERENTE") -> DIFERENTE | O21: =IF(F21=F20,IF(I21=I20,"OK!","ERRADO"),"DIFERENTE") -> DIFERENTE | P21: =IF(F21=F20,IF(D21=D20,"OK!","ERRADO"),"DIFERENTE") -> DIFERENTE
B22: =IF(EXACT(F21,F22),B21,B21+1) -> 8 | C22: =ORÇAMENTO!A383 -> 5.1.2.4.18 | D22: =ORÇAMENTO!B383 -> 92824 | E22: =ORÇAMENTO!C383 -> SINAPI | F22: =ORÇAMENTO!D383 -> ASSENTAMENTO DE TUBO DE CONCRETO PARA REDES COLETORAS DE ÁGUAS PLUVIAIS, DIÂMETRO DE 600 MM, JUNTA RÍGIDA, INSTALADO EM LOCAL COM ALTO NÍVEL DE INTERFERÊNCIAS (NÃO INCLUI FORNECIMENTO). AF_03/2024 | G22: =ORÇAMENTO!E383 -> M | H22: =ORÇAMENTO!F383 -> 557.31 | I22: =ORÇAMENTO!G383 -> 60.45 | J22: =ORÇAMENTO!H383 -> 0.2122 | ... L22: =ORÇAMENTO!J383 -> 40839.67 | N22: =IF(F22=F21,IF(G22=G21,"OK!","ERRADO"),"DIFERENTE") -> OK! | O22: =IF(F22=F21,IF(I22=I21,"OK!","ERRADO"),"DIFERENTE") -> OK! | P22: =IF(F22=F21,IF(D22=D21,"OK!","ERRADO"),"DIFERENTE") -> OK!
B23: =IF(EXACT(F22,F23),B22,B22+1) -> 9 | C23: =ORÇAMENTO!A384 -> 5.1.2.4.19 | D23: =ORÇAMENTO!B384 -> 92826 | E23: =ORÇAMENTO!C384 -> SINAPI | F23: =ORÇAMENTO!D384 -> ASSENTAMENTO DE TUBO DE CONCRETO PARA REDES COLETORAS DE ÁGUAS PLUVIAIS, DIÂMETRO DE 800 MM, JUNTA RÍGIDA, INSTALADO EM LOCAL COM ALTO NÍVEL DE INTERFERÊNCIAS (NÃO INCLUI FORNECIMENTO). AF_03/2024 | G23: =ORÇAMENTO!E384 -> M | H23: =ORÇAMENTO!F384 -> 495.53 | I23: =ORÇAMENTO!G384 -> 83.73 | J23: =ORÇAMENTO!H384 -> 0.2122 | ... L23: =ORÇAMENTO!J384 -> 50296.29 | N23: =IF(F23=F22,IF(G23=G22,"OK!","ERRADO"),"DIFERENTE") -> DIFERENTE | O23: =IF(F23=F22,IF(I23=I22,"OK!","ERRADO"),"DIFERENTE") -> DIFERENTE | P23: =IF(F23=F22,IF(D23=D22,"OK!","ERRADO"),"DIFERENTE") -> DIFERENTE
B24: =IF(EXACT(F23,F24),B23,B23+1) -> 10 | C24: =ORÇAMENTO!A100 -> 4.1.1.1.11 | D24: =ORÇAMENTO!B100 -> 5213836 | E24: =ORÇAMENTO!C100 -> SICRO3 | F24: =ORÇAMENTO!D100 -> BALIZADOR CÔNICO REFLETIVO EM POLIETILENO SEMIFLEXÍVEL DE 114 X 11 X 40 CM - UTILIZAÇÃO DE 150 CICLOS - FORNECIMENTO, 01 IMPLANTAÇÃO E 01 RETIRADA DIÁRIA | G24: =ORÇAMENTO!E100 -> UN.DIA | H24: =ORÇAMENTO!F100 -> 837 | I24: =ORÇAMENTO!G100 -> 1.25 | J24: =ORÇAMENTO!H100 -> 0.2122 | ... L24: =ORÇAMENTO!J100 -> 1272.24 | N24: =IF(F24=F23,IF(G24=G23,"OK!","ERRADO"),"DIFERENTE") -> DIFERENTE | O24: =IF(F24=F23,IF(I24=I23,"OK!","ERRADO"),"DIFERENTE") -> DIFERENTE | P24: =IF(F24=F23,IF(D24=D23,"OK!","ERRADO"),"DIFERENTE") -> DIFERENTE
B25: =IF(EXACT(F24,F25),B24,B24+1) -> 10 | C25: =ORÇAMENTO!A302 -> 5.1.1.1.11 | D25: =ORÇAMENTO!B302 -> 5213836 | E25: =ORÇAMENTO!C302 -> SICRO3 | F25: =ORÇAMENTO!D302 -> BALIZADOR CÔNICO REFLETIVO EM POLIETILENO SEMIFLEXÍVEL DE 114 X 11 X 40 CM - UTILIZAÇÃO DE 150 CICLOS - FORNECIMENTO, 01 IMPLANTAÇÃO E 01 RETIRADA DIÁRIA | G25: =ORÇAMENTO!E302 -> UN.DIA | H25: =ORÇAMENTO!F302 -> 3078 | I25: =ORÇAMENTO!G302 -> 1.25 | J25: =ORÇAMENTO!H302 -> 0.2122 | ... L25: =ORÇAMENTO!J302 -> 4678.56 | N25: =IF(F25=F24,IF(G25=G24,"OK!","ERRADO"),"DIFERENTE") -> OK! | O25: =IF(F25=F24,IF(I25=I24,"OK!","ERRADO"),"DIFERENTE") -> OK! | P25: =IF(F25=F24,IF(D25=D24,"OK!","ERRADO"),"DIFERENTE") -> OK!
B26: =IF(EXACT(F25,F26),B25,B25+1) -> 11 | C26: =ORÇAMENTO!A98 -> 4.1.1.1.9 | D26: =ORÇAMENTO!B98 -> 5213346 | E26: =ORÇAMENTO!C98 -> SICRO3 | F26: =ORÇAMENTO!D98 -> BARREIRA DE SINALIZAÇÃO TIPO III DE DIRECIONAMENTO OU BLOQUEIO - UTILIZAÇÃO DE 150 CICLOS - FORNECIMENTO, 01 IMPLANTAÇÃO E 01 RETIRADA DIÁRIA | G26: =ORÇAMENTO!E98 -> UN.DIA | H26: =ORÇAMENTO!F98 -> 167 | I26: =ORÇAMENTO!G98 -> 8.06 | J26: =ORÇAMENTO!H98 -> 0.2122 | ... L26: =ORÇAMENTO!J98 -> 1631.59 | N26: =IF(F26=F25,IF(G26=G25,"OK!","ERRADO"),"DIFERENTE") -> DIFERENTE | O26: =IF(F26=F25,IF(I26=I25,"OK!","ERRADO"),"DIFERENTE") -> DIFERENTE | P26: =IF(F26=F25,IF(D26=D25,"OK!","ERRADO"),"DIFERENTE") -> DIFERENTE
B27: =IF(EXACT(F26,F27),B26,B26+1) -> 11 | C27: =ORÇAMENTO!A300 -> 5.1.1.1.9 | D27: =ORÇAMENTO!B300 -> 5213346 | E27: =ORÇAMENTO!C300 -> SICRO3 | F27: =ORÇAMENTO!D300 -> BARREIRA DE SINALIZAÇÃO TIPO III DE DIRECIONAMENTO OU BLOQUEIO - UTILIZAÇÃO DE 150 CICLOS - FORNECIMENTO, 01 IMPLANTAÇÃO E 01 RETIRADA DIÁRIA | G27: =ORÇAMENTO!E300 -> UN.DIA | H27: =ORÇAMENTO!F300 -> 616 | I27: =ORÇAMENTO!G300 -> 8.06 | J27: =ORÇAMENTO!H300 -> 0.2122 | ... L27: =ORÇAMENTO!J300 -> 6018.32 | N27: =IF(F27=F26,IF(G27=G26,"OK!","ERRADO"),"DIFERENTE") -> OK! | O27: =IF(F27=F26,IF(I27=I26,"OK!","ERRADO"),"DIFERENTE") -> OK! | P27: =IF(F27=F26,IF(D27=D26,"OK!","ERRADO"),"DIFERENTE") -> OK!
B28: =IF(EXACT(F27,F28),B27,B27+1) -> 12 | C28: =ORÇAMENTO!A170 -> 4.1.2.4.4 | D28: =ORÇAMENTO!B170 -> 4011276 | E28: =ORÇAMENTO!C170 -> SICRO3 | F28: =ORÇAMENTO!D170 -> BASE OU SUB-BASE DE BRITA GRADUADA COM BRITA COMERCIAL | G28: =ORÇAMENTO!E170 -> M³ | H28: =ORÇAMENTO!F170 -> 233.74669 | I28: =ORÇAMENTO!G170 -> 208.42 | J28: =ORÇAMENTO!H170 -> 0.2122 | ... L28: =ORÇAMENTO!J170 -> 59056.1 | N28: =IF(F28=F27,IF(G28=G27,"OK!","ERRADO"),"DIFERENTE") -> DIFERENTE | O28: =IF(F28=F27,IF(I28=I27,"OK!","ERRADO"),"DIFERENTE") -> DIFERENTE | P28: =IF(F28=F27,IF(D28=D27,"OK!","ERRADO"),"DIFERENTE") -> DIFERENTE
B29: =IF(EXACT(F28,F29),B28,B28+1) -> 12 | C29: =ORÇAMENTO!A230 -> 4.1.2.6.32 | D29: =ORÇAMENTO!B230 -> 4011276 | E29: =ORÇAMENTO!C230 -> SICRO3 | F29: =ORÇAMENTO!D230 -> BASE OU SUB-BASE DE BRITA GRADUADA COM BRITA COMERCIAL | G29: =ORÇAMENTO!E230 -> M³ | H29: =ORÇAMENTO!F230 -> 64.79 | I29: =ORÇAMENTO!G230 -> 208.42 | J29: =ORÇAMENTO!H230 -> 0.2122 | ... L29: =ORÇAMENTO!J230 -> 16369.19 | N29: =IF(F29=F28,IF(G29=G28,"OK!","ERRADO"),"DIFERENTE") -> OK! | O29: =IF(F29=F28,IF(I29=I28,"OK!","ERRADO"),"DIFERENTE") -> OK! | P29: =IF(F29=F28,IF(D29=D28,"OK!","ERRADO"),"DIFERENTE") -> OK!
B30: =IF(EXACT(F29,F30),B29,B29+1) -> 12 | C30: =ORÇAMENTO!A275 -> 4.3.9 | D30: =ORÇAMENTO!B275 -> 4011276 | E30: =ORÇAMENTO!C275 -> SICRO3 | F30: =ORÇAMENTO!D275 -> BASE OU SUB-BASE DE BRITA GRADUADA COM BRITA COMERCIAL | G30: =ORÇAMENTO!E275 -> M³ | H30: =ORÇAMENTO!F275 -> 15.377735 | I30: =ORÇAMENTO!G275 -> 208.42 | J30: =ORÇAMENTO!H275 -> 0.2122 | ... L30: =ORÇAMENTO!J275 -> 3885.18 | N30: =IF(F30=F29,IF(G30=G29,"OK!","ERRADO"),"DIFERENTE") -> OK! | O30: =IF(F30=F29,IF(I30=I29,"OK!","ERRADO"),"DIFERENTE") -> OK! | P30: =IF(F30=F29,IF(D30=D29,"OK!","ERRADO"),"DIFERENTE") -> OK!
B31: =IF(EXACT(F30,F31),B30,B30+1) -> 12 | C31: =ORÇAMENTO!A369 -> 5.1.2.4.4 | D31: =ORÇAMENTO!B369 -> 4011276 | E31: =ORÇAMENTO!C369 -> SICRO3 | F31: =ORÇAMENTO!D369 -> BASE OU SUB-BASE DE BRITA GRADUADA COM BRITA COMERCIAL | G31: =ORÇAMENTO!E369 -> M³ | H31: =ORÇAMENTO!F369 -> 376.5192 | I31: =ORÇAMENTO!G369 -> 208.42 | J31: =ORÇAMENTO!H369 -> 0.2122 | ... L31: =ORÇAMENTO!J369 -> 95127.57 | N31: =IF(F31=F30,IF(G31=G30,"OK!","ERRADO"),"DIFERENTE") -> OK! | O31: =IF(F31=F30,IF(I31=I30,"OK!","ERRADO"),"DIFERENTE") -> OK! | P31: =IF(F31=F30,IF(D31=D30,"OK!","ERRADO"),"DIFERENTE") -> OK!
B32: =IF(EXACT(F31,F32),B31,B31+1) -> 12 | C32: =ORÇAMENTO!A440 -> 5.1.2.7.32 | D32: =ORÇAMENTO!B440 -> 4011276 | E32: =ORÇAMENTO!C440 -> SICRO3 | F32: =ORÇAMENTO!D440 -> BASE OU SUB-BASE DE BRITA GRADUADA COM BRITA COMERCIAL | G32: =ORÇAMENTO!E440 -> M³ | H32: =ORÇAMENTO!F440 -> 124.67 | I32: =ORÇAMENTO!G440 -> 208.42 | J32: =ORÇAMENTO!H440 -> 0.2122 | ... L32: =ORÇAMENTO!J440 -> 31497.87 | N32: =IF(F32=F31,IF(G32=G31,"OK!","ERRADO"),"DIFERENTE") -> OK! | O32: =IF(F32=F31,IF(I32=I31,"OK!","ERRADO"),"DIFERENTE") -> OK! | P32: =IF(F32=F31,IF(D32=D31,"OK!","ERRADO"),"DIFERENTE") -> OK!
B33: =IF(EXACT(F32,F33),B32,B32+1) -> 12 | C33: =ORÇAMENTO!A512 -> 5.4.4.4 | D33: =ORÇAMENTO!B512 -> 4011276 | E33: =ORÇAMENTO!C512 -> SICRO3 | F33: =ORÇAMENTO!D512 -> BASE OU SUB-BASE DE BRITA GRADUADA COM BRITA COMERCIAL | G33: =ORÇAMENTO!E512 -> M³ | H33: =ORÇAMENTO!F512 -> 1382.69 | I33: =ORÇAMENTO!G512 -> 208.42 | J33: =ORÇAMENTO!H512 -> 0.2122 | ... L33: =ORÇAMENTO!J512 -> 349336.62 | N33: =IF(F33=F32,IF(G33=G32,"OK!","ERRADO"),"DIFERENTE") -> OK! | O33: =IF(F33=F32,IF(I33=I32,"OK!","ERRADO"),"DIFERENTE") -> OK! | P33: =IF(F33=F32,IF(D33=D32,"OK!","ERRADO"),"DIFERENTE") -> OK!
B34: =IF(EXACT(F33,F34),B33,B33+1) -> 12 | C34: =ORÇAMENTO!A537 -> 5.5.10 | D34: =ORÇAMENTO!B537 -> 4011276 | E34: =ORÇAMENTO!C537 -> SICRO3 | F34: =ORÇAMENTO!D537 -> BASE OU SUB-BASE DE BRITA GRADUADA COM BRITA COMERCIAL | G34: =ORÇAMENTO!E537 -> M³ | H34: =ORÇAMENTO!F537 -> 25.595056 | I34: =ORÇAMENTO!G537 -> 208.42 | J34: =ORÇAMENTO!H537 -> 0.2122 | ... L34: =ORÇAMENTO!J537 -> 6466.59 | N34: =IF(F34=F33,IF(G34=G33,"OK!","ERRADO"),"DIFERENTE") -> OK! | O34: =IF(F34=F33,IF(I34=I33,"OK!","ERRADO"),"DIFERENTE") -> OK! | P34: =IF(F34=F33,IF(D34=D33,"OK!","ERRADO"),"DIFERENTE") -> OK!
B35: =IF(EXACT(F34,F35),B34,B34+1) -> 13 | C35: =ORÇAMENTO!A264 -> 4.2.2.1 | D35: =ORÇAMENTO!B264 -> 25.14.01 | E35: =ORÇAMENTO!C264 -> EMBASA | F35: =ORÇAMENTO!D264 -> BOMBEAMENTO DE POCO DE VISITA | G35: =ORÇAMENTO!E264 -> UN | H35: =ORÇAMENTO!F264 -> 54 | I35: =ORÇAMENTO!G264 -> 165.13 | J35: =ORÇAMENTO!H264 -> 0.2122 | ... L35: =ORÇAMENTO!J264 -> 10809.18 | N35: =IF(F35=F34,IF(G35=G34,"OK!","ERRADO"),"DIFERENTE") -> DIFERENTE | O35: =IF(F35=F34,IF(I35=I34,"OK!","ERRADO"),"DIFERENTE") -> DIFERENTE | P35: =IF(F35=F34,IF(D35=D34,"OK!","ERRADO"),"DIFERENTE") -> DIFERENTE
B36: =IF(EXACT(F35,F36),B35,B35+1) -> 13 | C36: =ORÇAMENTO!A492 -> 5.3.2.1 | D36: =ORÇAMENTO!B492 -> 25.14.01 | E36: =ORÇAMENTO!C492 -> EMBASA | F36: =ORÇAMENTO!D492 -> BOMBEAMENTO DE POCO DE VISITA | G36: =ORÇAMENTO!E492 -> UN | H36: =ORÇAMENTO!F492 -> 75 | I36: =ORÇAMENTO!G492 -> 165.13 | J36: =ORÇAMENTO!H492 -> 0.2122 | ... L36: =ORÇAMENTO!J492 -> 15012.75 | N36: =IF(F36=F35,IF(G36=G35,"OK!","ERRADO"),"DIFERENTE") -> OK! | O36: =IF(F36=F35,IF(I36=I35,"OK!","ERRADO"),"DIFERENTE") -> OK! | P36: =IF(F36=F35,IF(D36=D35,"OK!","ERRADO"),"DIFERENTE") -> OK!
B37: =IF(EXACT(F36,F37),B36,B36+1) -> 14 | C37: =ORÇAMENTO!A407 -> 5.1.2.6.1 | D37: =ORÇAMENTO!B407 -> 0605507-M | E37: =ORÇAMENTO!C407 -> PRÓPRIO | F37: =ORÇAMENTO!D407 -> BUEIRO METÁLICO SEM INTERRUPÇÃO DE TRÁFEGO COM D = 1,80 M - CHAPA GALVANIZADA - ESCAVADO EM MATERIAL DE 1ª CATEGORIA - ATERRO RODOVIÁRIO MÁXIMO = 6 M, COM REVESTIMENTO INTERNO DE 360º COM COCNRETO, ESP. 10 CM - DIÂMETRO ACABADO = 1,60 M. | G37: =ORÇAMENTO!E407 -> M | H37: =ORÇAMENTO!F407 -> 20.79 | I37: =ORÇAMENTO!G407 -> 11292.61 | J37: =ORÇAMENTO!H407 -> 0.2122 | ... L37: =ORÇAMENTO!J407 -> 284592.23 | N37: =IF(F37=F36,IF(G37=G36,"OK!","ERRADO"),"DIFERENTE") -> DIFERENTE | O37: =IF(F37=F36,IF(I37=I36,"OK!","ERRADO"),"DIFERENTE") -> DIFERENTE | P37: =IF(F37=F36,IF(D37=D36,"OK!","ERRADO"),"DIFERENTE") -> DIFERENTE
B38: =IF(EXACT(F37,F38),B37,B37+1) -> 15 | C38: =ORÇAMENTO!A175 -> 4.1.2.4.9 | D38: =ORÇAMENTO!B175 -> M0344 | E38: =ORÇAMENTO!C175 -> SICRO3 | F38: =ORÇAMENTO!D175 -> CAL HIDRATADA - A GRANEL | G38: =ORÇAMENTO!E175 -> KG | H38: =ORÇAMENTO!F175 -> 30656.566 | I38: =ORÇAMENTO!G175 -> 0.54 | J38: =ORÇAMENTO!H175 -> 0.111 | ... L38: =ORÇAMENTO!J175 -> 18393.93 | N38: =IF(F38=F37,IF(G38=G37,"OK!","ERRADO"),"DIFERENTE") -> DIFERENTE | O38: =IF(F38=F37,IF(I38=I37,"OK!","ERRADO"),"DIFERENTE") -> DIFERENTE | P38: =IF(F38=F37,IF(D38=D37,"OK!","ERRADO"),"DIFERENTE") -> DIFERENTE
B39: =IF(EXACT(F38,F39),B38,B38+1) -> 15 | C39: =ORÇAMENTO!A231 -> 4.1.2.6.33 | D39: =ORÇAMENTO!B231 -> M0344 | E39: =ORÇAMENTO!C231 -> SICRO3 | F39: =ORÇAMENTO!D231 -> CAL HIDRATADA - A GRANEL | G39: =ORÇAMENTO!E231 -> KG | H39: =ORÇAMENTO!F231 -> 11060.35 | I39: =ORÇAMENTO!G231 -> 0.54 | J39: =ORÇAMENTO!H231 -> 0.111 | ... L39: =ORÇAMENTO!J231 -> 6636.21 | N39: =IF(F39=F38,IF(G39=G38,"OK!","ERRADO"),"DIFERENTE") -> OK! | O39: =IF(F39=F38,IF(I39=I38,"OK!","ERRADO"),"DIFERENTE") -> OK! | P39: =IF(F39=F38,IF(D39=D38,"OK!","ERRADO"),"DIFERENTE") -> OK!
B40: =IF(EXACT(F39,F40),B39,B39+1) -> 15 | C40: =ORÇAMENTO!A287 -> 4.3.21 | D40: =ORÇAMENTO!B287 -> M0344 | E40: =ORÇAMENTO!C287 -> SICRO3 | F40: =ORÇAMENTO!D287 -> CAL HIDRATADA - A GRANEL | G40: =ORÇAMENTO!E287 -> KG | H40: =ORÇAMENTO!F287 -> 4.1194585 | I40: =ORÇAMENTO!G287 -> 0.54 | J40: =ORÇAMENTO!H287 -> 0.111 | ... L40: =ORÇAMENTO!J287 -> 2.47 | N40: =IF(F40=F39,IF(G40=G39,"OK!","ERRADO"),"DIFERENTE") -> OK! | O40: =IF(F40=F39,IF(I40=I39,"OK!","ERRADO"),"DIFERENTE") -> OK! | P40: =IF(F40=F39,IF(D40=D39,"OK!","ERRADO"),"DIFERENTE") -> OK!
B41: =IF(EXACT(F40,F41),B40,B40+1) -> 15 | C41: =ORÇAMENTO!A374 -> 5.1.2.4.9 | D41: =ORÇAMENTO!B374 -> M0344 | E41: =ORÇAMENTO!C374 -> SICRO3 | F41: =ORÇAMENTO!D374 -> CAL HIDRATADA - A GRANEL | G41: =ORÇAMENTO!E374 -> KG | H41: =ORÇAMENTO!F374 -> 79767.43 | I41: =ORÇAMENTO!G374 -> 0.54 | J41: =ORÇAMENTO!H374 -> 0.111 | ... L41: =ORÇAMENTO!J374 -> 47860.45 | N41: =IF(F41=F40,IF(G41=G40,"OK!","ERRADO"),"DIFERENTE") -> OK! | O41: =IF(F41=F40,IF(I41=I40,"OK!","ERRADO"),"DIFERENTE") -> OK! | P41: =IF(F41=F40,IF(D41=D40,"OK!","ERRADO"),"DIFERENTE") -> OK!
B42: =IF(EXACT(F41,F42),B41,B41+1) -> 15 | C42: =ORÇAMENTO!A441 -> 5.1.2.7.33 | D42: =ORÇAMENTO!B441 -> M0344 | E42: =ORÇAMENTO!C441 -> SICRO3 | F42: =ORÇAMENTO!D441 -> CAL HIDRATADA - A GRANEL | G42: =ORÇAMENTO!E441 -> KG | H42: =ORÇAMENTO!F441 -> 32278.76 | I42: =ORÇAMENTO!G441 -> 0.54 | J42: =ORÇAMENTO!H441 -> 0.111 | ... L42: =ORÇAMENTO!J441 -> 19367.25 | N42: =IF(F42=F41,IF(G42=G41,"OK!","ERRADO"),"DIFERENTE") -> OK! | O42: =IF(F42=F41,IF(I42=I41,"OK!","ERRADO"),"DIFERENTE") -> OK! | P42: =IF(F42=F41,IF(D42=D41,"OK!","ERRADO"),"DIFERENTE") -> OK!
B43: =IF(EXACT(F42,F43),B42,B42+1) -> 15 | C43: =ORÇAMENTO!A521 -> 5.4.4.13 | D43: =ORÇAMENTO!B521 -> M0344 | E43: =ORÇAMENTO!C521 -> SICRO3 | F43: =ORÇAMENTO!D521 -> CAL HIDRATADA - A GRANEL | G43: =ORÇAMENTO!E521 -> KG | H43: =ORÇAMENTO!F521 -> 999.362 | I43: =ORÇAMENTO!G521 -> 0.54 | J43: =ORÇAMENTO!H521 -> 0.111 | ... L43: =ORÇAMENTO!J521 -> 599.61 | N43: =IF(F43=F42,IF(G43=G42,"OK!","ERRADO"),"DIFERENTE") -> OK! | O43: =IF(F43=F42,IF(I43=I42,"OK!","ERRADO"),"DIFERENTE") -> OK! | P43: =IF(F43=F42,IF(D43=D42,"OK!","ERRADO"),"DIFERENTE") -> OK!
B44: =IF(EXACT(F43,F44),B43,B43+1) -> 15 | C44: =ORÇAMENTO!A549 -> 5.5.22 | D44: =ORÇAMENTO!B549 -> M0344 | E44: =ORÇAMENTO!C549 -> SICRO3 | F44: =ORÇAMENTO!D549 -> CAL HIDRATADA - A GRANEL | G44: =ORÇAMENTO!E549 -> KG | H44: =ORÇAMENTO!F549 -> 5.5726545 | I44: =ORÇAMENTO!G549 -> 0.54 | J44: =ORÇAMENTO!H549 -> 0.111 | ... L44: =ORÇAMENTO!J549 -> 3.34 | N44: =IF(F44=F43,IF(G44=G43,"OK!","ERRADO"),"DIFERENTE") -> OK! | O44: =IF(F44=F43,IF(I44=I43,"OK!","ERRADO"),"DIFERENTE") -> OK! | P44: =IF(F44=F43,IF(D44=D43,"OK!","ERRADO"),"DIFERENTE") -> OK!
B45: =IF(EXACT(F44,F45),B44,B44+1) -> 16 | C45: =ORÇAMENTO!A103 -> 4.1.1.2.2 | D45: =ORÇAMENTO!B103 -> 100983 | E45: =ORÇAMENTO!C103 -> SINAPI | F45: =ORÇAMENTO!D103 -> CARGA, MANOBRA E DESCARGA DE ENTULHO EM CAMINHÃO BASCULANTE 14 M³ - CARGA COM ESCAVADEIRA HIDRÁULICA (CAÇAMBA DE 0,80 M³ / 111 HP) E DESCARGA LIVRE (UNIDADE: M3). AF_07/2020 | G45: =ORÇAMENTO!E103 -> M³ | H45: =ORÇAMENTO!F103 -> 62.616788 | I45: =ORÇAMENTO!G103 -> 8.81 | J45: =ORÇAMENTO!H103 -> 0.2122 | ... L45: =ORÇAMENTO!J103 -> 668.74 | N45: =IF(F45=F44,IF(G45=G44,"OK!","ERRADO"),"DIFERENTE") -> DIFERENTE | O45: =IF(F45=F44,IF(I45=I44,"OK!","ERRADO"),"DIFERENTE") -> DIFERENTE | P45: =IF(F45=F44,IF(D45=D44,"OK!","ERRADO"),"DIFERENTE") -> DIFERENTE
B46: =IF(EXACT(F45,F46),B45,B45+1) -> 16 | C46: =ORÇAMENTO!A108 -> 4.1.1.3.2 | D46: =ORÇAMENTO!B108 -> 100983 | E46: =ORÇAMENTO!C108 -> SINAPI | F46: =ORÇAMENTO!D108 -> CARGA, MANOBRA E DESCARGA DE ENTULHO EM CAMINHÃO BASCULANTE 14 M³ - CARGA COM ESCAVADEIRA HIDRÁULICA (CAÇAMBA DE 0,80 M³ / 111 HP) E DESCARGA LIVRE (UNIDADE: M3). AF_07/2020 | G46: =ORÇAMENTO!E108 -> M³ | H46: =ORÇAMENTO!F108 -> 31.395092 | I46: =ORÇAMENTO!G108 -> 8.81 | J46: =ORÇAMENTO!H108 -> 0.2122 | ... L46: =ORÇAMENTO!J108 -> 335.29 | N46: =IF(F46=F45,IF(G46=G45,"OK!","ERRADO"),"DIFERENTE") -> OK! | O46: =IF(F46=F45,IF(I46=I45,"OK!","ERRADO"),"DIFERENTE") -> OK! | P46: =IF(F46=F45,IF(D46=D45,"OK!","ERRADO"),"DIFERENTE") -> OK!
B47: =IF(EXACT(F46,F47),B46,B46+1) -> 16 | C47: =ORÇAMENTO!A113 -> 4.1.1.4.2 | D47: =ORÇAMENTO!B113 -> 100983 | E47: =ORÇAMENTO!C113 -> SINAPI | F47: =ORÇAMENTO!D113 -> CARGA, MANOBRA E DESCARGA DE ENTULHO EM CAMINHÃO BASCULANTE 14 M³ - CARGA COM ESCAVADEIRA HIDRÁULICA (CAÇAMBA DE 0,80 M³ / 111 HP) E DESCARGA LIVRE (UNIDADE: M3). AF_07/2020 | G47: =ORÇAMENTO!E113 -> M³ | H47: =ORÇAMENTO!F113 -> 232.35515 | I47: =ORÇAMENTO!G113 -> 8.81 | J47: =ORÇAMENTO!H113 -> 0.2122 | ... L47: =ORÇAMENTO!J113 -> 2481.55 | N47: =IF(F47=F46,IF(G47=G46,"OK!","ERRADO"),"DIFERENTE") -> OK! | O47: =IF(F47=F46,IF(I47=I46,"OK!","ERRADO"),"DIFERENTE") -> OK! | P47: =IF(F47=F46,IF(D47=D46,"OK!","ERRADO"),"DIFERENTE") -> OK!
B48: =IF(EXACT(F47,F48),B47,B47+1) -> 16 | C48: =ORÇAMENTO!A121 -> 4.1.1.5.5 | D48: =ORÇAMENTO!B121 -> 100983 | E48: =ORÇAMENTO!C121 -> SINAPI | F48: =ORÇAMENTO!D121 -> CARGA, MANOBRA E DESCARGA DE ENTULHO EM CAMINHÃO BASCULANTE 14 M³ - CARGA COM ESCAVADEIRA HIDRÁULICA (CAÇAMBA DE 0,80 M³ / 111 HP) E DESCARGA LIVRE (UNIDADE: M3). AF_07/2020 | G48: =ORÇAMENTO!E121 -> M³ | H48: =ORÇAMENTO!F121 -> 27.511848 | I48: =ORÇAMENTO!G121 -> 8.81 | J48: =ORÇAMENTO!H121 -> 0.2122 | ... L48: =ORÇAMENTO!J121 -> 293.82 | N48: =IF(F48=F47,IF(G48=G47,"OK!","ERRADO"),"DIFERENTE") -> OK! | O48: =IF(F48=F47,IF(I48=I47,"OK!","ERRADO"),"DIFERENTE") -> OK! | P48: =IF(F48=F47,IF(D48=D47,"OK!","ERRADO"),"DIFERENTE") -> OK!
B49: =IF(EXACT(F48,F49),B48,B48+1) -> 16 | C49: =ORÇAMENTO!A127 -> 4.1.1.6.3 | D49: =ORÇAMENTO!B127 -> 100983 | E49: =ORÇAMENTO!C127 -> SINAPI | F49: =ORÇAMENTO!D127 -> CARGA, MANOBRA E DESCARGA DE ENTULHO EM CAMINHÃO BASCULANTE 14 M³ - CARGA COM ESCAVADEIRA HIDRÁULICA (CAÇAMBA DE 0,80 M³ / 111 HP) E DESCARGA LIVRE (UNIDADE: M3). AF_07/2020 | G49: =ORÇAMENTO!E127 -> M³ | H49: =ORÇAMENTO!F127 -> 0 | I49: =ORÇAMENTO!G127 -> 8.81 | J49: =ORÇAMENTO!H127 -> 0.2122 | ... L49: =ORÇAMENTO!J127 -> 0 | N49: =IF(F49=F48,IF(G49=G48,"OK!","ERRADO"),"DIFERENTE") -> OK! | O49: =IF(F49=F48,IF(I49=I48,"OK!","ERRADO"),"DIFERENTE") -> OK! | P49: =IF(F49=F48,IF(D49=D48,"OK!","ERRADO"),"DIFERENTE") -> OK!
B50: =IF(EXACT(F49,F50),B49,B49+1) -> 16 | C50: =ORÇAMENTO!A132 -> 4.1.1.7.2 | D50: =ORÇAMENTO!B132 -> 100983 | E50: =ORÇAMENTO!C132 -> SINAPI | F50: =ORÇAMENTO!D132 -> CARGA, MANOBRA E DESCARGA DE ENTULHO EM CAMINHÃO BASCULANTE 14 M³ - CARGA COM ESCAVADEIRA HIDRÁULICA (CAÇAMBA DE 0,80 M³ / 111 HP) E DESCARGA LIVRE (UNIDADE: M3). AF_07/2020 | G50: =ORÇAMENTO!E132 -> M³ | H50: =ORÇAMENTO!F132 -> 0.83347081 | I50: =ORÇAMENTO!G132 -> 8.81 | J50: =ORÇAMENTO!H132 -> 0.2122 | ... L50: =ORÇAMENTO!J132 -> 8.9 | N50: =IF(F50=F49,IF(G50=G49,"OK!","ERRADO"),"DIFERENTE") -> OK! | O50: =IF(F50=F49,IF(I50=I49,"OK!","ERRADO"),"DIFERENTE") -> OK! | P50: =IF(F50=F49,IF(D50=D49,"OK!","ERRADO"),"DIFERENTE") -> OK!
B51: =IF(EXACT(F50,F51),B50,B50+1) -> 16 | C51: =ORÇAMENTO!A279 -> 4.3.13 | D51: =ORÇAMENTO!B279 -> 100983 | E51: =ORÇAMENTO!C279 -> SINAPI | F51: =ORÇAMENTO!D279 -> CARGA, MANOBRA E DESCARGA DE ENTULHO EM CAMINHÃO BASCULANTE 14 M³ - CARGA COM ESCAVADEIRA HIDRÁULICA (CAÇAMBA DE 0,80 M³ / 111 HP) E DESCARGA LIVRE (UNIDADE: M3). AF_07/2020 | G51: =ORÇAMENTO!E279 -> M³ | H51: =ORÇAMENTO!F279 -> 3.9852 | I51: =ORÇAMENTO!G279 -> 8.81 | J51: =ORÇAMENTO!H279 -> 0.2122 | ... L51: =ORÇAMENTO!J279 -> 42.56 | N51: =IF(F51=F50,IF(G51=G50,"OK!","ERRADO"),"DIFERENTE") -> OK! | O51: =IF(F51=F50,IF(I51=I50,"OK!","ERRADO"),"DIFERENTE") -> OK! | P51: =IF(F51=F50,IF(D51=D50,"OK!","ERRADO"),"DIFERENTE") -> OK!
B52: =IF(EXACT(F51,F52),B51,B51+1) -> 16 | C52: =ORÇAMENTO!A305 -> 5.1.1.2.2 | D52: =ORÇAMENTO!B305 -> 100983 | E52: =ORÇAMENTO!C305 -> SINAPI | F52: =ORÇAMENTO!D305 -> CARGA, MANOBRA E DESCARGA DE ENTULHO EM CAMINHÃO BASCULANTE 14 M³ - CARGA COM ESCAVADEIRA HIDRÁULICA (CAÇAMBA DE 0,80 M³ / 111 HP) E DESCARGA LIVRE (UNIDADE: M3). AF_07/2020 | G52: =ORÇAMENTO!E305 -> M³ | H52: =ORÇAMENTO!F305 -> 107.37774 | I52: =ORÇAMENTO!G305 -> 8.81 | J52: =ORÇAMENTO!H305 -> 0.2122 | ... L52: =ORÇAMENTO!J305 -> 1146.79 | N52: =IF(F52=F51,IF(G52=G51,"OK!","ERRADO"),"DIFERENTE") -> OK! | O52: =IF(F52=F51,IF(I52=I51,"OK!","ERRADO"),"DIFERENTE") -> OK! | P52: =IF(F52=F51,IF(D52=D51,"OK!","ERRADO"),"DIFERENTE") -> OK!
B53: =IF(EXACT(F52,F53),B52,B52+1) -> 16 | C53: =ORÇAMENTO!A310 -> 5.1.1.3.2 | D53: =ORÇAMENTO!B310 -> 100983 | E53: =ORÇAMENTO!C310 -> SINAPI | F53: =ORÇAMENTO!D310 -> CARGA, MANOBRA E DESCARGA DE ENTULHO EM CAMINHÃO BASCULANTE 14 M³ - CARGA COM ESCAVADEIRA HIDRÁULICA (CAÇAMBA DE 0,80 M³ / 111 HP) E DESCARGA LIVRE (UNIDADE: M3). AF_07/2020 | G53: =ORÇAMENTO!E310 -> M³ | H53: =ORÇAMENTO!F310 -> 96.234306 | I53: =ORÇAMENTO!G310 -> 8.81 | J53: =ORÇAMENTO!H310 -> 0.2122 | ... L53: =ORÇAMENTO!J310 -> 1027.78 | N53: =IF(F53=F52,IF(G53=G52,"OK!","ERRADO"),"DIFERENTE") -> OK! | O53: =IF(F53=F52,IF(I53=I52,"OK!","ERRADO"),"DIFERENTE") -> OK! | P53: =IF(F53=F52,IF(D53=D52,"OK!","ERRADO"),"DIFERENTE") -> OK!
B54: =IF(EXACT(F53,F54),B53,B53+1) -> 16 | C54: =ORÇAMENTO!A315 -> 5.1.1.4.2 | D54: =ORÇAMENTO!B315 -> 100983 | E54: =ORÇAMENTO!C315 -> SINAPI | F54: =ORÇAMENTO!D315 -> CARGA, MANOBRA E DESCARGA DE ENTULHO EM CAMINHÃO BASCULANTE 14 M³ - CARGA COM ESCAVADEIRA HIDRÁULICA (CAÇAMBA DE 0,80 M³ / 111 HP) E DESCARGA LIVRE (UNIDADE: M3). AF_07/2020 | G54: =ORÇAMENTO!E315 -> M³ | H54: =ORÇAMENTO!F315 -> 564.46518 | I54: =ORÇAMENTO!G315 -> 8.81 | J54: =ORÇAMENTO!H315 -> 0.2122 | ... L54: =ORÇAMENTO!J315 -> 6028.48 | N54: =IF(F54=F53,IF(G54=G53,"OK!","ERRADO"),"DIFERENTE") -> OK! | O54: =IF(F54=F53,IF(I54=I53,"OK!","ERRADO"),"DIFERENTE") -> OK! | P54: =IF(F54=F53,IF(D54=D53,"OK!","ERRADO"),"DIFERENTE") -> OK!
B55: =IF(EXACT(F54,F55),B54,B54+1) -> 16 | C55: =ORÇAMENTO!A323 -> 5.1.1.5.5 | D55: =ORÇAMENTO!B323 -> 100983 | E55: =ORÇAMENTO!C323 -> SINAPI | F55: =ORÇAMENTO!D323 -> CARGA, MANOBRA E DESCARGA DE ENTULHO EM CAMINHÃO BASCULANTE 14 M³ - CARGA COM ESCAVADEIRA HIDRÁULICA (CAÇAMBA DE 0,80 M³ / 111 HP) E DESCARGA LIVRE (UNIDADE: M3). AF_07/2020 | G55: =ORÇAMENTO!E323 -> M³ | H55: =ORÇAMENTO!F323 -> 63.1176 | I55: =ORÇAMENTO!G323 -> 8.81 | J55: =ORÇAMENTO!H323 -> 0.2122 | ... L55: =ORÇAMENTO!J323 -> 674.09 | N55: =IF(F55=F54,IF(G55=G54,"OK!","ERRADO"),"DIFERENTE") -> OK! | O55: =IF(F55=F54,IF(I55=I54,"OK!","ERRADO"),"DIFERENTE") -> OK! | P55: =IF(F55=F54,IF(D55=D54,"OK!","ERRADO"),"DIFERENTE") -> OK!
B56: =IF(EXACT(F55,F56),B55,B55+1) -> 16 | C56: =ORÇAMENTO!A328 -> 5.1.1.6.2 | D56: =ORÇAMENTO!B328 -> 100983 | E56: =ORÇAMENTO!C328 -> SINAPI | F56: =ORÇAMENTO!D328 -> CARGA, MANOBRA E DESCARGA DE ENTULHO EM CAMINHÃO BASCULANTE 14 M³ - CARGA COM ESCAVADEIRA HIDRÁULICA (CAÇAMBA DE 0,80 M³ / 111 HP) E DESCARGA LIVRE (UNIDADE: M3). AF_07/2020 | G56: =ORÇAMENTO!E328 -> M³ | H56: =ORÇAMENTO!F328 -> 1.8630524 | I56: =ORÇAMENTO!G328 -> 8.81 | J56: =ORÇAMENTO!H328 -> 0.2122 | ... L56: =ORÇAMENTO!J328 -> 19.89 | N56: =IF(F56=F55,IF(G56=G55,"OK!","ERRADO"),"DIFERENTE") -> OK! | O56: =IF(F56=F55,IF(I56=I55,"OK!","ERRADO"),"DIFERENTE") -> OK! | P56: =IF(F56=F55,IF(D56=D55,"OK!","ERRADO"),"DIFERENTE") -> OK!
B57: =IF(EXACT(F56,F57),B56,B56+1) -> 16 | C57: =ORÇAMENTO!A497 -> 5.4.1.2 | D57: =ORÇAMENTO!B497 -> 100983 | E57: =ORÇAMENTO!C497 -> SINAPI | F57: =ORÇAMENTO!D497 -> CARGA, MANOBRA E DESCARGA DE ENTULHO EM CAMINHÃO BASCULANTE 14 M³ - CARGA COM ESCAVADEIRA HIDRÁULICA (CAÇAMBA DE 0,80 M³ / 111 HP) E DESCARGA LIVRE (UNIDADE: M3). AF_07/2020 | G57: =ORÇAMENTO!E497 -> M³ | H57: =ORÇAMENTO!F497 -> 2855.32 | I57: =ORÇAMENTO!G497 -> 8.81 | J57: =ORÇAMENTO!H497 -> 0.2122 | ... L57: =ORÇAMENTO!J497 -> 30494.81 | N57: =IF(F57=F56,IF(G57=G56,"OK!","ERRADO"),"DIFERENTE") -> OK! | O57: =IF(F57=F56,IF(I57=I56,"OK!","ERRADO"),"DIFERENTE") -> OK! | P57: =IF(F57=F56,IF(D57=D56,"OK!","ERRADO"),"DIFERENTE") -> OK!
B58: =IF(EXACT(F57,F58),B57,B57+1) -> 16 | C58: =ORÇAMENTO!A541 -> 5.5.14 | D58: =ORÇAMENTO!B541 -> 100983 | E58: =ORÇAMENTO!C541 -> SINAPI | F58: =ORÇAMENTO!D541 -> CARGA, MANOBRA E DESCARGA DE ENTULHO EM CAMINHÃO BASCULANTE 14 M³ - CARGA COM ESCAVADEIRA HIDRÁULICA (CAÇAMBA DE 0,80 M³ / 111 HP) E DESCARGA LIVRE (UNIDADE: M3). AF_07/2020 | G58: =ORÇAMENTO!E541 -> M³ | H58: =ORÇAMENTO!F541 -> 6.4152 | I58: =ORÇAMENTO!G541 -> 8.81 | J58: =ORÇAMENTO!H541 -> 0.2122 | ... L58: =ORÇAMENTO!J541 -> 68.51 | N58: =IF(F58=F57,IF(G58=G57,"OK!","ERRADO"),"DIFERENTE") -> OK! | O58: =IF(F58=F57,IF(I58=I57,"OK!","ERRADO"),"DIFERENTE") -> OK! | P58: =IF(F58=F57,IF(D58=D57,"OK!","ERRADO"),"DIFERENTE") -> OK!
B59: =IF(EXACT(F58,F59),B58,B58+1) -> 17 | C59: =ORÇAMENTO!A150 -> 4.1.2.1.11 | D59: =ORÇAMENTO!B150 -> 100979 | E59: =ORÇAMENTO!C150 -> SINAPI | F59: =ORÇAMENTO!D150 -> CARGA, MANOBRA E DESCARGA DE SOLOS E MATERIAIS GRANULARES EM CAMINHÃO BASCULANTE 14 M³ - CARGA COM ESCAVADEIRA HIDRÁULICA (CAÇAMBA DE 1,20 M³ / 155 HP) E DESCARGA LIVRE (UNIDADE: M3). AF_07/2020 | G59: =ORÇAMENTO!E150 -> M³ | H59: =ORÇAMENTO!F150 -> 882.95072 | I59: =ORÇAMENTO!G150 -> 6.53 | J59: =ORÇAMENTO!H150 -> 0.2122 | ... L59: =ORÇAMENTO!J150 -> 6992.96 | N59: =IF(F59=F58,IF(G59=G58,"OK!","ERRADO"),"DIFERENTE") -> DIFERENTE | O59: =IF(F59=F58,IF(I59=I58,"OK!","ERRADO"),"DIFERENTE") -> DIFERENTE | P59: =IF(F59=F58,IF(D59=D58,"OK!","ERRADO"),"DIFERENTE") -> DIFERENTE
B60: =IF(EXACT(F59,F60),B59,B59+1) -> 17 | C60: =ORÇAMENTO!A181 -> 4.1.2.4.15 | D60: =ORÇAMENTO!B181 -> 100979 | E60: =ORÇAMENTO!C181 -> SINAPI | F60: =ORÇAMENTO!D181 -> CARGA, MANOBRA E DESCARGA DE SOLOS E MATERIAIS GRANULARES EM CAMINHÃO BASCULANTE 14 M³ - CARGA COM ESCAVADEIRA HIDRÁULICA (CAÇAMBA DE 1,20 M³ / 155 HP) E DESCARGA LIVRE (UNIDADE: M3). AF_07/2020 | G60: =ORÇAMENTO!E181 -> M³ | H60: =ORÇAMENTO!F181 -> 253.92534 | I60: =ORÇAMENTO!G181 -> 6.53 | J60: =ORÇAMENTO!H181 -> 0.2122 | ... L60: =ORÇAMENTO!J181 -> 2011.08 | N60: =IF(F60=F59,IF(G60=G59,"OK!","ERRADO"),"DIFERENTE") -> OK! | O60: =IF(F60=F59,IF(I60=I59,"OK!","ERRADO"),"DIFERENTE") -> OK! | P60: =IF(F60=F59,IF(D60=D59,"OK!","ERRADO"),"DIFERENTE") -> OK!
B61: =IF(EXACT(F60,F61),B60,B60+1) -> 17 | C61: =ORÇAMENTO!A234 -> 4.1.2.6.36 | D61: =ORÇAMENTO!B234 -> 100979 | E61: =ORÇAMENTO!C234 -> SINAPI | F61: =ORÇAMENTO!D234 -> CARGA, MANOBRA E DESCARGA DE SOLOS E MATERIAIS GRANULARES EM CAMINHÃO BASCULANTE 14 M³ - CARGA COM ESCAVADEIRA HIDRÁULICA (CAÇAMBA DE 1,20 M³ / 155 HP) E DESCARGA LIVRE (UNIDADE: M3). AF_07/2020 | G61: =ORÇAMENTO!E234 -> M³ | H61: =ORÇAMENTO!F234 -> 824.18 | I61: =ORÇAMENTO!G234 -> 6.53 | J61: =ORÇAMENTO!H234 -> 0.2122 | ... L61: =ORÇAMENTO!J234 -> 6527.5 | N61: =IF(F61=F60,IF(G61=G60,"OK!","ERRADO"),"DIFERENTE") -> OK! | O61: =IF(F61=F60,IF(I61=I60,"OK!","ERRADO"),"DIFERENTE") -> OK! | P61: =IF(F61=F60,IF(D61=D60,"OK!","ERRADO"),"DIFERENTE") -> OK!
B62: =IF(EXACT(F61,F62),B61,B61+1) -> 17 | C62: =ORÇAMENTO!A280 -> 4.3.14 | D62: =ORÇAMENTO!B280 -> 100979 | E62: =ORÇAMENTO!C280 -> SINAPI | F62: =ORÇAMENTO!D280 -> CARGA, MANOBRA E DESCARGA DE SOLOS E MATERIAIS GRANULARES EM CAMINHÃO BASCULANTE 14 M³ - CARGA COM ESCAVADEIRA HIDRÁULICA (CAÇAMBA DE 1,20 M³ / 155 HP) E DESCARGA LIVRE (UNIDADE: M3). AF_07/2020 | G62: =ORÇAMENTO!E280 -> M³ | H62: =ORÇAMENTO!F280 -> 18.490739 | I62: =ORÇAMENTO!G280 -> 6.53 | J62: =ORÇAMENTO!H280 -> 0.2122 | ... L62: =ORÇAMENTO!J280 -> 146.44 | N62: =IF(F62=F61,IF(G62=G61,"OK!","ERRADO"),"DIFERENTE") -> OK! | O62: =IF(F62=F61,IF(I62=I61,"OK!","ERRADO"),"DIFERENTE") -> OK! | P62: =IF(F62=F61,IF(D62=D61,"OK!","ERRADO"),"DIFERENTE") -> OK!
B63: =IF(EXACT(F62,F63),B62,B62+1) -> 17 | C63: =ORÇAMENTO!A349 -> 5.1.2.1.14 | D63: =ORÇAMENTO!B349 -> 100979 | E63: =ORÇAMENTO!C349 -> SINAPI | F63: =ORÇAMENTO!D349 -> CARGA, MANOBRA E DESCARGA DE SOLOS E MATERIAIS GRANULARES EM CAMINHÃO BASCULANTE 14 M³ - CARGA COM ESCAVADEIRA HIDRÁULICA (CAÇAMBA DE 1,20 M³ / 155 HP) E DESCARGA LIVRE (UNIDADE: M3). AF_07/2020 | G63: =ORÇAMENTO!E349 -> M³ | H63: =ORÇAMENTO!F349 -> 1387.7778 | I63: =ORÇAMENTO!G349 -> 6.53 | J63: =ORÇAMENTO!H349 -> 0.2122 | ... L63: =ORÇAMENTO!J349 -> 10991.19 | N63: =IF(F63=F62,IF(G63=G62,"OK!","ERRADO"),"DIFERENTE") -> OK! | O63: =IF(F63=F62,IF(I63=I62,"OK!","ERRADO"),"DIFERENTE") -> OK! | P63: =IF(F63=F62,IF(D63=D62,"OK!","ERRADO"),"DIFERENTE") -> OK!
B64: =IF(EXACT(F63,F64),B63,B63+1) -> 17 | C64: =ORÇAMENTO!A380 -> 5.1.2.4.15 | D64: =ORÇAMENTO!B380 -> 100979 | E64: =ORÇAMENTO!C380 -> SINAPI | F64: =ORÇAMENTO!D380 -> CARGA, MANOBRA E DESCARGA DE SOLOS E MATERIAIS GRANULARES EM CAMINHÃO BASCULANTE 14 M³ - CARGA COM ESCAVADEIRA HIDRÁULICA (CAÇAMBA DE 1,20 M³ / 155 HP) E DESCARGA LIVRE (UNIDADE: M3). AF_07/2020 | G64: =ORÇAMENTO!E380 -> M³ | H64: =ORÇAMENTO!F380 -> 1088.0546 | I64: =ORÇAMENTO!G380 -> 6.53 | J64: =ORÇAMENTO!H380 -> 0.2122 | ... L64: =ORÇAMENTO!J380 -> 8617.39 | N64: =IF(F64=F63,IF(G64=G63,"OK!","ERRADO"),"DIFERENTE") -> OK! | O64: =IF(F64=F63,IF(I64=I63,"OK!","ERRADO"),"DIFERENTE") -> OK! | P64: =IF(F64=F63,IF(D64=D63,"OK!","ERRADO"),"DIFERENTE") -> OK!
B65: =IF(EXACT(F64,F65),B64,B64+1) -> 17 | C65: =ORÇAMENTO!A444 -> 5.1.2.7.36 | D65: =ORÇAMENTO!B444 -> 100979 | E65: =ORÇAMENTO!C444 -> SINAPI | F65: =ORÇAMENTO!D444 -> CARGA, MANOBRA E DESCARGA DE SOLOS E MATERIAIS GRANULARES EM CAMINHÃO BASCULANTE 14 M³ - CARGA COM ESCAVADEIRA HIDRÁULICA (CAÇAMBA DE 1,20 M³ / 155 HP) E DESCARGA LIVRE (UNIDADE: M3). AF_07/2020 | G65: =ORÇAMENTO!E444 -> M³ | H65: =ORÇAMENTO!F444 -> 2344.58 | I65: =ORÇAMENTO!G444 -> 6.53 | J65: =ORÇAMENTO!H444 -> 0.2122 | ... L65: =ORÇAMENTO!J444 -> 18569.07 | N65: =IF(F65=F64,IF(G65=G64,"OK!","ERRADO"),"DIFERENTE") -> OK! | O65: =IF(F65=F64,IF(I65=I64,"OK!","ERRADO"),"DIFERENTE") -> OK! | P65: =IF(F65=F64,IF(D65=D64,"OK!","ERRADO"),"DIFERENTE") -> OK!
B66: =IF(EXACT(F65,F66),B65,B65+1) -> 17 | C66: =ORÇAMENTO!A542 -> 5.5.15 | D66: =ORÇAMENTO!B542 -> 100979 | E66: =ORÇAMENTO!C542 -> SINAPI | F66: =ORÇAMENTO!D542 -> CARGA, MANOBRA E DESCARGA DE SOLOS E MATERIAIS GRANULARES EM CAMINHÃO BASCULANTE 14 M³ - CARGA COM ESCAVADEIRA HIDRÁULICA (CAÇAMBA DE 1,20 M³ / 155 HP) E DESCARGA LIVRE (UNIDADE: M3). AF_07/2020 | G66: =ORÇAMENTO!E542 -> M³ | H66: =ORÇAMENTO!F542 -> 32.234153 | I66: =ORÇAMENTO!G542 -> 6.53 | J66: =ORÇAMENTO!H542 -> 0.2122 | ... L66: =ORÇAMENTO!J542 -> 255.29 | N66: =IF(F66=F65,IF(G66=G65,"OK!","ERRADO"),"DIFERENTE") -> OK! | O66: =IF(F66=F65,IF(I66=I65,"OK!","ERRADO"),"DIFERENTE") -> OK! | P66: =IF(F66=F65,IF(D66=D65,"OK!","ERRADO"),"DIFERENTE") -> OK!
B67: =IF(EXACT(F66,F67),B66,B66+1) -> 18 | C67: =ORÇAMENTO!A192 -> 4.1.2.5.5 | D67: =ORÇAMENTO!B192 -> 101467 | E67: =ORÇAMENTO!C192 -> SINAPI | F67: =ORÇAMENTO!D192 -> CARGA, MANOBRA E DESCARGA DE TUBOS DE CONCRETO, DN 1000 MM, EM CAMINHÃO CARROCERIA COM GUINDAUTO (MUNCK) 11,7 TM. AF_07/2020 | G67: =ORÇAMENTO!E192 -> T | H67: =ORÇAMENTO!F192 -> 74.110382 | I67: =ORÇAMENTO!G192 -> 17.7 | J67: =ORÇAMENTO!H192 -> 0.2122 | ... L67: =ORÇAMENTO!J192 -> 1590.4 | N67: =IF(F67=F66,IF(G67=G66,"OK!","ERRADO"),"DIFERENTE") -> DIFERENTE | O67: =IF(F67=F66,IF(I67=I66,"OK!","ERRADO"),"DIFERENTE") -> DIFERENTE | P67: =IF(F67=F66,IF(D67=D66,"OK!","ERRADO"),"DIFERENTE") -> DIFERENTE
B68: =IF(EXACT(F67,F68),B67,B67+1) -> 18 | C68: =ORÇAMENTO!A398 -> 5.1.2.5.10 | D68: =ORÇAMENTO!B398 -> 101467 | E68: =ORÇAMENTO!C398 -> SINAPI | F68: =ORÇAMENTO!D398 -> CARGA, MANOBRA E DESCARGA DE TUBOS DE CONCRETO, DN 1000 MM, EM CAMINHÃO CARROCERIA COM GUINDAUTO (MUNCK) 11,7 TM. AF_07/2020 | G68: =ORÇAMENTO!E398 -> T | H68: =ORÇAMENTO!F398 -> 385.19362 | I68: =ORÇAMENTO!G398 -> 17.7 | J68: =ORÇAMENTO!H398 -> 0.2122 | ... L68: =ORÇAMENTO!J398 -> 8266.25 | N68: =IF(F68=F67,IF(G68=G67,"OK!","ERRADO"),"DIFERENTE") -> OK! | O68: =IF(F68=F67,IF(I68=I67,"OK!","ERRADO"),"DIFERENTE") -> OK! | P68: =IF(F68=F67,IF(D68=D67,"OK!","ERRADO"),"DIFERENTE") -> OK!
B69: =IF(EXACT(F68,F69),B68,B68+1) -> 19 | C69: =ORÇAMENTO!A194 -> 4.1.2.5.7 | D69: =ORÇAMENTO!B194 -> 101468 | E69: =ORÇAMENTO!C194 -> SINAPI | F69: =ORÇAMENTO!D194 -> CARGA, MANOBRA E DESCARGA DE TUBOS DE CONCRETO, DN 1200 MM, EM CAMINHÃO CARROCERIA COM GUINDAUTO (MUNCK) 11,7 TM. AF_07/2020 | G69: =ORÇAMENTO!E194 -> T | H69: =ORÇAMENTO!F194 -> 168.0492 | I69: =ORÇAMENTO!G194 -> 16.19 | J69: =ORÇAMENTO!H194 -> 0.2122 | ... L69: =ORÇAMENTO!J194 -> 3298.8 | N69: =IF(F69=F68,IF(G69=G68,"OK!","ERRADO"),"DIFERENTE") -> DIFERENTE | O69: =IF(F69=F68,IF(I69=I68,"OK!","ERRADO"),"DIFERENTE") -> DIFERENTE | P69: =IF(F69=F68,IF(D69=D68,"OK!","ERRADO"),"DIFERENTE") -> DIFERENTE
B70: =IF(EXACT(F69,F70),B69,B69+1) -> 19 | C70: =ORÇAMENTO!A401 -> 5.1.2.5.13 | D70: =ORÇAMENTO!B401 -> 101468 | E70: =ORÇAMENTO!C401 -> SINAPI | F70: =ORÇAMENTO!D401 -> CARGA, MANOBRA E DESCARGA DE TUBOS DE CONCRETO, DN 1200 MM, EM CAMINHÃO CARROCERIA COM GUINDAUTO (MUNCK) 11,7 TM. AF_07/2020 | G70: =ORÇAMENTO!E401 -> T | H70: =ORÇAMENTO!F401 -> 362.5232 | I70: =ORÇAMENTO!G401 -> 16.19 | J70: =ORÇAMENTO!H401 -> 0.2122 | ... L70: =ORÇAMENTO!J401 -> 7116.33 | N70: =IF(F70=F69,IF(G70=G69,"OK!","ERRADO"),"DIFERENTE") -> OK! | O70: =IF(F70=F69,IF(I70=I69,"OK!","ERRADO"),"DIFERENTE") -> OK! | P70: =IF(F70=F69,IF(D70=D69,"OK!","ERRADO"),"DIFERENTE") -> OK!
B71: =IF(EXACT(F70,F71),B70,B70+1) -> 20 | C71: =ORÇAMENTO!A196 -> 4.1.2.5.9 | D71: =ORÇAMENTO!B196 -> C0703 | E71: =ORÇAMENTO!C196 -> SEINFRA | F71: =ORÇAMENTO!D196 -> CARGA, MANOBRA E DESCARGA DE TUBOS DE CONCRETO, DN 1500 MM, EM CAMINHÃO CARROCERIA COM GUINDAUTO (MUNCK) 11,7 TM. | G71: =ORÇAMENTO!E196 -> T | H71: =ORÇAMENTO!F196 -> 506.3168 | I71: =ORÇAMENTO!G196 -> 94.99 | J71: =ORÇAMENTO!H196 -> 0.2122 | ... L71: =ORÇAMENTO!J196 -> 58302.37 | N71: =IF(F71=F70,IF(G71=G70,"OK!","ERRADO"),"DIFERENTE") -> DIFERENTE | O71: =IF(F71=F70,IF(I71=I70,"OK!","ERRADO"),"DIFERENTE") -> DIFERENTE | P71: =IF(F71=F70,IF(D71=D70,"OK!","ERRADO"),"DIFERENTE") -> DIFERENTE
B72: =IF(EXACT(F71,F72),B71,B71+1) -> 20 | C72: =ORÇAMENTO!A403 -> 5.1.2.5.15 | D72: =ORÇAMENTO!B403 -> C0703 | E72: =ORÇAMENTO!C403 -> SEINFRA | F72: =ORÇAMENTO!D403 -> CARGA, MANOBRA E DESCARGA DE TUBOS DE CONCRETO, DN 1500 MM, EM CAMINHÃO CARROCERIA COM GUINDAUTO (MUNCK) 11,7 TM. | G72: =ORÇAMENTO!E403 -> T | H72: =ORÇAMENTO!F403 -> 385.1056 | I72: =ORÇAMENTO!G403 -> 94.99 | J72: =ORÇAMENTO!H403 -> 0.2122 | ... L72: =ORÇAMENTO!J403 -> 44344.9 | N72: =IF(F72=F71,IF(G72=G71,"OK!","ERRADO"),"DIFERENTE") -> OK! | O72: =IF(F72=F71,IF(I72=I71,"OK!","ERRADO"),"DIFERENTE") -> OK! | P72: =IF(F72=F71,IF(D72=D71,"OK!","ERRADO"),"DIFERENTE") -> OK!
B73: =IF(EXACT(F72,F73),B72,B72+1) -> 21 | C73: =ORÇAMENTO!A390 -> 5.1.2.5.2 | D73: =ORÇAMENTO!B390 -> 101014 | E73: =ORÇAMENTO!C390 -> SINAPI | F73: =ORÇAMENTO!D390 -> CARGA, MANOBRA E DESCARGA DE TUBOS DE CONCRETO, DN 400 MM, EM CAMINHÃO CARROCERIA COM GUINDAUTO (MUNCK) 11,7 TM. AF_07/2020 | G73: =ORÇAMENTO!E390 -> T | H73: =ORÇAMENTO!F390 -> 93.65556 | I73: =ORÇAMENTO!G390 -> 40.47 | J73: =ORÇAMENTO!H390 -> 0.2122 | ... L73: =ORÇAMENTO!J390 -> 4594.74 | N73: =IF(F73=F72,IF(G73=G72,"OK!","ERRADO"),"DIFERENTE") -> DIFERENTE | O73: =IF(F73=F72,IF(I73=I72,"OK!","ERRADO"),"DIFERENTE") -> DIFERENTE | P73: =IF(F73=F72,IF(D73=D72,"OK!","ERRADO"),"DIFERENTE") -> DIFERENTE
B74: =IF(EXACT(F73,F74),B73,B73+1) -> 22 | C74: =ORÇAMENTO!A189 -> 4.1.2.5.2 | D74: =ORÇAMENTO!B189 -> 101463 | E74: =ORÇAMENTO!C189 -> SINAPI | F74: =ORÇAMENTO!D189 -> CARGA, MANOBRA E DESCARGA DE TUBOS DE CONCRETO, DN 600 MM, EM CAMINHÃO CARROCERIA COM GUINDAUTO (MUNCK) 11,7 TM. AF_07/2020 | G74: =ORÇAMENTO!E189 -> T | H74: =ORÇAMENTO!F189 -> 108.23842 | I74: =ORÇAMENTO!G189 -> 44.31 | J74: =ORÇAMENTO!H189 -> 0.2122 | ... L74: =ORÇAMENTO!J189 -> 5813.48 | N74: =IF(F74=F73,IF(G74=G73,"OK!","ERRADO"),"DIFERENTE") -> DIFERENTE | O74: =IF(F74=F73,IF(I74=I73,"OK!","ERRADO"),"DIFERENTE") -> DIFERENTE | P74: =IF(F74=F73,IF(D74=D73,"OK!","ERRADO"),"DIFERENTE") -> DIFERENTE
B75: =IF(EXACT(F74,F75),B74,B74+1) -> 22 | C75: =ORÇAMENTO!A393 -> 5.1.2.5.5 | D75: =ORÇAMENTO!B393 -> 101463 | E75: =ORÇAMENTO!C393 -> SINAPI | F75: =ORÇAMENTO!D393 -> CARGA, MANOBRA E DESCARGA DE TUBOS DE CONCRETO, DN 600 MM, EM CAMINHÃO CARROCERIA COM GUINDAUTO (MUNCK) 11,7 TM. AF_07/2020 | G75: =ORÇAMENTO!E393 -> T | H75: =ORÇAMENTO!F393 -> 245.2164 | I75: =ORÇAMENTO!G393 -> 44.31 | J75: =ORÇAMENTO!H393 -> 0.2122 | ... L75: =ORÇAMENTO!J393 -> 13170.57 | N75: =IF(F75=F74,IF(G75=G74,"OK!","ERRADO"),"DIFERENTE") -> OK! | O75: =IF(F75=F74,IF(I75=I74,"OK!","ERRADO"),"DIFERENTE") -> OK! | P75: =IF(F75=F74,IF(D75=D74,"OK!","ERRADO"),"DIFERENTE") -> OK!
B76: =IF(EXACT(F75,F76),B75,B75+1) -> 23 | C76: =ORÇAMENTO!A395 -> 5.1.2.5.7 | D76: =ORÇAMENTO!B395 -> 101465 | E76: =ORÇAMENTO!C395 -> SINAPI | F76: =ORÇAMENTO!D395 -> CARGA, MANOBRA E DESCARGA DE TUBOS DE CONCRETO, DN 800 MM, EM CAMINHÃO CARROCERIA COM GUINDAUTO (MUNCK) 11,7 TM. AF_07/2020 | G76: =ORÇAMENTO!E395 -> T | H76: =ORÇAMENTO!F395 -> 346.871 | I76: =ORÇAMENTO!G395 -> 26.01 | J76: =ORÇAMENTO!H395 -> 0.2122 | ... L76: =ORÇAMENTO!J395 -> 10936.84 | N76: =IF(F76=F75,IF(G76=G75,"OK!","ERRADO"),"DIFERENTE") -> DIFERENTE | O76: =IF(F76=F75,IF(I76=I75,"OK!","ERRADO"),"DIFERENTE") -> DIFERENTE | P76: =IF(F76=F75,IF(D76=D75,"OK!","ERRADO"),"DIFERENTE") -> DIFERENTE
B77: =IF(EXACT(F76,F77),B76,B76+1) -> 24 | C77: =ORÇAMENTO!A257 -> 4.1.2.7.9 | D77: =ORÇAMENTO!B257 -> 99318 | E77: =ORÇAMENTO!C257 -> SINAPI | F77: =ORÇAMENTO!D257 -> CHAMINÉ CIRCULAR PARA POÇO DE VISITA PARA DRENAGEM, EM CONCRETO PRÉ-MOLDADO, DIÂMETRO INTERNO = 0,6 M. AF_12/2020 | G77: =ORÇAMENTO!E257 -> M | H77: =ORÇAMENTO!F257 -> 27.86 | I77: =ORÇAMENTO!G257 -> 300.54 | J77: =ORÇAMENTO!H257 -> 0.2122 | ... L77: =ORÇAMENTO!J257 -> 10149.67 | N77: =IF(F77=F76,IF(G77=G76,"OK!","ERRADO"),"DIFERENTE") -> DIFERENTE | O77: =IF(F77=F76,IF(I77=I76,"OK!","ERRADO"),"DIFERENTE") -> DIFERENTE | P77: =IF(F77=F76,IF(D77=D76,"OK!","ERRADO"),"DIFERENTE") -> DIFERENTE
B78: =IF(EXACT(F77,F78),B77,B77+1) -> 24 | C78: =ORÇAMENTO!A270 -> 4.3.4 | D78: =ORÇAMENTO!B270 -> 99318 | E78: =ORÇAMENTO!C270 -> SINAPI | F78: =ORÇAMENTO!D270 -> CHAMINÉ CIRCULAR PARA POÇO DE VISITA PARA DRENAGEM, EM CONCRETO PRÉ-MOLDADO, DIÂMETRO INTERNO = 0,6 M. AF_12/2020 | G78: =ORÇAMENTO!E270 -> M | H78: =ORÇAMENTO!F270 -> 11.01 | I78: =ORÇAMENTO!G270 -> 300.54 | J78: =ORÇAMENTO!H270 -> 0.2122 | ... L78: =ORÇAMENTO!J270 -> 4011.05 | N78: =IF(F78=F77,IF(G78=G77,"OK!","ERRADO"),"DIFERENTE") -> OK! | O78: =IF(F78=F77,IF(I78=I77,"OK!","ERRADO"),"DIFERENTE") -> OK! | P78: =IF(F78=F77,IF(D78=D77,"OK!","ERRADO"),"DIFERENTE") -> OK!
B79: =IF(EXACT(F78,F79),B78,B78+1) -> 24 | C79: =ORÇAMENTO!A467 -> 5.1.2.8.9 | D79: =ORÇAMENTO!B467 -> 99318 | E79: =ORÇAMENTO!C467 -> SINAPI | F79: =ORÇAMENTO!D467 -> CHAMINÉ CIRCULAR PARA POÇO DE VISITA PARA DRENAGEM, EM CONCRETO PRÉ-MOLDADO, DIÂMETRO INTERNO = 0,6 M. AF_12/2020 | G79: =ORÇAMENTO!E467 -> M | H79: =ORÇAMENTO!F467 -> 52.57 | I79: =ORÇAMENTO!G467 -> 300.54 | J79: =ORÇAMENTO!H467 -> 0.2122 | ... L79: =ORÇAMENTO!J467 -> 19151.77 | N79: =IF(F79=F78,IF(G79=G78,"OK!","ERRADO"),"DIFERENTE") -> OK! | O79: =IF(F79=F78,IF(I79=I78,"OK!","ERRADO"),"DIFERENTE") -> OK! | P79: =IF(F79=F78,IF(D79=D78,"OK!","ERRADO"),"DIFERENTE") -> OK!
B80: =IF(EXACT(F79,F80),B79,B79+1) -> 24 | C80: =ORÇAMENTO!A532 -> 5.5.5 | D80: =ORÇAMENTO!B532 -> 99318 | E80: =ORÇAMENTO!C532 -> SINAPI | F80: =ORÇAMENTO!D532 -> CHAMINÉ CIRCULAR PARA POÇO DE VISITA PARA DRENAGEM, EM CONCRETO PRÉ-MOLDADO, DIÂMETRO INTERNO = 0,6 M. AF_12/2020 | G80: =ORÇAMENTO!E532 -> M | H80: =ORÇAMENTO!F532 -> 23.481 | I80: =ORÇAMENTO!G532 -> 300.54 | J80: =ORÇAMENTO!H532 -> 0.2122 | ... L80: =ORÇAMENTO!J532 -> 8554.36 | N80: =IF(F80=F79,IF(G80=G79,"OK!","ERRADO"),"DIFERENTE") -> OK! | O80: =IF(F80=F79,IF(I80=I79,"OK!","ERRADO"),"DIFERENTE") -> OK! | P80: =IF(F80=F79,IF(D80=D79,"OK!","ERRADO"),"DIFERENTE") -> OK!
B81: =IF(EXACT(F80,F81),B80,B80+1) -> 25 | C81: =ORÇAMENTO!A178 -> 4.1.2.4.12 | D81: =ORÇAMENTO!B178 -> ANP-CAP 50/70 | E81: =ORÇAMENTO!C178 -> PRÓPRIO | F81: =ORÇAMENTO!D178 -> CIMENTO ASFÁLTICO DE PETRÓLEO - CAP 50/70 FORNECIMENTO E TRANSPORTE | G81: =ORÇAMENTO!E178 -> T | H81: =ORÇAMENTO!F178 -> 9.5022228 | I81: =ORÇAMENTO!G178 -> 5274.22 | J81: =ORÇAMENTO!H178 -> 0.111 | ... L81: =ORÇAMENTO!J178 -> 55679.79 | N81: =IF(F81=F80,IF(G81=G80,"OK!","ERRADO"),"DIFERENTE") -> DIFERENTE | O81: =IF(F81=F80,IF(I81=I80,"OK!","ERRADO"),"DIFERENTE") -> DIFERENTE | P81: =IF(F81=F80,IF(D81=D80,"OK!","ERRADO"),"DIFERENTE") -> DIFERENTE
B82: =IF(EXACT(F81,F82),B81,B81+1) -> 25 | C82: =ORÇAMENTO!A228 -> 4.1.2.6.30 | D82: =ORÇAMENTO!B228 -> ANP-CAP 50/70 | E82: =ORÇAMENTO!C228 -> PRÓPRIO | F82: =ORÇAMENTO!D228 -> CIMENTO ASFÁLTICO DE PETRÓLEO - CAP 50/70 FORNECIMENTO E TRANSPORTE | G82: =ORÇAMENTO!E228 -> T | H82: =ORÇAMENTO!F228 -> 1.97 | I82: =ORÇAMENTO!G228 -> 5274.22 | J82: =ORÇAMENTO!H228 -> 0.111 | ... L82: =ORÇAMENTO!J228 -> 11543.53 | N82: =IF(F82=F81,IF(G82=G81,"OK!","ERRADO"),"DIFERENTE") -> OK! | O82: =IF(F82=F81,IF(I82=I81,"OK!","ERRADO"),"DIFERENTE") -> OK! | P82: =IF(F82=F81,IF(D82=D81,"OK!","ERRADO"),"DIFERENTE") -> OK!
B83: =IF(EXACT(F82,F83),B82,B82+1) -> 25 | C83: =ORÇAMENTO!A284 -> 4.3.18 | D83: =ORÇAMENTO!B284 -> ANP-CAP 50/70 | E83: =ORÇAMENTO!C284 -> PRÓPRIO | F83: =ORÇAMENTO!D284 -> CIMENTO ASFÁLTICO DE PETRÓLEO - CAP 50/70 FORNECIMENTO E TRANSPORTE | G83: =ORÇAMENTO!E284 -> T | H83: =ORÇAMENTO!F284 -> 0.55198662 | I83: =ORÇAMENTO!G284 -> 5274.22 | J83: =ORÇAMENTO!H284 -> 0.111 | ... L83: =ORÇAMENTO!J284 -> 3234.45 | N83: =IF(F83=F82,IF(G83=G82,"OK!","ERRADO"),"DIFERENTE") -> OK! | O83: =IF(F83=F82,IF(I83=I82,"OK!","ERRADO"),"DIFERENTE") -> OK! | P83: =IF(F83=F82,IF(D83=D82,"OK!","ERRADO"),"DIFERENTE") -> OK!
B84: =IF(EXACT(F83,F84),B83,B83+1) -> 25 | C84: =ORÇAMENTO!A377 -> 5.1.2.4.12 | D84: =ORÇAMENTO!B377 -> ANP-CAP 50/70 | E84: =ORÇAMENTO!C377 -> PRÓPRIO | F84: =ORÇAMENTO!D377 -> CIMENTO ASFÁLTICO DE PETRÓLEO - CAP 50/70 FORNECIMENTO E TRANSPORTE | G84: =ORÇAMENTO!E377 -> T | H84: =ORÇAMENTO!F377 -> 16.294787 | I84: =ORÇAMENTO!G377 -> 5274.22 | J84: =ORÇAMENTO!H377 -> 0.111 | ... L84: =ORÇAMENTO!J377 -> 95481.91 | N84: =IF(F84=F83,IF(G84=G83,"OK!","ERRADO"),"DIFERENTE") -> OK! | O84: =IF(F84=F83,IF(I84=I83,"OK!","ERRADO"),"DIFERENTE") -> OK! | P84: =IF(F84=F83,IF(D84=D83,"OK!","ERRADO"),"DIFERENTE") -> OK!
B85: =IF(EXACT(F84,F85),B84,B84+1) -> 25 | C85: =ORÇAMENTO!A438 -> 5.1.2.7.30 | D85: =ORÇAMENTO!B438 -> ANP-CAP 50/70 | E85: =ORÇAMENTO!C438 -> PRÓPRIO | F85: =ORÇAMENTO!D438 -> CIMENTO ASFÁLTICO DE PETRÓLEO - CAP 50/70 FORNECIMENTO E TRANSPORTE | G85: =ORÇAMENTO!E438 -> T | H85: =ORÇAMENTO!F438 -> 3.78 | I85: =ORÇAMENTO!G438 -> 5274.22 | J85: =ORÇAMENTO!H438 -> 0.111 | ... L85: =ORÇAMENTO!J438 -> 22149.51 | N85: =IF(F85=F84,IF(G85=G84,"OK!","ERRADO"),"DIFERENTE") -> OK! | O85: =IF(F85=F84,IF(I85=I84,"OK!","ERRADO"),"DIFERENTE") -> OK! | P85: =IF(F85=F84,IF(D85=D84,"OK!","ERRADO"),"DIFERENTE") -> OK!
B86: =IF(EXACT(F85,F86),B85,B85+1) -> 25 | C86: =ORÇAMENTO!A518 -> 5.4.4.10 | D86: =ORÇAMENTO!B518 -> ANP-CAP 50/70 | E86: =ORÇAMENTO!C518 -> PRÓPRIO | F86: =ORÇAMENTO!D518 -> CIMENTO ASFÁLTICO DE PETRÓLEO - CAP 50/70 FORNECIMENTO E TRANSPORTE | G86: =ORÇAMENTO!E518 -> T | H86: =ORÇAMENTO!F518 -> 41.549698 | I86: =ORÇAMENTO!G518 -> 5274.22 | J86: =ORÇAMENTO!H518 -> 0.111 | ... L86: =ORÇAMENTO!J518 -> 243467.1 | N86: =IF(F86=F85,IF(G86=G85,"OK!","ERRADO"),"DIFERENTE") -> OK! | O86: =IF(F86=F85,IF(I86=I85,"OK!","ERRADO"),"DIFERENTE") -> OK! | P86: =IF(F86=F85,IF(D86=D85,"OK!","ERRADO"),"DIFERENTE") -> OK!
B87: =IF(EXACT(F86,F87),B86,B86+1) -> 25 | C87: =ORÇAMENTO!A546 -> 5.5.19 | D87: =ORÇAMENTO!B546 -> ANP-CAP 50/70 | E87: =ORÇAMENTO!C546 -> PRÓPRIO | F87: =ORÇAMENTO!D546 -> CIMENTO ASFÁLTICO DE PETRÓLEO - CAP 50/70 FORNECIMENTO E TRANSPORTE | G87: =ORÇAMENTO!E546 -> T | H87: =ORÇAMENTO!F546 -> 0.88856383 | I87: =ORÇAMENTO!G546 -> 5274.22 | J87: =ORÇAMENTO!H546 -> 0.111 | ... L87: =ORÇAMENTO!J546 -> 5206.68 | N87: =IF(F87=F86,IF(G87=G86,"OK!","ERRADO"),"DIFERENTE") -> OK! | O87: =IF(F87=F86,IF(I87=I86,"OK!","ERRADO"),"DIFERENTE") -> OK! | P87: =IF(F87=F86,IF(D87=D86,"OK!","ERRADO"),"DIFERENTE") -> OK!
B88: =IF(EXACT(F87,F88),B87,B87+1) -> 26 | C88: =ORÇAMENTO!A278 -> 4.3.12 | D88: =ORÇAMENTO!B278 -> 5503041 | E88: =ORÇAMENTO!C278 -> SICRO3 | F88: =ORÇAMENTO!D278 -> COMPACTAÇÃO DE ATERROS A 100% DO PROCTOR INTERMEDIÁRIO | G88: =ORÇAMENTO!E278 -> M³ | H88: =ORÇAMENTO!F278 -> 11.29672 | I88: =ORÇAMENTO!G278 -> 8.59 | J88: =ORÇAMENTO!H278 -> 0.2122 | ... L88: =ORÇAMENTO!J278 -> 117.59 | N88: =IF(F88=F87,IF(G88=G87,"OK!","ERRADO"),"DIFERENTE") -> DIFERENTE | O88: =IF(F88=F87,IF(I88=I87,"OK!","ERRADO"),"DIFERENTE") -> DIFERENTE | P88: =IF(F88=F87,IF(D88=D87,"OK!","ERRADO"),"DIFERENTE") -> DIFERENTE
B89: =IF(EXACT(F88,F89),B88,B88+1) -> 26 | C89: =ORÇAMENTO!A510 -> 5.4.4.2 | D89: =ORÇAMENTO!B510 -> 5503041 | E89: =ORÇAMENTO!C510 -> SICRO3 | F89: =ORÇAMENTO!D510 -> COMPACTAÇÃO DE ATERROS A 100% DO PROCTOR INTERMEDIÁRIO | G89: =ORÇAMENTO!E510 -> M³ | H89: =ORÇAMENTO!F510 -> 3807.11 | I89: =ORÇAMENTO!G510 -> 8.59 | J89: =ORÇAMENTO!H510 -> 0.2122 | ... L89: =ORÇAMENTO!J510 -> 39632.01 | N89: =IF(F89=F88,IF(G89=G88,"OK!","ERRADO"),"DIFERENTE") -> OK! | O89: =IF(F89=F88,IF(I89=I88,"OK!","ERRADO"),"DIFERENTE") -> OK! | P89: =IF(F89=F88,IF(D89=D88,"OK!","ERRADO"),"DIFERENTE") -> OK!
B90: =IF(EXACT(F89,F90),B89,B89+1) -> 26 | C90: =ORÇAMENTO!A540 -> 5.5.13 | D90: =ORÇAMENTO!B540 -> 5503041 | E90: =ORÇAMENTO!C540 -> SICRO3 | F90: =ORÇAMENTO!D540 -> COMPACTAÇÃO DE ATERROS A 100% DO PROCTOR INTERMEDIÁRIO | G90: =ORÇAMENTO!E540 -> M³ | H90: =ORÇAMENTO!F540 -> 35.883352 | I90: =ORÇAMENTO!G540 -> 8.59 | J90: =ORÇAMENTO!H540 -> 0.2122 | ... L90: =ORÇAMENTO!J540 -> 373.54 | N90: =IF(F90=F89,IF(G90=G89,"OK!","ERRADO"),"DIFERENTE") -> OK! | O90: =IF(F90=F89,IF(I90=I89,"OK!","ERRADO"),"DIFERENTE") -> OK! | P90: =IF(F90=F89,IF(D90=D89,"OK!","ERRADO"),"DIFERENTE") -> OK!
B91: =IF(EXACT(F90,F91),B90,B90+1) -> 27 | C91: =ORÇAMENTO!A252 -> 4.1.2.7.4 | D91: =ORÇAMENTO!B252 -> 94969 | E91: =ORÇAMENTO!C252 -> SINAPI | F91: =ORÇAMENTO!D252 -> CONCRETO FCK = 15MPA, TRAÇO 1:3,4:3,5 (EM MASSA SECA DE CIMENTO/ AREIA MÉDIA/ BRITA 1) - PREPARO MECÂNICO COM BETONEIRA 600 L. AF_05/2021 | G91: =ORÇAMENTO!E252 -> M³ | H91: =ORÇAMENTO!F252 -> 21.86 | I91: =ORÇAMENTO!G252 -> 430.64 | J91: =ORÇAMENTO!H252 -> 0.2122 | ... L91: =ORÇAMENTO!J252 -> 11411.35 | N91: =IF(F91=F90,IF(G91=G90,"OK!","ERRADO"),"DIFERENTE") -> DIFERENTE | O91: =IF(F91=F90,IF(I91=I90,"OK!","ERRADO"),"DIFERENTE") -> DIFERENTE | P91: =IF(F91=F90,IF(D91=D90,"OK!","ERRADO"),"DIFERENTE") -> DIFERENTE
B92: =IF(EXACT(F91,F92),B91,B91+1) -> 27 | C92: =ORÇAMENTO!A462 -> 5.1.2.8.4 | D92: =ORÇAMENTO!B462 -> 94969 | E92: =ORÇAMENTO!C462 -> SINAPI | F92: =ORÇAMENTO!D462 -> CONCRETO FCK = 15MPA, TRAÇO 1:3,4:3,5 (EM MASSA SECA DE CIMENTO/ AREIA MÉDIA/ BRITA 1) - PREPARO MECÂNICO COM BETONEIRA 600 L. AF_05/2021 | G92: =ORÇAMENTO!E462 -> M³ | H92: =ORÇAMENTO!F462 -> 26.18 | I92: =ORÇAMENTO!G462 -> 430.64 | J92: =ORÇAMENTO!H462 -> 0.2122 | ... L92: =ORÇAMENTO!J462 -> 13666.48 | N92: =IF(F92=F91,IF(G92=G91,"OK!","ERRADO"),"DIFERENTE") -> OK! | O92: =IF(F92=F91,IF(I92=I91,"OK!","ERRADO"),"DIFERENTE") -> OK! | P92: =IF(F92=F91,IF(D92=D91,"OK!","ERRADO"),"DIFERENTE") -> OK!
B93: =IF(EXACT(F92,F93),B92,B92+1) -> 27 | C93: =ORÇAMENTO!A470 -> 5.1.2.9.2 | D93: =ORÇAMENTO!B470 -> 94969 | E93: =ORÇAMENTO!C470 -> SINAPI | F93: =ORÇAMENTO!D470 -> CONCRETO FCK = 15MPA, TRAÇO 1:3,4:3,5 (EM MASSA SECA DE CIMENTO/ AREIA MÉDIA/ BRITA 1) - PREPARO MECÂNICO COM BETONEIRA 600 L. AF_05/2021 | G93: =ORÇAMENTO!E470 -> M³ | H93: =ORÇAMENTO!F470 -> 15.08 | I93: =ORÇAMENTO!G470 -> 430.64 | J93: =ORÇAMENTO!H470 -> 0.2122 | ... L93: =ORÇAMENTO!J470 -> 7872.06 | N93: =IF(F93=F92,IF(G93=G92,"OK!","ERRADO"),"DIFERENTE") -> OK! | O93: =IF(F93=F92,IF(I93=I92,"OK!","ERRADO"),"DIFERENTE") -> OK! | P93: =IF(F93=F92,IF(D93=D92,"OK!","ERRADO"),"DIFERENTE") -> OK!
B94: =IF(EXACT(F93,F94),B93,B93+1) -> 27 | C94: =ORÇAMENTO!A478 -> 5.1.2.10.3 | D94: =ORÇAMENTO!B478 -> 94969 | E94: =ORÇAMENTO!C478 -> SINAPI | F94: =ORÇAMENTO!D478 -> CONCRETO FCK = 15MPA, TRAÇO 1:3,4:3,5 (EM MASSA SECA DE CIMENTO/ AREIA MÉDIA/ BRITA 1) - PREPARO MECÂNICO COM BETONEIRA 600 L. AF_05/2021 | G94: =ORÇAMENTO!E478 -> M³ | H94: =ORÇAMENTO!F478 -> 2.4 | I94: =ORÇAMENTO!G478 -> 430.64 | J94: =ORÇAMENTO!H478 -> 0.2122 | ... L94: =ORÇAMENTO!J478 -> 1252.84 | N94: =IF(F94=F93,IF(G94=G93,"OK!","ERRADO"),"DIFERENTE") -> OK! | O94: =IF(F94=F93,IF(I94=I93,"OK!","ERRADO"),"DIFERENTE") -> OK! | P94: =IF(F94=F93,IF(D94=D93,"OK!","ERRADO"),"DIFERENTE") -> OK!
B95: =IF(EXACT(F94,F95),B94,B94+1) -> 28 | C95: =ORÇAMENTO!A243 -> 4.1.2.6.45 | D95: =ORÇAMENTO!B243 -> 94971 | E95: =ORÇAMENTO!C243 -> SINAPI | F95: =ORÇAMENTO!D243 -> CONCRETO FCK = 25MPA, TRAÇO 1:2,3:2,7 (EM MASSA SECA DE CIMENTO/ AREIA MÉDIA/ BRITA 1) - PREPARO MECÂNICO COM BETONEIRA 600 L. AF_05/2021 | G95: =ORÇAMENTO!E243 -> M³ | H95: =ORÇAMENTO!F243 -> 68.91 | I95: =ORÇAMENTO!G243 -> 470.06 | J95: =ORÇAMENTO!H243 -> 0.2122 | ... L95: =ORÇAMENTO!J243 -> 39265.6 | N95: =IF(F95=F94,IF(G95=G94,"OK!","ERRADO"),"DIFERENTE") -> DIFERENTE | O95: =IF(F95=F94,IF(I95=I94,"OK!","ERRADO"),"DIFERENTE") -> DIFERENTE | P95: =IF(F95=F94,IF(D95=D94,"OK!","ERRADO"),"DIFERENTE") -> DIFERENTE
B96: =IF(EXACT(F95,F96),B95,B95+1) -> 28 | C96: =ORÇAMENTO!A253 -> 4.1.2.7.5 | D96: =ORÇAMENTO!B253 -> 94971 | E96: =ORÇAMENTO!C253 -> SINAPI | F96: =ORÇAMENTO!D253 -> CONCRETO FCK = 25MPA, TRAÇO 1:2,3:2,7 (EM MASSA SECA DE CIMENTO/ AREIA MÉDIA/ BRITA 1) - PREPARO MECÂNICO COM BETONEIRA 600 L. AF_05/2021 | G96: =ORÇAMENTO!E253 -> M³ | H96: =ORÇAMENTO!F253 -> 48.79 | I96: =ORÇAMENTO!G253 -> 470.06 | J96: =ORÇAMENTO!H253 -> 0.2122 | ... L96: =ORÇAMENTO!J253 -> 27801.02 | N96: =IF(F96=F95,IF(G96=G95,"OK!","ERRADO"),"DIFERENTE") -> OK! | O96: =IF(F96=F95,IF(I96=I95,"OK!","ERRADO"),"DIFERENTE") -> OK! | P96: =IF(F96=F95,IF(D96=D95,"OK!","ERRADO"),"DIFERENTE") -> OK!
B97: =IF(EXACT(F96,F97),B96,B96+1) -> 28 | C97: =ORÇAMENTO!A453 -> 5.1.2.7.45 | D97: =ORÇAMENTO!B453 -> 94971 | E97: =ORÇAMENTO!C453 -> SINAPI | F97: =ORÇAMENTO!D453 -> CONCRETO FCK = 25MPA, TRAÇO 1:2,3:2,7 (EM MASSA SECA DE CIMENTO/ AREIA MÉDIA/ BRITA 1) - PREPARO MECÂNICO COM BETONEIRA 600 L. AF_05/2021 | G97: =ORÇAMENTO!E453 -> M³ | H97: =ORÇAMENTO!F453 -> 167.69 | I97: =ORÇAMENTO!G453 -> 470.06 | J97: =ORÇAMENTO!H453 -> 0.2122 | ... L97: =ORÇAMENTO!J453 -> 95551.43 | N97: =IF(F97=F96,IF(G97=G96,"OK!","ERRADO"),"DIFERENTE") -> OK! | O97: =IF(F97=F96,IF(I97=I96,"OK!","ERRADO"),"DIFERENTE") -> OK! | P97: =IF(F97=F96,IF(D97=D96,"OK!","ERRADO"),"DIFERENTE") -> OK!
B98: =IF(EXACT(F97,F98),B97,B97+1) -> 28 | C98: =ORÇAMENTO!A463 -> 5.1.2.8.5 | D98: =ORÇAMENTO!B463 -> 94971 | E98: =ORÇAMENTO!C463 -> SINAPI | F98: =ORÇAMENTO!D463 -> CONCRETO FCK = 25MPA, TRAÇO 1:2,3:2,7 (EM MASSA SECA DE CIMENTO/ AREIA MÉDIA/ BRITA 1) - PREPARO MECÂNICO COM BETONEIRA 600 L. AF_05/2021 | G98: =ORÇAMENTO!E463 -> M³ | H98: =ORÇAMENTO!F463 -> 69.96 | I98: =ORÇAMENTO!G463 -> 470.06 | J98: =ORÇAMENTO!H463 -> 0.2122 | ... L98: =ORÇAMENTO!J463 -> 39863.9 | N98: =IF(F98=F97,IF(G98=G97,"OK!","ERRADO"),"DIFERENTE") -> OK! | O98: =IF(F98=F97,IF(I98=I97,"OK!","ERRADO"),"DIFERENTE") -> OK! | P98: =IF(F98=F97,IF(D98=D97,"OK!","ERRADO"),"DIFERENTE") -> OK!
B99: =IF(EXACT(F98,F99),B98,B98+1) -> 28 | C99: =ORÇAMENTO!A471 -> 5.1.2.9.3 | D99: =ORÇAMENTO!B471 -> 94971 | E99: =ORÇAMENTO!C471 -> SINAPI | F99: =ORÇAMENTO!D471 -> CONCRETO FCK = 25MPA, TRAÇO 1:2,3:2,7 (EM MASSA SECA DE CIMENTO/ AREIA MÉDIA/ BRITA 1) - PREPARO MECÂNICO COM BETONEIRA 600 L. AF_05/2021 | G99: =ORÇAMENTO!E471 -> M³ | H99: =ORÇAMENTO!F471 -> 288.4 | I99: =ORÇAMENTO!G471 -> 470.06 | J99: =ORÇAMENTO!H471 -> 0.2122 | ... L99: =ORÇAMENTO!J471 -> 164333.2 | N99: =IF(F99=F98,IF(G99=G98,"OK!","ERRADO"),"DIFERENTE") -> OK! | O99: =IF(F99=F98,IF(I99=I98,"OK!","ERRADO"),"DIFERENTE") -> OK! | P99: =IF(F99=F98,IF(D99=D98,"OK!","ERRADO"),"DIFERENTE") -> OK!
B100: =IF(EXACT(F99,F100),B99,B99+1) -> 28 | C100: =ORÇAMENTO!A479 -> 5.1.2.10.4 | D100: =ORÇAMENTO!B479 -> 94971 | E100: =ORÇAMENTO!C479 -> SINAPI | F100: =ORÇAMENTO!D479 -> CONCRETO FCK = 25MPA, TRAÇO 1:2,3:2,7 (EM MASSA SECA DE CIMENTO/ AREIA MÉDIA/ BRITA 1) - PREPARO MECÂNICO COM BETONEIRA 600 L. AF_05/2021 | G100: =ORÇAMENTO!E479 -> M³ | H100: =ORÇAMENTO!F479 -> 23.26 | I100: =ORÇAMENTO!G479 -> 470.06 | J100: =ORÇAMENTO!H479 -> 0.2122 | ... L100: =ORÇAMENTO!J479 -> 13253.78 | N100: =IF(F100=F99,IF(G100=G99,"OK!","ERRADO"),"DIFERENTE") -> OK! | O100: =IF(F100=F99,IF(I100=I99,"OK!","ERRADO"),"DIFERENTE") -> OK! | P100: =IF(F100=F99,IF(D100=D99,"OK!","ERRADO"),"DIFERENTE") -> OK!
...

Sheet ANEXO I - MEM. CÁLC
C1: =ORÇAMENTO!D2 -> REVISÃO E READEQUAÇÃO DOS PROJETOS EXECUTIVOS DE DRENAGEM NO SETOR HABITACIONAL MESTRE D'ARMAS, REGIÃO ADMINISTRATIVA DE PLANATINA - RA-PLAN, PELA SODF, NO DISTRITO FEDERAL - BLOCO 1 - LOTE 2 (ÁREA 5 E 6) CONTRATO: 21/2021- SODF - SEM DESONERAÇÃO
A2: MEMÓRIA DE CÁLCULO
A3: SERVIÇO: | C3: =ORÇAMENTO!D2 -> REVISÃO E READEQUAÇÃO DOS PROJETOS EXECUTIVOS DE DRENAGEM NO SETOR HABITACIONAL MESTRE D'ARMAS, REGIÃO ADMINISTRATIVA DE PLANATINA - RA-PLAN, PELA SODF, NO DISTRITO FEDERAL - BLOCO 1 - LOTE 2 (ÁREA 5 E 6) CONTRATO: 21/2021- SODF - SEM DESONERAÇÃO
A4: LOCALIDADE: | C4: BRASÍLIA-DF
A5: ITEM | B5: DISCRIMINAÇÃO | C5: UN.
A6: =ORÇAMENTO!A5 -> 1 | B6: =VLOOKUP(A6,ORÇAMENTO!A:K,4,0) -> ADMINISTRAÇÃO | D6: DURAÇÃO DA OBRA (MÊS): | E6: =COUNTA(CRONOGRAMA!D4:L4) -> 9
A7: =ORÇAMENTO!A6 -> 1.1 | B7: =VLOOKUP(A7,ORÇAMENTO!A:K,4,0) -> EQUIPE TÉCNICA GERENCIAL
A8: =ORÇAMENTO!A7 -> 1.1.1 | B8: =VLOOKUP(A8,ORÇAMENTO!A:K,4,0) -> MÃO DE OBRA EQUIPE TÉCNICA GERENCIAL
A9: =ORÇAMENTO!A8 -> 1.1.1.1 | B9: =VLOOKUP(A9,ORÇAMENTO!A:K,4,0) -> ENGENHEIRO CIVIL DE OBRA SENIOR COM ENCARGOS COMPLEMENTARES | C9: =VLOOKUP(A9,ORÇAMENTO!A:K,5,0) -> MES | D9: =SUM(E12:O12) -> 3 | E9: COMP. (M) | F9: LARG. (M) | G9: ALTURA (M) | H9: ESPES. (M) | I9: PERÍM. (M) | J9: DIÂM. (M) | K9: PESO (KG) | L9: % | M9: QUANT. | N9: ÁREA (M²) | O9: VOLUME (M³)
B10: Permanência 1 Profissional 1/3 PERIODO | M10: =E6/3 -> 3
B12: TOTAL | M12: =SUM(M10:M11) -> 3
A13: =ORÇAMENTO!A9 -> 1.1.1.2 | B13: =VLOOKUP(A13,ORÇAMENTO!A:K,4,0) -> ENGENHEIRO CIVIL DE OBRA PLENO COM ENCARGOS COMPLEMENTARES | C13: =VLOOKUP(A13,ORÇAMENTO!A:K,5,0) -> MES | D13: =SUM(E16:O16) -> 9 | E13: COMP. (M) | F13: LARG. (M) | G13: ALTURA (M) | H13: ESPES. (M) | I13: PERÍM. (M) | J13: DIÂM. (M) | K13: PESO (KG) | L13: % | M13: QUANT. | N13: ÁREA (M²) | O13: VOLUME (M³)
B14: Permanência 1 Profissional periodo integral | M14: =E6 -> 9
B16: TOTAL | M16: =SUM(M14:M15) -> 9
A17: =ORÇAMENTO!A10 -> 1.1.1.3 | B17: =VLOOKUP(A17,ORÇAMENTO!A:K,4,0) -> TECNICO DE EDIFICACOES COM ENCARGOS COMPLEMENTARES | C17: =VLOOKUP(A17,ORÇAMENTO!A:K,5,0) -> MES | D17: =SUM(E20:O20) -> 9 | E17: COMP. (M) | F17: LARG. (M) | G17: ALTURA (M) | H17: ESPES. (M) | I17: PERÍM. (M) | J17: DIÂM. (M) | K17: PESO (KG) | L17: % | M17: QUANT. | N17: ÁREA (M²) | O17: VOLUME (M³)
B18: Permanência 1 Profissional periodo integral | M18: =M14 -> 9
B20: TOTAL | M20: =SUM(M18:M19) -> 9
A21: =ORÇAMENTO!A11 -> 1.1.1.4 | B21: =VLOOKUP(A21,ORÇAMENTO!A:K,4,0) -> TÉCNICO DE MEIO AMBIENTE COM ENCARGOS COMPLEMENTARES E ENCARGOS SOCIAIS E.S 70,04% | C21: =VLOOKUP(A21,ORÇAMENTO!A:K,5,0) -> MÊS | D21: =SUM(E24:O24) -> 4.5 | E21: COMP. (M) | F21: LARG. (M) | G21: ALTURA (M) | H21: ESPES. (M) | I21: PERÍM. (M) | J21: DIÂM. (M) | K21: PESO (KG) | L21: % | M21: QUANT. | N21: ÁREA (M²) | O21: VOLUME (M³)
B22: Permanência 1 Profissional Meio Periodo | M22: =M18/2 -> 4.5
B24: TOTAL | M24: =SUM(M22:M23) -> 4.5
A25: =ORÇAMENTO!A12 -> 1.1.2 | B25: =VLOOKUP(A25,ORÇAMENTO!A:K,4,0) -> VEICULOS EQUIPE TÉCNICA
A26: =ORÇAMENTO!A13 -> 1.1.2.1 | B26: =VLOOKUP(A26,ORÇAMENTO!A:K,4,0) -> VEICULO LEVE - 53 KW (SEM MOTORISTA) | C26: =VLOOKUP(A26,ORÇAMENTO!A:K,5,0) -> MÊS | D26: =SUM(E29:O29) -> 9 | E26: COMP. (M) | F26: LARG. (M) | G26: ALTURA (M) | H26: ESPES. (M) | I26: PERÍM. (M) | J26: DIÂM. (M) | K26: PESO (KG) | L26: % | M26: QUANT. | N26: ÁREA (M²) | O26: VOLUME (M³)
B27: PERÍODO INTEGRAL | M27: =M18 -> 9
B29: TOTAL | M29: =SUM(M27:M28) -> 9
A30: =ORÇAMENTO!A14 -> 1.2 | B30: =VLOOKUP(A30,ORÇAMENTO!A:K,4,0) -> EQUIPE GERENCIAL ADMINISTRATIVA
A31: =ORÇAMENTO!A15 -> 1.2.1 | B31: =VLOOKUP(A31,ORÇAMENTO!A:K,4,0) -> AUXILIAR DE ESCRITORIO COM ENCARGOS COMPLEMENTARES | C31: =VLOOKUP(A31,ORÇAMENTO!A:K,5,0) -> MES | D31: =SUM(E34:O34) -> 9 | E31: COMP. (M) | F31: LARG. (M) | G31: ALTURA (M) | H31: ESPES. (M) | I31: PERÍM. (M) | J31: DIÂM. (M) | K31: PESO (KG) | L31: % | M31: QUANT. | N31: ÁREA (M²) | O31: VOLUME (M³)
B32: Consideramos 1 profissionais | M32: =M27 -> 9
B34: TOTAL | M34: =SUM(M32:M33) -> 9
A35: =ORÇAMENTO!A16 -> 1.2.2 | B35: =VLOOKUP(A35,ORÇAMENTO!A:K,4,0) -> VIGIA NOTURNO COM ENCARGOS COMPLEMENTARES (MENSALISTA) COM ADICIONAL DE PERICULOSIDADE | C35: =VLOOKUP(A35,ORÇAMENTO!A:K,5,0) -> MÊS | D35: =SUM(E38:O38) -> 18 | E35: COMP. (M) | F35: LARG. (M) | G35: ALTURA (M) | H35: ESPES. (M) | I35: PERÍM. (M) | J35: DIÂM. (M) | K35: PESO (KG) | L35: % | M35: QUANT. | N35: ÁREA (M²) | O35: VOLUME (M³)
B36: Permanência 2 Profissionais por Periodo | M36: =M32*2 -> 18
B38: TOTAL | M38: =SUM(M36:M37) -> 18
A39: =ORÇAMENTO!A17 -> 1.2.3 | B39: =VLOOKUP(A39,ORÇAMENTO!A:K,4,0) -> VIGIA DIURNO COM ENCARGOS COMPLEMENTARES | C39: =VLOOKUP(A39,ORÇAMENTO!A:K,5,0) -> MES | D39: =SUM(E42:O42) -> 9 | E39: COMP. (M) | F39: LARG. (M) | G39: ALTURA (M) | H39: ESPES. (M) | I39: PERÍM. (M) | J39: DIÂM. (M) | K39: PESO (KG) | L39: % | M39: QUANT. | N39: ÁREA (M²) | O39: VOLUME (M³)
B40: Permanência 1 Profissional periodo integral | M40: =M32 -> 9
B42: TOTAL | M42: =SUM(M40:M41) -> 9
A43: =ORÇAMENTO!A18 -> 1.3 | B43: =VLOOKUP(A43,ORÇAMENTO!A:K,4,0) -> EQUIPE DE PRODUÇÃO
A44: =ORÇAMENTO!A19 -> 1.3.1 | B44: =VLOOKUP(A44,ORÇAMENTO!A:K,4,0) -> ENCARREGADO GERAL DE OBRAS COM ENCARGOS COMPLEMENTARES | C44: =VLOOKUP(A44,ORÇAMENTO!A:K,5,0) -> MES | D44: =SUM(E47:O47) -> 18 | E44: COMP. (M) | F44: LARG. (M) | G44: ALTURA (M) | H44: ESPES. (M) | I44: PERÍM. (M) | J44: DIÂM. (M) | K44: PESO (KG) | L44: % | M44: QUANT. | N44: ÁREA (M²) | O44: VOLUME (M³)
B45: Permanência 2 Profissional Periodo Integral - 1 p/a cada frente de trabalho | M45: =M40*2 -> 18
B47: TOTAL | M47: =SUM(M45:M46) -> 18
A48: =ORÇAMENTO!A20 -> 1.3.2 | B48: =VLOOKUP(A48,ORÇAMENTO!A:K,4,0) -> APONTADOR OU APROPRIADOR COM ENCARGOS COMPLEMENTARES | C48: =VLOOKUP(A48,ORÇAMENTO!A:K,5,0) -> MES | D48: =SUM(E51:O51) -> 9 | E48: COMP. (M) | F48: LARG. (M) | G48: ALTURA (M) | H48: ESPES. (M) | I48: PERÍM. (M) | J48: DIÂM. (M) | K48: PESO (KG) | L48: % | M48: QUANT. | N48: ÁREA (M²) | O48: VOLUME (M³)
B49: Consideramos 1 profissional | M49: =M40 -> 9
B51: TOTAL | M51: =SUM(M49:M50) -> 9
A52: =ORÇAMENTO!A21 -> 1.3.3 | B52: =VLOOKUP(A52,ORÇAMENTO!A:K,4,0) -> ALMOXARIFE COM ENCARGOS COMPLEMENTARES | C52: =VLOOKUP(A52,ORÇAMENTO!A:K,5,0) -> MES | D52: =SUM(E55:O55) -> 9 | E52: COMP. (M) | F52: LARG. (M) | G52: ALTURA (M) | H52: ESPES. (M) | I52: PERÍM. (M) | J52: DIÂM. (M) | K52: PESO (KG) | L52: % | M52: QUANT. | N52: ÁREA (M²) | O52: VOLUME (M³)
B53: Consideramos 1 profissional | M53: =M49 -> 9
B55: TOTAL | M55: =SUM(M53:M54) -> 9
A56: =ORÇAMENTO!A22 -> 1.3.4 | B56: =VLOOKUP(A56,ORÇAMENTO!A:K,4,0) -> AUXILIAR DE ALMOXARIFE COM ENCARGOS COMPLEMENTARES | C56: =VLOOKUP(A56,ORÇAMENTO!A:K,5,0) -> MES | D56: =SUM(E59:O59) -> 9 | E56: COMP. (M) | F56: LARG. (M) | G56: ALTURA (M) | H56: ESPES. (M) | I56: PERÍM. (M) | J56: DIÂM. (M) | K56: PESO (KG) | L56: % | M56: QUANT. | N56: ÁREA (M²) | O56: VOLUME (M³)
B57: Consideramos 1 profissional | M57: =M53 -> 9
B59: TOTAL | M59: =SUM(M57:M58) -> 9
A60: =ORÇAMENTO!A23 -> 1.4 | B60: =VLOOKUP(A60,ORÇAMENTO!A:K,4,0) -> EQUIPE DE TOPOGRAFIA
A61: =ORÇAMENTO!A24 -> 1.4.1 | B61: =VLOOKUP(A61,ORÇAMENTO!A:K,4,0) -> MÃO DE OBRA EQUIPE DE TOPOGRAFIA
A62: =ORÇAMENTO!A25 -> 1.4.1.1 | B62: =VLOOKUP(A62,ORÇAMENTO!A:K,4,0) -> TOPOGRAFO COM ENCARGOS COMPLEMENTARES | C62: =VLOOKUP(A62,ORÇAMENTO!A:K,5,0) -> MES | D62: =SUM(E65:O65) -> 9 | E62: COMP. (M) | F62: LARG. (M) | G62: ALTURA (M) | H62: ESPES. (M) | I62: PERÍM. (M) | J62: DIÂM. (M) | K62: PESO (KG) | L62: % | M62: QUANT. | N62: ÁREA (M²) | O62: VOLUME (M³)
B63: Permanência 1 Profissional Período integral | M63: =M57 -> 9
B65: TOTAL | M65: =SUM(M63:M64) -> 9
A66: =ORÇAMENTO!A26 -> 1.4.1.2 | B66: =VLOOKUP(A66,ORÇAMENTO!A:K,4,0) -> AUXILIAR DE TOPÓGRAFO COM ENCARGOS COMPLEMENTARES | C66: =VLOOKUP(A66,ORÇAMENTO!A:K,5,0) -> MES | D66: =SUM(E69:O69) -> 9 | E66: COMP. (M) | F66: LARG. (M) | G66: ALTURA (M) | H66: ESPES. (M) | I66: PERÍM. (M) | J66: DIÂM. (M) | K66: PESO (KG) | L66: % | M66: QUANT. | N66: ÁREA (M²) | O66: VOLUME (M³)
B67: Permanência 1 Profissionais Período integral | M67: =M63 -> 9
B69: TOTAL | M69: =SUM(M67:M68) -> 9
A70: =ORÇAMENTO!A27 -> 1.4.2 | B70: =VLOOKUP(A70,ORÇAMENTO!A:K,4,0) -> VEICULOS EQUIPE TOPOGRAFIA
A71: =ORÇAMENTO!A28 -> 1.4.2.1 | B71: =VLOOKUP(A71,ORÇAMENTO!A:K,4,0) -> VAN FURGÃO - 93KW | C71: =VLOOKUP(A71,ORÇAMENTO!A:K,5,0) -> MÊS | D71: =SUM(E74:O74) -> 9 | E71: COMP. (M) | F71: LARG. (M) | G71: ALTURA (M) | H71: ESPES. (M) | I71: PERÍM. (M) | J71: DIÂM. (M) | K71: PESO (KG) | L71: % | M71: QUANT. | N71: ÁREA (M²) | O71: VOLUME (M³)
B72: Período Integral | M72: =M67 -> 9
B74: TOTAL | M74: =SUM(M72:M73) -> 9
A75: =ORÇAMENTO!A29 -> 1.5 | B75: =VLOOKUP(A75,ORÇAMENTO!A:K,4,0) -> DETALHAMENTO PROJETO DRENAGEM
A76: =ORÇAMENTO!A30 -> 1.5.1 | B76: =VLOOKUP(A76,ORÇAMENTO!A:K,4,0) -> ENGENHEIRO CIVIL DE OBRA SENIOR COM ENCARGOS COMPLEMENTARES | C76: =VLOOKUP(A76,ORÇAMENTO!A:K,5,0) -> MES | D76: =SUM(E79:O79) -> 1 | E76: COMP. (M) | F76: LARG. (M) | G76: ALTURA (M) | H76: ESPES. (M) | I76: PERÍM. (M) | J76: DIÂM. (M) | K76: PESO (KG) | L76: % | M76: QUANT. | N76: ÁREA (M²) | O76: VOLUME (M³)
B77: Previsão de 1 mês engenheiro SENIOR para elaboração de projeto | M77: 1
B79: TOTAL | M79: =SUM(M77:M78) -> 1
A80: =ORÇAMENTO!A31 -> 1.5.2 | B80: =VLOOKUP(A80,ORÇAMENTO!A:K,4,0) -> DESENHISTA DETALHISTA COM ENCARGOS COMPLEMENTARES | C80: =VLOOKUP(A80,ORÇAMENTO!A:K,5,0) -> MES | D80: =SUM(E83:O83) -> 1 | E80: COMP. (M) | F80: LARG. (M) | G80: ALTURA (M) | H80: ESPES. (M) | I80: PERÍM. (M) | J80: DIÂM. (M) | K80: PESO (KG) | L80: % | M80: QUANT. | N80: ÁREA (M²) | O80: VOLUME (M³)
B81: Previsão de 1 mês de desenhista para elaboração de projeto | M81: 1
B83: TOTAL | M83: =SUM(M81:M82) -> 1
A84: =ORÇAMENTO!A32 -> 1.5.3 | B84: =VLOOKUP(A84,ORÇAMENTO!A:K,4,0) -> RELATORIO E ART DOS SERVIÇOS | C84: =VLOOKUP(A84,ORÇAMENTO!A:K,5,0) -> UN | D84: =SUM(E87:O87) -> 2 | E84: COMP. (M) | F84: LARG. (M) | G84: ALTURA (M) | H84: ESPES. (M) | I84: PERÍM. (M) | J84: DIÂM. (M) | K84: PESO (KG) | L84: % | M84: QUANT. | N84: ÁREA (M²) | O84: VOLUME (M³)
B85: Conforme Quantitativo Validado pelos projetistas | M85: 2
B87: TOTAL | M87: =SUM(M85:M86) -> 2
A88: =ORÇAMENTO!A33 -> 1.6 | B88: =VLOOKUP(A88,ORÇAMENTO!A:K,4,0) -> CONSUMOS MENSAIS ESTIMADOS
A89: =ORÇAMENTO!A34 -> 1.6.1 | B89: =VLOOKUP(A89,ORÇAMENTO!A:K,4,0) -> CONSUMO MENSAL DE ENERGIA ELÉTRICA- ESTIMADO | C89: =VLOOKUP(A89,ORÇAMENTO!A:K,5,0) -> MÊS | D89: =SUM(E92:O92) -> 7 | E89: COMP. (M) | F89: LARG. (M) | G89: ALTURA (M) | H89: ESPES. (M) | I89: PERÍM. (M) | J89: DIÂM. (M) | K89: PESO (KG) | L89: % | M89: QUANT. | N89: ÁREA (M²) | O89: VOLUME (M³)
B90: ESTIMADO (canteiro 30 pessoas) uso de 2 meses de gerador | M90: =E6-2 -> 7
B92: TOTAL | M92: =SUM(M90:M91) -> 7
A93: =ORÇAMENTO!A35 -> 1.6.2 | B93: =VLOOKUP(A93,ORÇAMENTO!A:K,4,0) -> CONSUMO MENSAL DE ÁGUA E ESGOTO - ESTIMADO | C93: =VLOOKUP(A93,ORÇAMENTO!A:K,5,0) -> MÊS | D93: =SUM(E96:O96) -> 9 | E93: COMP. (M) | F93: LARG. (M) | G93: ALTURA (M) | H93: ESPES. (M) | I93: PERÍM. (M) | J93: DIÂM. (M) | K93: PESO (KG) | L93: % | M93: QUANT. | N93: ÁREA (M²) | O93: VOLUME (M³)
B94: ESTIMADO (canteiro 30 pessoas) | M94: =E6 -> 9
B96: TOTAL | M96: =SUM(M94:M95) -> 9
A97: =ORÇAMENTO!A36 -> 1.7 | B97: =VLOOKUP(A97,ORÇAMENTO!A:K,4,0) -> DIVERSOS EQUIPAMENTOS
A98: =ORÇAMENTO!A37 -> 1.7.1 | B98: =VLOOKUP(A98,ORÇAMENTO!A:K,4,0) -> CAMINHÃO PIPA 6.000 L, PESO BRUTO TOTAL 13.000 KG, DISTÂNCIA ENTRE EIXOS 4,80 M, POTÊNCIA 189 CV INCLUSIVE TANQUE DE AÇO PARA TRANSPORTE DE ÁGUA, CAPACIDADE 6 M3 - CHP DIURNO. AF_06/2014 | C98: =VLOOKUP(A98,ORÇAMENTO!A:K,5,0) -> CHP | D98: =SUM(E101:O101) -> 396 | E98: DIAS | F98: HORAS | G98: MÊS | H98: ESPES. (M) | I98: PERÍM. (M) | J98: DIÂM. (M) | K98: PESO (KG) | L98: % | M98: QUANT. | N98: ÁREA (M²) | O98: VOLUME (M³)
B99: Caminhão pipa, considerado 22 dias x 2hs x 6meses Canteiro | E99: 22 | F99: 2 | G99: =M94 -> 9 | M99: =E99*F99*G99 -> 396
B101: TOTAL | M101: =SUM(M99:M100) -> 396
A102: =ORÇAMENTO!A38 -> 1.7.2 | B102: =VLOOKUP(A102,ORÇAMENTO!A:K,4,0) -> GRUPO GERADOR ESTACIONÁRIO, MOTOR DIESEL POTÊNCIA 170 KVA - CHP DIURNO. AF_02/2016 | C102: =VLOOKUP(A102,ORÇAMENTO!A:K,5,0) -> CHP | D102: =SUM(E105:O105) -> 88 | E102: COMP. (M) | F102: HORAS | G102: MÊS | H102: ESPES. (M) | I102: PERÍM. (M) | J102: DIÂM. (M) | K102: PESO (KG) | L102: % | M102: QUANT. | N102: ÁREA (M²) | O102: VOLUME (M³)
B103: Estimativo 44 hs /Mês (Produtivo)x 2 mês | F103: 44 | G103: 2 | M103: =G103*F103 -> 88
B105: TOTAL | M105: =SUM(M103:M104) -> 88
A106: =ORÇAMENTO!A39 -> 1.7.3 | B106: =VLOOKUP(A106,ORÇAMENTO!A:K,4,0) -> GRUPO GERADOR ESTACIONÁRIO, POTÊNCIA 150 KVA, MOTOR A DIESEL- CHI DIURNO. AF_03/2016 | C106: =VLOOKUP(A106,ORÇAMENTO!A:K,5,0) -> CHI | D106: =SUM(E109:O109) -> 352 | E106: COMP. (M) | F106: HORAS | G106: MÊS | H106: ESPES. (M) | I106: PERÍM. (M) | J106: DIÂM. (M) | K106: PESO (KG) | L106: % | M106: QUANT. | N106: ÁREA (M²) | O106: VOLUME (M³)
B107: Estimativo 176 hs /Mês (Improdutivo)x 2 mês | F107: 176 | G107: 2 | M107: =G107*F107 -> 352
B109: TOTAL | M109: =SUM(M107:M108) -> 352
A110: =ORÇAMENTO!A40 -> 1.8 | B110: =VLOOKUP(A110,ORÇAMENTO!A:K,4,0) -> RECUPERAÇÃO DA ÁREA DE CANTEIRO DE OBRAS - PRINCIPAL
A111: =ORÇAMENTO!A41 -> 1.8.1 | B111: =VLOOKUP(A111,ORÇAMENTO!A:K,4,0) -> REMOÇÃO DE TAPUME/ CHAPAS METÁLICAS E DE MADEIRA, DE FORMA MANUAL, SEM REAPROVEITAMENTO. AF_09/2023 | C111: =VLOOKUP(A111,ORÇAMENTO!A:K,5,0) -> M² | D111: =SUM(E120:O120) -> 388 | E111: COMP. (M) | F111: LARG. (M) | G111: ALTURA (M) | H111: ESPES. (M) | I111: PERÍM. (M) | J111: DIÂM. (M) | K111: PESO (KG) | L111: % | M111: QUANT. | N111: ÁREA (M²) | O111: VOLUME (M³)
B112: Dimensionamento de Canteiro de Obras CONF. NR-18 E NR-24.
B113: Inclusive Tapume (264 m2) | N113: 264
B114: Guarita (4 m2) | N114: 4
B115: Central de Formas (50 m2) | N115: 50
B116: Armação (50 m2) | N116: 50
B117: Depósito (20 m2) | N117: 20
B120: TOTAL | N120: =SUM(N113:N119) -> 388
A121: =ORÇAMENTO!A42 -> 1.8.2 | B121: =VLOOKUP(A121,ORÇAMENTO!A:K,4,0) -> CARGA, MANOBRA E DESCARGA DE ENTULHO EM CAMINHÃO BASCULANTE 14 M³ - CARGA COM ESCAVADEIRA HIDRÁULICA (CAÇAMBA DE 0,80 M³ / 111 HP) E DESCARGA LIVRE (UNIDADE: M3). AF_07/2020 | C121: =VLOOKUP(A121,ORÇAMENTO!A:K,5,0) -> M³ | D121: =SUM(E124:O124) -> 25.22 | E121: COMP. (M) | F121: LARG. (M) | G121: ALTURA (M) | H121: ESPES. (M) | I121: EMPOLAMENTO | J121: DIÂM. (M) | K121: PESO (KG) | L121: % | M121: QUANT. | N121: ÁREA (M²) | O121: VOLUME (M³)
B122: Àrea de demolição *0,05* Empolamento 1,30 | H122: 0.05 | I122: 1.3 | N122: =N120 -> 388 | O122: =N122*I122*H122 -> 25.22
B124: TOTAL | O124: =SUM(O122:O123) -> 25.22
A125: =ORÇAMENTO!A43 -> 1.8.3 | B125: =VLOOKUP(A125,ORÇAMENTO!A:K,4,0) -> TRANSPORTE COM CAMINHÃO BASCULANTE DE 14 M³, EM VIA URBANA PAVIMENTADA, DMT ATÉ 30 KM (UNIDADE: M3XKM). AF_07/2020 | C125: =VLOOKUP(A125,ORÇAMENTO!A:K,5,0) -> M3XKM | D125: =SUM(E128:O128) -> 756.6 | E125: COMP. (M) | F125: DIST. (KM) | G125: ALTURA (M) | H125: ESPES. (M) | I125: PERÍM. (M) | J125: DIÂM. (M) | K125: PESO (KG) | L125: % | M125: MOMENTO DE TRANSP. (M³XKM) | N125: ÁREA (M²) | O125: VOLUME (M³)
B126: Carga x Bota-fora NOVACAP | F126: 30 | M126: =O126*F126 -> 756.6 | O126: =O124 -> 25.22
...

Sheet ANEXO II - MOVIMENTAÇÃO DE SOLO
A2: GOVERNO DO DISTRITO FEDERAL Secretaria de Estado de Obras e Infraestrutura do Distrito Federal - SODF
A3: REVISÃO E READEQUAÇÃO DOS PROJETOS EXECUTIVOS DE DRENAGEM NO SETOR HABITACIONAL MESTRE D'ARMAS, REGIÃO ADMINISTRATIVA DE PLANATINA - RA VI, PELA SODF, NO DISTRITO FEDERAL
A4: SODF / BRASÍLIA-DF | I4: 45352
A6: ANEXO II - MOVIMENTAÇÃO DE SOLO
A8: ÁREA 5
A9: LOCAL | B9: MOVIMENTO DE SOLO | H9: BOTA FORA
B10: 1 CAT | C10: SOLO MOLE | D10: ROCHA | E10: REAPROVEITAMENTO | F10: EMPRESTIMO | G10: SOLO REMANESCENTE P/ REAPROVEITAMENTO | H10: BOTA FORA ATERRO SAMAMBAIA | I10: BOTA FORA ATERRO ESTRUTURAL
A11: REDE ÁREA 5 | B11: 4986.8221 | C11: 137.75799 | D11: 1.96 | E11: 4243.5894 | F11: 0 | G11: 743.23273 | H11: 1.96 | I11: 766.77458
A12: LIGAÇÕES PV-BL | B12: 813.06435 | C12: 239.98231 | D12: 0 | E12: 813.06435 | F12: 99.318382 | G12: 0 | H12: 0 | I12: 239.98231
A13: BOCA DE LOBO | B13: 666.31975 | C13: 179.56741 | D13: 7.26376 | E13: 484.60982 | F13: 0 | G13: 181.70993 | H13: 7.26376 | I13: 361.27734
A14: TOTAL | B14: 6466.2062 | C14: 557.30771 | D14: 9.22376 | E14: 5541.2635 | F14: 99.318382 | G14: 825.62427 | H14: 9.22376 | I14: 1368.0342
A15: SALDO | G15: 711.40813
A16: OBS: UTLIZADO VOLUME DA REDE PARA EMPRESTIMO DAS LIGAÇÕES PV-BL , CONSIDERANDO FHV DE 1,15M³
A18: ÁREA 6
A19: LOCAL | B19: MOVIMENTO DE SOLO | H19: BOTA FORA
B20: 1 CAT | C20: SOLO MOLE | D20: ROCHA | E20: REAPROVEITAMENTO | F20: EMPRESTIMO | G20: SOLO REMANESCENTE P/ REAPROVEITAMENTO | H20: BOTA FORA ATERRO SAMAMBAIA | I20: BOTA FORA ATERRO ESTRUTURAL
A21: REDE ÁREA 6 | B21: 12649.152 | C21: 387.5776 | D21: 663.17471 | E21: 12312.126 | F21: 0 | G21: 337.02545 | H21: 663.17471 | I21: 724.60305
A22: LIGAÇÕES PV-BL | B22: 1153.1586 | C22: 932.66026 | D22: 12.931116 | E22: 1153.1586 | F22: 674.9225 | G22: 0 | H22: 12.931116 | I22: 932.66026
A23: BOCA DE LOBO | B23: 1193.1576 | C23: 778.85685 | D23: 27.016989 | E23: 1090.8877 | F23: 0 | G23: 102.26992 | H23: 27.016989 | I23: 881.12677
A24: VIA 9 | B24: 3647.3 | C24: 0 | D24: 0 | E24: 43.66 | F24: 0 | G24: 3603.64 | H24: 0 | I24: 2827.4791
A25: VIA 11 | B25: 3581.46 | C25: 0 | D25: 0 | E25: 24.77 | F25: 0 | G25: 3556.69 | H25: 0 | I25: 3556.69
A26: TOTAL | B26: 22224.228 | C26: 2099.0947 | D26: 703.12282 | E26: 14624.603 | F26: 674.9225 | G26: 6924.7029 | H26: 703.12282 | I26: 8922.5592
A27: SALDO | G27: 6148.542
A28: OBS: UTLIZADO VOLUME DA VIA 9 PARA EMPRESTIMO DA REDE E DAS LIGAÇÕES, CONSIDERANDO FHV DE 1,15M³

Sheet Quantitativos
A3: ÁREA 5 | V3: ESCAVAÇÃO | BO3: TUBO | CV3: CAIXA DE PASSAGEM | DB3: PV´s | DG3: ESCORAMENTO
A4: LOGRADOURO | B4: REDE | C4: TRECHO | D4: PROF. MONT. | E4: PROF. JUS. | F4: COMP | G4: DIAM | H4: PROF MED | I4: ESCADA DE ACESSO A VALA | J4: TALUDE | K4: LARGURA DO FUNDO DA VALA | L4: BOCA | M4: TUBO EXISTENTE (MM) | N4: ÁREA PAV | O4: TIPO DE PAV | P4: FURO REPRESENTATIVO | Q4: 1 = SOLO MOLE | R4: PROFUNDIDADE DO IMPENETRÁVEL | S4: NÍVEL DE ÁGUA | T4: LASTRO | U4: VOLUME DO TUBO EXISTENTE | V4: ESCAVAÇÃO TOTAL | W4: VERIFICAÇÃO | X4: PROF SOLO MOLE | Y4: PROF 1 E 2 CATEGORIA | Z4: 3 CATEGORIA | AA4: DEMOLIÇÃO DE PAVIMENTO ASFALT. | AB4: DEMOLIÇÃO DE PAVIMENTO CONCRETO | AC4: ESCAVAÇÃO SOLO MOLE H<1,5 L<1,5 | AD4: ESCAVAÇÃO SOLO MOLE 1,5<H<3 L<1,5 | AE4: ESCAVAÇÃO SOLO MOLE 3<H<4,5 L<1,5 | AF4: ESCAVAÇÃO SOLO MOLe H<1,5 1,5<L<2,5 | AG4: ESCAVAÇÃO SOLO MOLE 1,5<H<3 1,5<L<2,5 | AH4: ESCAVAÇÃO SOLO MOLE 3<H<4,5 1,5<L<2,5 | AI4: ESCAVAÇÃO SOLO MOLE 4,5<H<6 1,5<L<2,5 | AJ4: ESCAVAÇÃO 1ª E 2ª CAT. H<1,5 L<1,5 | AK4: ESCAVAÇÃO 1ª E 2ª CAT. 1,5<H<3 L<1,5 | AL4: ESCAVAÇÃO 1ª E 2ª CAT. H<1,5 1,5<L<2,5 | AM4: ESCAVAÇÃO 1ª E 2ª CAT. 1,5<H<3 1,5<L<2,5 | AN4: ESCAVAÇÃO 1ª E 2ª CAT. 3<H<4,5 1,5<L<2,5 | AO4: ESCAVAÇÃO 1ª E 2ª CAT. H<2 L>2,5 | AP4: ESCAVAÇÃO 1ª E 2ª CAT. 2<H<4 L>2,5 | AQ4: ESCAVAÇÃO 1ª E 2ª CAT. 4<H<6 L>2,5 | AR4: ROCHA | AS4: ESGOTAMENTO | AT4: REATERRO TOTAL | AU4: FUNDO DE VALA L<1,5 | AV4: FUNDO DE VALA L>=1,5 | AW4: REATERRO REFORÇO | AX4: REFORÇO C/ MATERIAL DE OUTRO TRECHO | AY4: H APILOAMENTO MANUAL | AZ4: REATERRO MANUAL SEM EMPRÉSTIMO | BA4: REATERRO COM MATERIAL DE OUTRO TRECHO DA ÁREA | BB4: SUB-BASE (COM MATERIAL DA VALA) | BC4: BASE DE BRITA | BD4: ASFALTO | BE4: REATERRO MEC TOTAL | BF4: SOBRA PARA MECANIZADO NO TRECHO | BG4: REATERRO MEC SEM EMPREST | BH4: SOBRA PARA OUTRO TRECHO DA ÁREA | BI4: REATERRO MEC COM EMPRESTIMO TOTAL | BJ4: REATERRO MEC MATERIAL ENTRE TRECHO | BK4: REATERRO MEC COM EMPRÉSTIMO DE OUTRA ÁREA | BL4: BOTA FORA | BM4: CAL | BN4: 400 | BR4: 500 | BT4: 600 | BX4: 800 | CB4: 1000 | CF4: 1200 | CJ4: 1500 | CN4: 1650 | CO4: 1800 | CP4: 2000 | CQ4: 2200 | CR4: 2400 | CS4: 2600 | CT4: 3000 | CU4: POÇOS DE VISITA | CV4: 600 | CW4: 800 | CX4: 1000 | CY4: 1200 | CZ4: 1500 | DA4: ADUELAS | DB4: 600 | DC4: 800 | DD4: 1000 | DE4: 12000 | DF4: 1500 | DG4: H<1,5 L<1,5 | DH4: 3,0<H<1,5 L<1,5 | DI4: 4,5<H<3,0 L<1,5 | DJ4: H<1,5 2,5<L<1,5 | DK4: 3,0<H<1,5 2,5<L<1,5 | DL4: 4,5<H<3,0 2,5<L<1,5 | DM4: H<1,5 3,5<L<2,5 | DN4: 3,0<H<1,5 3,5<L<2,5 | DO4: 4,5<H<3,0 3,5<L<2,5 | DP4: 6<H<4,5 3,5<L<2,5
C5: ='Planilha Hidráulica'!B9 -> RD-1 | V5: (M³) | AA5: (M²)
A6: Condomínio Estância Mte. D'armas I Q 2 Rua E | C6: ='Planilha Hidráulica'!B10 -> PV1.1->PV2.1 | D6: ='Planilha Hidráulica'!R10 -> 2.1862623 | E6: ='Planilha Hidráulica'!S10 -> 2.0623699 | F6: ='Planilha Hidráulica'!K10 -> 37.080762 | G6: ='Planilha Hidráulica'!M10 -> 600 | H6: =IF(G6=400,((D6+E6)/2)+0.08+T6,IF(G6=500,((D6+E6)/2)+0.1+T6,IF(G6=600,((D6+E6)/2)+0.12+T6,IF(G6=800,((D6+E6)/2)+0.16+T6,IF(G6=1000,((D6+E6)/2)+0.2+T6,IF(G6=1200,((D6+E6)/2)+0.24+T6,IF(G6=1500,((D6+E6)/2)+0.3+T6,IF(G6>1500,((D6+E6)/2)+0.4+T6)))))))) -> 2.3443161 | I6: =IF(K6=0,0,IF(H6>=1.25,F6*H6/20,0)) -> 4.3464514 | J6: 0 | K6: =IF(G6=400,1,0)+IF(G6=500,1.2,0)+IF(G6=600,1.4,0)+IF(G6=800,1.7,0)+IF(G6=1000,2,0)+IF(G6=1200,2.2,0)+IF(G6=1500,2.6,0)+IF(G6=1650,3,0)+IF(G6=1800,3.2,0)+IF(G6=2000,3.4,0)+IF(G6=2200,3.6,0)+IF(G6=2400,3.8,0)+IF(G6=2600,4,0)+IF(G6=3000,4.4,0) -> 1.4 | L6: =2*J6*H6+K6 -> 1.4 | M6: ='Planilha Hidráulica'!X10 -> 400 | N6: =L6*F6 -> 51.913066 | O6: ='Planilha Hidráulica'!W10 -> ASFALTO | P6: ST-106 | Q6: 1 | R6: 3 | S6: 5 | T6: =IF(G6=400,0.05,0)+IF(G6=500,0.05,0)+IF(G6=600,0.1,0)+IF(G6=800,0.1,0)+IF(G6=1000,0.15,0)+IF(G6=1200,0.15,0)+IF(G6=1500,0.2,0)+IF(G6=1650,0.2,0)+IF(G6=1800,0.2,0)+IF(G6=2000,0.25,0)+IF(G6=2200,0.25,0)+IF(G6=2400,0.25,0)+IF(G6=2600,0.25,0)+IF(G6=3000,0.25,0) -> 0.1 | U6: =IFERROR((PI()*(M6/1000)*(M6/1000)/4)*F6,0) -> 4.6597059 | V6: =((((J6*H6)*H6)/2)*2+K6*H6)*F6-U6+AW6 -> 137.80616 | W6: =ROUND(V6-SUM(AC6:AR6),2) -> 0 | X6: =IF(Q6=1,IF(OR(M6=0,M6="-"),H6+0.4,0.4),0) -> 0.4 | Y6: =IF(R6<H6,R6,H6) -> 2.3443161 | Z6: =H6-Y6 -> 0 | AA6: =IF(O6="ASFALTO",L6*F6,0) -> 51.913066 | AB6: =IF(O6="CONCRETO",L6*F6,0) -> 0 | AC6: =IF(X6=0,0,IF(X6=0.4,IF(K6<=1.5,IF(Y6+0.4>=1.5,0,K6*F6*0.4),0),IF(K6<=1.5,IF(X6>=1.5,L6*F6*1.5,K6*F6*(X6)),0)+IF(R6<H6+0.4,0,IF(AND(X6<=1.5,K6<=1.5),-U6,0)))) -> 0 | AD6: =IF(X6=0,0,IF(X6=0.4,IF(K6<=1.5,IF(OR(Y6+0.4>=3,Y6+0.4<1.5),0,K6*F6*0.4),0),IF(IF(K6<=1.5,IF(X6>=3,L6*F6*1.5,K6*F6*(X6-1.5)),0)<0,0,IF(K6<=1.5,IF(X6>=3,L6*F6*1.5,K6*F6*(X6-1.5)),0))+IF(R6<H6+0.4,0,IF(AND(X6<=3,K6<=1.5),-U6,0)))) -> 20.765226 | AE6: =IF(X6=0,0,IF(X6=0.4,IF(K6<=1.5,IF(OR(Y6+0.4>=4.5,Y6+0.4<3),0,K6*F6*0.4),0),IF(IF(K6<=1.5,IF(X6>=4.5,L6*F6*1.5,K6*F6*(X6-3)),0)<0,0,IF(K6<=1.5,IF(X6>=3,L6*F6*1.5,K6*F6*(X6-3)),0))+IF(R6<H6+0.4,0,IF(AND(X6<=4.5,K6<=1.5),-U6,0)))) -> 0 | AF6: =IF(X6=0,0,IF(X6=0.4,IF(AND(K6>1.5,K6<=2.6),IF(Y6+0.4>=1.5,0,K6*F6*0.4),0),IF(AND(K6>1.5,K6<=2.6),IF(X6>=1.5,L6*F6*1.5,K6*F6*(X6)),0)+IF(R6<H6+0.4,0,IF(AND(X6<=1.5,K6<=1.5),-U6,0)))) -> 0 | AG6: =IF(X6=0,0,IF(X6=0.4,IF(AND(K6>1.5,K6<=2.6),IF(OR(Y6+0.4>=3,Y6+0.4<1.5),0,K6*F6*0.4),0),IF(IF(AND(K6>1.5,K6<=2.6),IF(X6>=3,L6*F6*1.5,K6*F6*(X6-1.5)),0)<0,0,IF(AND(K6>1.5,K6<=2.6),IF(X6>=3,L6*F6*1.5,K6*F6*(X6-1.5)),0))+IF(R6<H6+0.4,0,IF(AND(X6<=3,K6<=1.5),-U6,0)))) -> 0 | AH6: =IF(X6=0,0,IF(X6=0.4,IF(AND(K6>1.5,K6<=2.6),IF(OR(Y6+0.4>=4.5,Y6+0.4<3),0,K6*F6*0.4),0),IF(IF(AND(K6>1.5,K6<=2.6),IF(X6>=4.5,L6*F6*1.5,K6*F6*(X6-3)),0)<0,0,IF(AND(K6>1.5,K6<=2.6),IF(X6>=4.5,L6*F6*1.5,K6*F6*(X6-3)),0))+IF(R6<H6+0.4,0,IF(AND(X6<=3,K6<=1.5),-U6,0)))) -> 0 | AI6: =IF(X6=0,0,IF(X6=0.4,IF(AND(K6>1.5,K6<=2.6),IF(OR(Y6+0.4>=6,Y6+0.4<4.5),0,K6*F6*0.4),0),IF(IF(AND(K6>1.5,K6<=2.6),IF(X6>=6,L6*F6*1.5,K6*F6*(X6-4.5)),0)<0,0,IF(AND(K6>1.5,K6<=2.6),IF(X6>=6,L6*F6*1.5,K6*F6*(X6-4.5)),0))+IF(R6<H6+0.4,0,IF(AND(X6<=3,K6<=1.5),-U6,0)))) -> 0 | AJ6: =IF(K6<=1.5,IF(Y6>=1.5,L6*F6*1.5,K6*F6*Y6),0)+IF(R6<H6,0,IF(AND(Y6<=1.5,K6<=1.5),-U6,0)) -> 77.869599 | AK6: =IF(IF(K6<=1.5,IF(Y6>=3,L6*F6*1.5,K6*F6*(Y6-1.5)),0)<0,0,IF(K6<=1.5,IF(Y6>=3,L6*F6*1.5,K6*F6*(Y6-1.5)),0))+IF(R6<H6,0,IF(AND(Y6<=3,K6<=1.5),-U6,0)) -> 39.171334 | AL6: =IF(AND(K6<=2.5,K6>1.5),IF(Y6>=1.5,L6*F6*1.5,K6*F6*Y6),0)+IF(R6<H6,0,IF(AND(Y6<=1.5,K6>1.5,K6<=2.5),-U6,0)) -> 0 | AM6: =IF(IF(AND(K6<=2.5,K6>1.5),IF(Y6>=3,L6*F6*1.5,K6*F6*(Y6-1.5)),0)<0,0,IF(AND(K6<=2.5,K6>1.5),IF(Y6>=3,L6*F6*1.5,K6*F6*(Y6-1.5)),0))+IF(R6<H6,0,IF(AND(Y6<=3,Y6>1.5,K6>1.5,K6<=2.5),-U6,0)) -> 0 | AN6: =IF(IF(K6<=2.5,IF(Y6>=4.5,L6*F6*1.5,K6*F6*(Y6-3)),0)<0,0,IF(K6<=2.5,IF(Y6>=4.5,L6*F6*1.5,K6*F6*(Y6-3)),0))+IF(R6<H6,0,IF(AND(Y6<=4.5,Y6>3,K6>1.5,K6<=2.5),-U6,0)) -> 0 | AO6: =IF(K6>2.5,IF(Y6>=2,L6*F6*2,K6*F6*Y6),0)+IF(R6<H6,0,IF(AND(Y6<=2,K6>=2.5),-U6,0)) -> 0 | AP6: =IF(IF(K6>2.5,IF(Y6>=4,L6*F6*2,K6*F6*(Y6-2)),0)<0,0,IF(K6>2.5,IF(Y6>=4,L6*F6*2,K6*F6*(Y6-2)),0))+IF(R6<H6,0,IF(AND(Y6<=4,Y6>2,K6>2.5),-U6,0)) -> 0 | AQ6: =IF(IF(K6>2.5,IF(Y6>=6,L6*F6*2,K6*F6*(Y6-4)),0)<0,0,IF(K6>2.5,IF(Y6>=6,L6*F6*2,K6*F6*(Y6-4)),0))+IF(R6<H6,0,IF(AND(Y6<=6,Y6>4,K6>2.5),-U6,0)) -> 0 | AR6: =ROUND(V6-SUM(AC6:AQ6),2) -> 0 | AS6: =IF(H6-S6<0,0,(H6-S6)*F6)/75 -> 0 | AT6: =F6*K6*H6-PI()*(G6/1000)*(G6/1000)/4*F6+AY6 -> 112.1163 | AU6: =IF(K6<1.5,K6*F6*IF(G6<=500,0.05,IF(G6<=800,0.1,IF(G6<=1200,0.15,IF(G6>=1500,0.2)))),0) -> 5.1913066 | AV6: =IF(K6>=1.5,K6*F6*IF(G6<=500,0.05,IF(G6<=800,0.1,IF(G6<=1200,0.15,IF(G6>=1500,0.2)))),0) -> 0 | AW6: =IF(Q6=1,0.4*F6*K6,0) -> 20.765226 | AX6: =IF(AW6<SUM(AJ6:AQ6),0,AW6) -> 0 | AY6: =G6/1000+0.3 -> 0.9 | AZ6: =AY6*K6*F6-PI()*(G6/1000*G6/1000)/4*F6 -> 36.237421 | BA6: =IF(AZ6<SUM(AJ6:AQ6),0,AZ6) -> 0 | BB6: =IF(O6="ASFALTO",0.15*F6*K6,0) -> 7.7869599 | BC6: =BB6 -> 7.7869599 | BD6: =IF(O6="ASFALTO",0.03*F6*K6,0) -> 1.557392 | BE6: =AT6-AW6-SUM(AU6:AV6)-BB6-BC6-AZ6 -> 34.348426 | BF6: =SUM(AJ6:AQ6)-AW6-BB6-AZ6 -> 52.251325 | BG6: =IF(SMALL(BE6:BF6,1)<0,0,SMALL(BE6:BF6,1)) -> 34.348426 | BH6: =BF6-BG6 -> 17.902899 | BI6: =BE6-BG6 -> 0 | BJ6: =IF($BI$29>$BJ$31,($BJ$31/$BI$29)*BI6,BI6) -> 0 | BK6: =BI6-BJ6 -> 0 | BM6: =IF(AW6+BB6>0,4%*(AW6+BB6),0) -> 1.1420875 | BN6: =IF(G6=400,H6,0) -> 0 | BO6: =IF(BN6<=1.75,AND(BN6>0)*F6,0) -> 0 | BP6: =IF(BN6<=3,AND(BN6>1.75)*F6,0) -> 0 | BQ6: =IF(G6=500,H6,0) -> 0 | BR6: =IF(BQ6<=1.75,AND(BQ6>0)*F6,0) -> 0 | BS6: =IF(BQ6<=3,AND(BQ6>1.75)*F6,0) -> 0 | BT6: =IF(G6=600,H6,0) -> 2.3443161 | BU6: =IF(BT6<=3,AND(BT6>0)*F6,0) -> 37.080762 | BV6: =IF(BT6<=6,AND(BT6>3)*F6,0) -> 0 | BW6: =IF(BT6<=9,AND(BT6>6)*F6,0) -> 0 | BX6: =IF(G6=800,H6,0) -> 0 | BY6: =IF(BX6<=3,AND(BX6>0)*F6,0) -> 0 | BZ6: =IF(BX6<=6,AND(BX6>3)*F6,0) -> 0 | CA6: =IF(BX6<=9,AND(BX6>6)*F6,0) -> 0 | CB6: =IF(G6=1000,H6,0) -> 0 | CC6: =IF(CB6<=3,AND(CB6>0)*F6,0) -> 0 | CD6: =IF(CB6<=6,AND(CB6>3)*F6,0) -> 0 | CE6: =IF(CB6<=9,AND(CB6>6)*F6,0) -> 0 | CF6: =IF(G6=1200,H6,0) -> 0 | CG6: =IF(CF6<=3,AND(CF6>0)*F6,0) -> 0 | CH6: =IF(CF6<=6,AND(CF6>3)*F6,0) -> 0 | CI6: =IF(CF6<=9,AND(CF6>6)*F6,0) -> 0 | CJ6: =IF(G6=1500,H6,0) -> 0 | CK6: =IF(CJ6<=3,AND(CJ6>0)*F6,0) -> 0 | CL6: =IF(CJ6<=6,AND(CJ6>3)*F6,0) -> 0 | CM6: =IF(CJ6<=9,AND(CJ6>6)*F6,0) -> 0 | CN6: =IF(G6=1650,F6,0) -> 0 | CO6: =IF(G6=1800,F6,0) -> 0 | CP6: =IF(G6=2000,F6,0) -> 0 | CQ6: =IF(G6=2200,F6,0) -> 0 | CR6: =IF(G6=2400,F6,0) -> 0 | CS6: =IF(G6=2600,F6,0) -> 0 | CT6: =IF(G6=3000,F6,0) -> 0 | CU6: =IF(G6>=100,1,0) -> 1 | CV6: =IF(CU6=1,IF(G6<=600,1,0)) -> 1 | CW6: =IF(CU6=1,IF($G6=800,1,0)) -> 0 | CX6: =IF(CU6=1,IF($G6=1000,1,0)) -> 0 | CY6: =IF(CU6=1,IF($G6=1200,1,0)) -> 0 | CZ6: =IF(CU6=1,IF($G6=1500,1,0)) -> 0 | DA6: =IF(IF(G6<=600,(D6-DB6),0)+IF(G6=800,(D6-DC6),0)+IF(G6>=1000,D6-DD6,0)<0,0,IF(G6<=600,(D6-DB6),0)+IF(G6=800,(D6-DC6),0)+IF(G6>=1000,D6-DD6,0)) -> 0.88626235 | DB6: 1.3 | DC6: 1.4 | DD6: 2 | DE6: 2 | DF6: 2 | DG6: =IF(K6<=1.5,IF(H6<1.5,H6*F6*2,F6*2*1.5),0) -> 111.24228 | DH6: =IF(K6<=1.5,IF(AND(H6<3,H6>1.5),(H6-1.5)*F6*2,IF(H6>=3,(F6*2*1.5),0)),0) -> 62.615771 | DI6: =IF(K6<=1.5,IF(AND(H6<4.5,H6>3),(H6-3)*F6*2,IF(H6>=4.5,(F6*2*1.5),0)),0) -> 0 | DJ6: =IF(AND(K6<=2.5,K6>1.5),IF(H6<1.5,H6*F6*2,F6*2*1.5),0) -> 0 | DK6: =IF(AND(K6>1.5,K6<=2.5),IF(AND(H6<3,H6>1.5),(H6-1.5)*F6*2,IF(H6>=3,(F6*2*1.5),0)),0) -> 0 | DL6: =IF(AND(K6>1.5,K6<=2.5),IF(AND(H6<4.5,H6>3),(H6-3)*F6*2,IF(H6>=4.5,(F6*2*1.5),0)),0) -> 0 | DM6: =IF(AND(K6<=3.5,K6>2.5),IF(H6<1.5,H6*F6*2,F6*2*1.5),0) -> 0 | DN6: =IF(AND(K6>2.5,K6<=3.5),IF(AND(H6<3,H6>1.5),(H6-1.5)*F6*2,IF(H6>=3,(F6*2*1.5),0)),0) -> 0 | DO6: =IF(AND(K6>2.5,K6<=3.5),IF(AND(H6<4.5,H6>3),(H6-3)*F6*2,IF(H6>=4.5,(F6*2*1.5),0)),0) -> 0 | DP6: =IF(AND(K6>2.5,K6<=3.5),IF(AND(H6<6,H6>4.5),(H6-4.5)*F6*2,IF(H6>=6,(F6*2*1.5),0)),0) -> 0
A7: Condomínio Estância Mte. D'armas I Q 2 Rua E | C7: ='Planilha Hidráulica'!B11 -> PV2.1->PV3.1 | D7: ='Planilha Hidráulica'!R11 -> 2.0623699 | E7: ='Planilha Hidráulica'!S11 -> 2.5473079 | F7: ='Planilha Hidráulica'!K11 -> 37.080762 | G7: ='Planilha Hidráulica'!M11 -> 600 | H7: =IF(G7=400,((D7+E7)/2)+0.08+T7,IF(G7=500,((D7+E7)/2)+0.1+T7,IF(G7=600,((D7+E7)/2)+0.12+T7,IF(G7=800,((D7+E7)/2)+0.16+T7,IF(G7=1000,((D7+E7)/2)+0.2+T7,IF(G7=1200,((D7+E7)/2)+0.24+T7,IF(G7=1500,((D7+E7)/2)+0.3+T7,IF(G7>1500,((D7+E7)/2)+0.4+T7)))))))) -> 2.5248389 | I7: =IF(K7=0,0,IF(H7>=1.25,F7*H7/20,0)) -> 4.6811474 | J7: 0 | K7: =IF(G7=400,1,0)+IF(G7=500,1.2,0)+IF(G7=600,1.4,0)+IF(G7=800,1.7,0)+IF(G7=1000,2,0)+IF(G7=1200,2.2,0)+IF(G7=1500,2.6,0)+IF(G7=1650,3,0)+IF(G7=1800,3.2,0)+IF(G7=2000,3.4,0)+IF(G7=2200,3.6,0)+IF(G7=2400,3.8,0)+IF(G7=2600,4,0)+IF(G7=3000,4.4,0) -> 1.4 | L7: =2*J7*H7+K7 -> 1.4 | M7: ='Planilha Hidráulica'!X11 -> 400 | N7: =L7*F7 -> 51.913066 | O7: ='Planilha Hidráulica'!W11 -> ASFALTO | P7: ST-106 | Q7: 1 | R7: 3 | S7: 5 | T7: =IF(G7=400,0.05,0)+IF(G7=500,0.05,0)+IF(G7=600,0.1,0)+IF(G7=800,0.1,0)+IF(G7=1000,0.15,0)+IF(G7=1200,0.15,0)+IF(G7=1500,0.2,0)+IF(G7=1650,0.2,0)+IF(G7=1800,0.2,0)+IF(G7=2000,0.25,0)+IF(G7=2200,0.25,0)+IF(G7=2400,0.25,0)+IF(G7=2600,0.25,0)+IF(G7=3000,0.25,0) -> 0.1 | U7: =IFERROR((PI()*(M7/1000)*(M7/1000)/4)*F7,0) -> 4.6597059 | V7: =((((J7*H7)*H7)/2)*2+K7*H7)*F7-U7+AW7 -> 147.17765 | W7: =ROUND(V7-SUM(AC7:AR7),2) -> 0 | X7: =IF(Q7=1,IF(OR(M7=0,M7="-"),H7+0.4,0.4),0) -> 0.4 | Y7: =IF(R7<H7,R7,H7) -> 2.5248389 | Z7: =H7-Y7 -> 0 | AA7: =IF(O7="ASFALTO",L7*F7,0) -> 51.913066 | AB7: =IF(O7="CONCRETO",L7*F7,0) -> 0 | AC7: =IF(X7=0,0,IF(X7=0.4,IF(K7<=1.5,IF(Y7+0.4>=1.5,0,K7*F7*0.4),0),IF(K7<=1.5,IF(X7>=1.5,L7*F7*1.5,K7*F7*(X7)),0)+IF(R7<H7+0.4,0,IF(AND(X7<=1.5,K7<=1.5),-U7,0)))) -> 0 | AD7: =IF(X7=0,0,IF(X7=0.4,IF(K7<=1.5,IF(OR(Y7+0.4>=3,Y7+0.4<1.5),0,K7*F7*0.4),0),IF(IF(K7<=1.5,IF(X7>=3,L7*F7*1.5,K7*F7*(X7-1.5)),0)<0,0,IF(K7<=1.5,IF(X7>=3,L7*F7*1.5,K7*F7*(X7-1.5)),0))+IF(R7<H7+0.4,0,IF(AND(X7<=3,K7<=1.5),-U7,0)))) -> 20.765226 | AE7: =IF(X7=0,0,IF(X7=0.4,IF(K7<=1.5,IF(OR(Y7+0.4>=4.5,Y7+0.4<3),0,K7*F7*0.4),0),IF(IF(K7<=1.5,IF(X7>=4.5,L7*F7*1.5,K7*F7*(X7-3)),0)<0,0,IF(K7<=1.5,IF(X7>=3,L7*F7*1.5,K7*F7*(X7-3)),0))+IF(R7<H7+0.4,0,IF(AND(X7<=4.5,K7<=1.5),-U7,0)))) -> 0 | AF7: =IF(X7=0,0,IF(X7=0.4,IF(AND(K7>1.5,K7<=2.6),IF(Y7+0.4>=1.5,0,K7*F7*0.4),0),IF(AND(K7>1.5,K7<=2.6),IF(X7>=1.5,L7*F7*1.5,K7*F7*(X7)),0)+IF(R7<H7+0.4,0,IF(AND(X7<=1.5,K7<=1.5),-U7,0)))) -> 0 | AG7: =IF(X7=0,0,IF(X7=0.4,IF(AND(K7>1.5,K7<=2.6),IF(OR(Y7+0.4>=3,Y7+0.4<1.5),0,K7*F7*0.4),0),IF(IF(AND(K7>1.5,K7<=2.6),IF(X7>=3,L7*F7*1.5,K7*F7*(X7-1.5)),0)<0,0,IF(AND(K7>1.5,K7<=2.6),IF(X7>=3,L7*F7*1.5,K7*F7*(X7-1.5)),0))+IF(R7<H7+0.4,0,IF(AND(X7<=3,K7<=1.5),-U7,0)))) -> 0 | AH7: =IF(X7=0,0,IF(X7=0.4,IF(AND(K7>1.5,K7<=2.6),IF(OR(Y7+0.4>=4.5,Y7+0.4<3),0,K7*F7*0.4),0),IF(IF(AND(K7>1.5,K7<=2.6),IF(X7>=4.5,L7*F7*1.5,K7*F7*(X7-3)),0)<0,0,IF(AND(K7>1.5,K7<=2.6),IF(X7>=4.5,L7*F7*1.5,K7*F7*(X7-3)),0))+IF(R7<H7+0.4,0,IF(AND(X7<=3,K7<=1.5),-U7,0)))) -> 0 | AI7: =IF(X7=0,0,IF(X7=0.4,IF(AND(K7>1.5,K7<=2.6),IF(OR(Y7+0.4>=6,Y7+0.4<4.5),0,K7*F7*0.4),0),IF(IF(AND(K7>1.5,K7<=2.6),IF(X7>=6,L7*F7*1.5,K7*F7*(X7-4.5)),0)<0,0,IF(AND(K7>1.5,K7<=2.6),IF(X7>=6,L7*F7*1.5,K7*F7*(X7-4.5)),0))+IF(R7<H7+0.4,0,IF(AND(X7<=3,K7<=1.5),-U7,0)))) -> 0 | AJ7: =IF(K7<=1.5,IF(Y7>=1.5,L7*F7*1.5,K7*F7*Y7),0)+IF(R7<H7,0,IF(AND(Y7<=1.5,K7<=1.5),-U7,0)) -> 77.869599 | AK7: =IF(IF(K7<=1.5,IF(Y7>=3,L7*F7*1.5,K7*F7*(Y7-1.5)),0)<0,0,IF(K7<=1.5,IF(Y7>=3,L7*F7*1.5,K7*F7*(Y7-1.5)),0))+IF(R7<H7,0,IF(AND(Y7<=3,K7<=1.5),-U7,0)) -> 48.542823 | AL7: =IF(AND(K7<=2.5,K7>1.5),IF(Y7>=1.5,L7*F7*1.5,K7*F7*Y7),0)+IF(R7<H7,0,IF(AND(Y7<=1.5,K7>1.5,K7<=2.5),-U7,0)) -> 0 | AM7: =IF(IF(AND(K7<=2.5,K7>1.5),IF(Y7>=3,L7*F7*1.5,K7*F7*(Y7-1.5)),0)<0,0,IF(AND(K7<=2.5,K7>1.5),IF(Y7>=3,L7*F7*1.5,K7*F7*(Y7-1.5)),0))+IF(R7<H7,0,IF(AND(Y7<=3,Y7>1.5,K7>1.5,K7<=2.5),-U7,0)) -> 0 | AN7: =IF(IF(K7<=2.5,IF(Y7>=4.5,L7*F7*1.5,K7*F7*(Y7-3)),0)<0,0,IF(K7<=2.5,IF(Y7>=4.5,L7*F7*1.5,K7*F7*(Y7-3)),0))+IF(R7<H7,0,IF(AND(Y7<=4.5,Y7>3,K7>1.5,K7<=2.5),-U7,0)) -> 0 | AO7: =IF(K7>2.5,IF(Y7>=2,L7*F7*2,K7*F7*Y7),0)+IF(R7<H7,0,IF(AND(Y7<=2,K7>=2.5),-U7,0)) -> 0 | AP7: =IF(IF(K7>2.5,IF(Y7>=4,L7*F7*2,K7*F7*(Y7-2)),0)<0,0,IF(K7>2.5,IF(Y7>=4,L7*F7*2,K7*F7*(Y7-2)),0))+IF(R7<H7,0,IF(AND(Y7<=4,Y7>2,K7>2.5),-U7,0)) -> 0 | AQ7: =IF(IF(K7>2.5,IF(Y7>=6,L7*F7*2,K7*F7*(Y7-4)),0)<0,0,IF(K7>2.5,IF(Y7>=6,L7*F7*2,K7*F7*(Y7-4)),0))+IF(R7<H7,0,IF(AND(Y7<=6,Y7>4,K7>2.5),-U7,0)) -> 0 | AR7: =ROUND(V7-SUM(AC7:AQ7),2) -> 0 | AS7: =IF(H7-S7<0,0,(H7-S7)*F7)/75 -> 0 | AT7: =F7*K7*H7-PI()*(G7/1000)*(G7/1000)/4*F7+AY7 -> 121.48779 | AU7: =IF(K7<1.5,K7*F7*IF(G7<=500,0.05,IF(G7<=800,0.1,IF(G7<=1200,0.15,IF(G7>=1500,0.2)))),0) -> 5.1913066 | AV7: =IF(K7>=1.5,K7*F7*IF(G7<=500,0.05,IF(G7<=800,0.1,IF(G7<=1200,0.15,IF(G7>=1500,0.2)))),0) -> 0 | AW7: =IF(Q7=1,0.4*F7*K7,0) -> 20.765226 | AX7: =IF(AW7<SUM(AJ7:AQ7),0,AW7) -> 0 | AY7: =G7/1000+0.3 -> 0.9 | AZ7: =AY7*K7*F7-PI()*(G7/1000*G7/1000)/4*F7 -> 36.237421 | BA7: =IF(AZ7<SUM(AJ7:AQ7),0,AZ7) -> 0 | BB7: =IF(O7="ASFALTO",0.15*F7*K7,0) -> 7.7869599 | BC7: =BB7 -> 7.7869599 | BD7: =IF(O7="ASFALTO",0.03*F7*K7,0) -> 1.557392 | BE7: =AT7-AW7-SUM(AU7:AV7)-BB7-BC7-AZ7 -> 43.719916 | BF7: =SUM(AJ7:AQ7)-AW7-BB7-AZ7 -> 61.622815 | BG7: =IF(SMALL(BE7:BF7,1)<0,0,SMALL(BE7:BF7,1)) -> 43.719916 | BH7: =BF7-BG7 -> 17.902899 | BI7: =BE7-BG7 -> 0 | BJ7: =IF($BI$29>$BJ$31,($BJ$31/$BI$29)*BI7,BI7) -> 0 | BK7: =BI7-BJ7 -> 0 | BM7: =IF(AW7+BB7>0,4%*(AW7+BB7),0) -> 1.1420875 | BN7: =IF(G7=400,H7,0) -> 0 | BO7: =IF(BN7<=1.75,AND(BN7>0)*F7,0) -> 0 | BP7: =IF(BN7<=3,AND(BN7>1.75)*F7,0) -> 0 | BQ7: =IF(G7=500,H7,0) -> 0 | BR7: =IF(BQ7<=1.75,AND(BQ7>0)*F7,0) -> 0 | BS7: =IF(BQ7<=3,AND(BQ7>1.75)*F7,0) -> 0 | BT7: =IF(G7=600,H7,0) -> 2.5248389 | BU7: =IF(BT7<=3,AND(BT7>0)*F7,0) -> 37.080762 | BV7: =IF(BT7<=6,AND(BT7>3)*F7,0) -> 0 | BW7: =IF(BT7<=9,AND(BT7>6)*F7,0) -> 0 | BX7: =IF(G7=800,H7,0) -> 0 | BY7: =IF(BX7<=3,AND(BX7>0)*F7,0) -> 0 | BZ7: =IF(BX7<=6,AND(BX7>3)*F7,0) -> 0 | CA7: =IF(BX7<=9,AND(BX7>6)*F7,0) -> 0 | CB7: =IF(G7=1000,H7,0) -> 0 | CC7: =IF(CB7<=3,AND(CB7>0)*F7,0) -> 0 | CD7: =IF(CB7<=6,AND(CB7>3)*F7,0) -> 0 | CE7: =IF(CB7<=9,AND(CB7>6)*F7,0) -> 0 | CF7: =IF(G7=1200,H7,0) -> 0 | CG7: =IF(CF7<=3,AND(CF7>0)*F7,0) -> 0 | CH7: =IF(CF7<=6,AND(CF7>3)*F7,0) -> 0 | CI7: =IF(CF7<=9,AND(CF7>6)*F7,0) -> 0 | CJ7: =IF(G7=1500,H7,0) -> 0 | CK7: =IF(CJ7<=3,AND(CJ7>0)*F7,0) -> 0 | CL7: =IF(CJ7<=6,AND(CJ7>3)*F7,0) -> 0 | CM7: =IF(CJ7<=9,AND(CJ7>6)*F7,0) -> 0 | CN7: =IF(G7=1650,F7,0) -> 0 | CO7: =IF(G7=1800,F7,0) -> 0 | CP7: =IF(G7=2000,F7,0) -> 0 | CQ7: =IF(G7=2200,F7,0) -> 0 | CR7: =IF(G7=2400,F7,0) -> 0 | CS7: =IF(G7=2600,F7,0) -> 0 | CT7: =IF(G7=3000,F7,0) -> 0 | CU7: =IF(G7>=100,1,0) -> 1 | CV7: =IF(CU7=1,IF(G7<=600,1,0)) -> 1 | CW7: =IF(CU7=1,IF($G7=800,1,0)) -> 0 | CX7: =IF(CU7=1,IF($G7=1000,1,0)) -> 0 | CY7: =IF(CU7=1,IF($G7=1200,1,0)) -> 0 | CZ7: =IF(CU7=1,IF($G7=1500,1,0)) -> 0 | DA7: =IF(IF(G7<=600,(D7-DB7),0)+IF(G7=800,(D7-DC7),0)+IF(G7>=1000,D7-DD7,0)<0,0,IF(G7<=600,(D7-DB7),0)+IF(G7=800,(D7-DC7),0)+IF(G7>=1000,D7-DD7,0)) -> 0.76236993 | DB7: 1.3 | DC7: 1.4 | DD7: 2 | DE7: 2 | DF7: 2 | DG7: =IF(K7<=1.5,IF(H7<1.5,H7*F7*2,F7*2*1.5),0) -> 111.24228 | DH7: =IF(K7<=1.5,IF(AND(H7<3,H7>1.5),(H7-1.5)*F7*2,IF(H7>=3,(F7*2*1.5),0)),0) -> 76.003613 | DI7: =IF(K7<=1.5,IF(AND(H7<4.5,H7>3),(H7-3)*F7*2,IF(H7>=4.5,(F7*2*1.5),0)),0) -> 0 | DJ7: =IF(AND(K7<=2.5,K7>1.5),IF(H7<1.5,H7*F7*2,F7*2*1.5),0) -> 0 | DK7: =IF(AND(K7>1.5,K7<=2.5),IF(AND(H7<3,H7>1.5),(H7-1.5)*F7*2,IF(H7>=3,(F7*2*1.5),0)),0) -> 0 | DL7: =IF(AND(K7>1.5,K7<=2.5),IF(AND(H7<4.5,H7>3),(H7-3)*F7*2,IF(H7>=4.5,(F7*2*1.5),0)),0) -> 0 | DM7: =IF(AND(K7<=3.5,K7>2.5),IF(H7<1.5,H7*F7*2,F7*2*1.5),0) -> 0 | DN7: =IF(AND(K7>2.5,K7<=3.5),IF(AND(H7<3,H7>1.5),(H7-1.5)*F7*2,IF(H7>=3,(F7*2*1.5),0)),0) -> 0 | DO7: =IF(AND(K7>2.5,K7<=3.5),IF(AND(H7<4.5,H7>3),(H7-3)*F7*2,IF(H7>=4.5,(F7*2*1.5),0)),0) -> 0 | DP7: =IF(AND(K7>2.5,K7<=3.5),IF(AND(H7<6,H7>4.5),(H7-4.5)*F7*2,IF(H7>=6,(F7*2*1.5),0)),0) -> 0
A8: Condomínio Estância Mte. D'armas IV Mod U Mod 2 | C8: ='Planilha Hidráulica'!B12 -> PV3.1->PV4.1 | D8: ='Planilha Hidráulica'!R12 -> 2.5473079 | E8: ='Planilha Hidráulica'!S12 -> 2.55 | F8: ='Planilha Hidráulica'!K12 -> 18.956335 | G8: ='Planilha Hidráulica'!M12 -> 600 | H8: =IF(G8=400,((D8+E8)/2)+0.08+T8,IF(G8=500,((D8+E8)/2)+0.1+T8,IF(G8=600,((D8+E8)/2)+0.12+T8,IF(G8=800,((D8+E8)/2)+0.16+T8,IF(G8=1000,((D8+E8)/2)+0.2+T8,IF(G8=1200,((D8+E8)/2)+0.24+T8,IF(G8=1500,((D8+E8)/2)+0.3+T8,IF(G8>1500,((D8+E8)/2)+0.4+T8)))))))) -> 2.7686539 | I8: =IF(K8=0,0,IF(H8>=1.25,F8*H8/20,0)) -> 2.6241765 | J8: 0 | K8: =IF(G8=400,1,0)+IF(G8=500,1.2,0)+IF(G8=600,1.4,0)+IF(G8=800,1.7,0)+IF(G8=1000,2,0)+IF(G8=1200,2.2,0)+IF(G8=1500,2.6,0)+IF(G8=1650,3,0)+IF(G8=1800,3.2,0)+IF(G8=2000,3.4,0)+IF(G8=2200,3.6,0)+IF(G8=2400,3.8,0)+IF(G8=2600,4,0)+IF(G8=3000,4.4,0) -> 1.4 | L8: =2*J8*H8+K8 -> 1.4 | M8: ='Planilha Hidráulica'!X12 -> 400 | N8: =L8*F8 -> 26.538868 | O8: ='Planilha Hidráulica'!W12 -> ASFALTO | P8: ST-106 | Q8: 1 | R8: 3 | S8: 5 | T8: =IF(G8=400,0.05,0)+IF(G8=500,0.05,0)+IF(G8=600,0.1,0)+IF(G8=800,0.1,0)+IF(G8=1000,0.15,0)+IF(G8=1200,0.15,0)+IF(G8=1500,0.2,0)+IF(G8=1650,0.2,0)+IF(G8=1800,0.2,0)+IF(G8=2000,0.25,0)+IF(G8=2200,0.25,0)+IF(G8=2400,0.25,0)+IF(G8=2600,0.25,0)+IF(G8=3000,0.25,0) -> 0.1 | U8: =IFERROR((PI()*(M8/1000)*(M8/1000)/4)*F8,0) -> 2.3821233 | V8: =((((J8*H8)*H8)/2)*2+K8*H8)*F8-U8+AW8 -> 81.710366 | W8: =ROUND(V8-SUM(AC8:AR8),2) -> 0 | X8: =IF(Q8=1,IF(OR(M8=0,M8="-"),H8+0.4,0.4),0) -> 0.4 | Y8: =IF(R8<H8,R8,H8) -> 2.7686539 | Z8: =H8-Y8 -> 0 | AA8: =IF(O8="ASFALTO",L8*F8,0) -> 26.538868 | AB8: =IF(O8="CONCRETO",L8*F8,0) -> 0 | AC8: =IF(X8=0,0,IF(X8=0.4,IF(K8<=1.5,IF(Y8+0.4>=1.5,0,K8*F8*0.4),0),IF(K8<=1.5,IF(X8>=1.5,L8*F8*1.5,K8*F8*(X8)),0)+IF(R8<H8+0.4,0,IF(AND(X8<=1.5,K8<=1.5),-U8,0)))) -> 0 | AD8: =IF(X8=0,0,IF(X8=0.4,IF(K8<=1.5,IF(OR(Y8+0.4>=3,Y8+0.4<1.5),0,K8*F8*0.4),0),IF(IF(K8<=1.5,IF(X8>=3,L8*F8*1.5,K8*F8*(X8-1.5)),0)<0,0,IF(K8<=1.5,IF(X8>=3,L8*F8*1.5,K8*F8*(X8-1.5)),0))+IF(R8<H8+0.4,0,IF(AND(X8<=3,K8<=1.5),-U8,0)))) -> 0 | AE8: =IF(X8=0,0,IF(X8=0.4,IF(K8<=1.5,IF(OR(Y8+0.4>=4.5,Y8+0.4<3),0,K8*F8*0.4),0),IF(IF(K8<=1.5,IF(X8>=4.5,L8*F8*1.5,K8*F8*(X8-3)),0)<0,0,IF(K8<=1.5,IF(X8>=3,L8*F8*1.5,K8*F8*(X8-3)),0))+IF(R8<H8+0.4,0,IF(AND(X8<=4.5,K8<=1.5),-U8,0)))) -> 10.615547 | AF8: =IF(X8=0,0,IF(X8=0.4,IF(AND(K8>1.5,K8<=2.6),IF(Y8+0.4>=1.5,0,K8*F8*0.4),0),IF(AND(K8>1.5,K8<=2.6),IF(X8>=1.5,L8*F8*1.5,K8*F8*(X8)),0)+IF(R8<H8+0.4,0,IF(AND(X8<=1.5,K8<=1.5),-U8,0)))) -> 0 | AG8: =IF(X8=0,0,IF(X8=0.4,IF(AND(K8>1.5,K8<=2.6),IF(OR(Y8+0.4>=3,Y8+0.4<1.5),0,K8*F8*0.4),0),IF(IF(AND(K8>1.5,K8<=2.6),IF(X8>=3,L8*F8*1.5,K8*F8*(X8-1.5)),0)<0,0,IF(AND(K8>1.5,K8<=2.6),IF(X8>=3,L8*F8*1.5,K8*F8*(X8-1.5)),0))+IF(R8<H8+0.4,0,IF(AND(X8<=3,K8<=1.5),-U8,0)))) -> 0 | AH8: =IF(X8=0,0,IF(X8=0.4,IF(AND(K8>1.5,K8<=2.6),IF(OR(Y8+0.4>=4.5,Y8+0.4<3),0,K8*F8*0.4),0),IF(IF(AND(K8>1.5,K8<=2.6),IF(X8>=4.5,L8*F8*1.5,K8*F8*(X8-3)),0)<0,0,IF(AND(K8>1.5,K8<=2.6),IF(X8>=4.5,L8*F8*1.5,K8*F8*(X8-3)),0))+IF(R8<H8+0.4,0,IF(AND(X8<=3,K8<=1.5),-U8,0)))) -> 0 | AI8: =IF(X8=0,0,IF(X8=0.4,IF(AND(K8>1.5,K8<=2.6),IF(OR(Y8+0.4>=6,Y8+0.4<4.5),0,K8*F8*0.4),0),IF(IF(AND(K8>1.5,K8<=2.6),IF(X8>=6,L8*F8*1.5,K8*F8*(X8-4.5)),0)<0,0,IF(AND(K8>1.5,K8<=2.6),IF(X8>=6,L8*F8*1.5,K8*F8*(X8-4.5)),0))+IF(R8<H8+0.4,0,IF(AND(X8<=3,K8<=1.5),-U8,0)))) -> 0 | AJ8: =IF(K8<=1.5,IF(Y8>=1.5,L8*F8*1.5,K8*F8*Y8),0)+IF(R8<H8,0,IF(AND(Y8<=1.5,K8<=1.5),-U8,0)) -> 39.808303 | AK8: =IF(IF(K8<=1.5,IF(Y8>=3,L8*F8*1.5,K8*F8*(Y8-1.5)),0)<0,0,IF(K8<=1.5,IF(Y8>=3,L8*F8*1.5,K8*F8*(Y8-1.5)),0))+IF(R8<H8,0,IF(AND(Y8<=3,K8<=1.5),-U8,0)) -> 31.286516 | AL8: =IF(AND(K8<=2.5,K8>1.5),IF(Y8>=1.5,L8*F8*1.5,K8*F8*Y8),0)+IF(R8<H8,0,IF(AND(Y8<=1.5,K8>1.5,K8<=2.5),-U8,0)) -> 0 | AM8: =IF(IF(AND(K8<=2.5,K8>1.5),IF(Y8>=3,L8*F8*1.5,K8*F8*(Y8-1.5)),0)<0,0,IF(AND(K8<=2.5,K8>1.5),IF(Y8>=3,L8*F8*1.5,K8*F8*(Y8-1.5)),0))+IF(R8<H8,0,IF(AND(Y8<=3,Y8>1.5,K8>1.5,K8<=2.5),-U8,0)) -> 0 | AN8: =IF(IF(K8<=2.5,IF(Y8>=4.5,L8*F8*1.5,K8*F8*(Y8-3)),0)<0,0,IF(K8<=2.5,IF(Y8>=4.5,L8*F8*1.5,K8*F8*(Y8-3)),0))+IF(R8<H8,0,IF(AND(Y8<=4.5,Y8>3,K8>1.5,K8<=2.5),-U8,0)) -> 0 | AO8: =IF(K8>2.5,IF(Y8>=2,L8*F8*2,K8*F8*Y8),0)+IF(R8<H8,0,IF(AND(Y8<=2,K8>=2.5),-U8,0)) -> 0 | AP8: =IF(IF(K8>2.5,IF(Y8>=4,L8*F8*2,K8*F8*(Y8-2)),0)<0,0,IF(K8>2.5,IF(Y8>=4,L8*F8*2,K8*F8*(Y8-2)),0))+IF(R8<H8,0,IF(AND(Y8<=4,Y8>2,K8>2.5),-U8,0)) -> 0 | AQ8: =IF(IF(K8>2.5,IF(Y8>=6,L8*F8*2,K8*F8*(Y8-4)),0)<0,0,IF(K8>2.5,IF(Y8>=6,L8*F8*2,K8*F8*(Y8-4)),0))+IF(R8<H8,0,IF(AND(Y8<=6,Y8>4,K8>2.5),-U8,0)) -> 0 | AR8: =ROUND(V8-SUM(AC8:AQ8),2) -> 0 | AS8: =IF(H8-S8<0,0,(H8-S8)*F8)/75 -> 0 | AT8: =F8*K8*H8-PI()*(G8/1000)*(G8/1000)/4*F8+AY8 -> 69.017165 | AU8: =IF(K8<1.5,K8*F8*IF(G8<=500,0.05,IF(G8<=800,0.1,IF(G8<=1200,0.15,IF(G8>=1500,0.2)))),0) -> 2.6538868 | AV8: =IF(K8>=1.5,K8*F8*IF(G8<=500,0.05,IF(G8<=800,0.1,IF(G8<=1200,0.15,IF(G8>=1500,0.2)))),0) -> 0 | AW8: =IF(Q8=1,0.4*F8*K8,0) -> 10.615547 | AX8: =IF(AW8<SUM(AJ8:AQ8),0,AW8) -> 0 | AY8: =G8/1000+0.3 -> 0.9 | AZ8: =AY8*K8*F8-PI()*(G8/1000*G8/1000)/4*F8 -> 18.525204 | BA8: =IF(AZ8<SUM(AJ8:AQ8),0,AZ8) -> 0 | BB8: =IF(O8="ASFALTO",0.15*F8*K8,0) -> 3.9808303 | BC8: =BB8 -> 3.9808303 | BD8: =IF(O8="ASFALTO",0.03*F8*K8,0) -> 0.79616605 | BE8: =AT8-AW8-SUM(AU8:AV8)-BB8-BC8-AZ8 -> 29.260866 | BF8: =SUM(AJ8:AQ8)-AW8-BB8-AZ8 -> 37.973237 | BG8: =IF(SMALL(BE8:BF8,1)<0,0,SMALL(BE8:BF8,1)) -> 29.260866 | BH8: =BF8-BG8 -> 8.7123711 | BI8: =BE8-BG8 -> 0 | BJ8: =IF($BI$29>$BJ$31,($BJ$31/$BI$29)*BI8,BI8) -> 0 | BK8: =BI8-BJ8 -> 0 | BM8: =IF(AW8+BB8>0,4%*(AW8+BB8),0) -> 0.5838551 | BN8: =IF(G8=400,H8,0) -> 0 | BO8: =IF(BN8<=1.75,AND(BN8>0)*F8,0) -> 0 | BP8: =IF(BN8<=3,AND(BN8>1.75)*F8,0) -> 0 | BQ8: =IF(G8=500,H8,0) -> 0 | BR8: =IF(BQ8<=1.75,AND(BQ8>0)*F8,0) -> 0 | BS8: =IF(BQ8<=3,AND(BQ8>1.75)*F8,0) -> 0 | BT8: =IF(G8=600,H8,0) -> 2.7686539 | BU8: =IF(BT8<=3,AND(BT8>0)*F8,0) -> 18.956335 | BV8: =IF(BT8<=6,AND(BT8>3)*F8,0) -> 0 | BW8: =IF(BT8<=9,AND(BT8>6)*F8,0) -> 0 | BX8: =IF(G8=800,H8,0) -> 0 | BY8: =IF(BX8<=3,AND(BX8>0)*F8,0) -> 0 | BZ8: =IF(BX8<=6,AND(BX8>3)*F8,0) -> 0 | CA8: =IF(BX8<=9,AND(BX8>6)*F8,0) -> 0 | CB8: =IF(G8=1000,H8,0) -> 0 | CC8: =IF(CB8<=3,AND(CB8>0)*F8,0) -> 0 | CD8: =IF(CB8<=6,AND(CB8>3)*F8,0) -> 0 | CE8: =IF(CB8<=9,AND(CB8>6)*F8,0) -> 0 | CF8: =IF(G8=1200,H8,0) -> 0 | CG8: =IF(CF8<=3,AND(CF8>0)*F8,0) -> 0 | CH8: =IF(CF8<=6,AND(CF8>3)*F8,0) -> 0 | CI8: =IF(CF8<=9,AND(CF8>6)*F8,0) -> 0 | CJ8: =IF(G8=1500,H8,0) -> 0 | CK8: =IF(CJ8<=3,AND(CJ8>0)*F8,0) -> 0 | CL8: =IF(CJ8<=6,AND(CJ8>3)*F8,0) -> 0 | CM8: =IF(CJ8<=9,AND(CJ8>6)*F8,0) -> 0 | CN8: =IF(G8=1650,F8,0) -> 0 | CO8: =IF(G8=1800,F8,0) -> 0 | CP8: =IF(G8=2000,F8,0) -> 0 | CQ8: =IF(G8=2200,F8,0) -> 0 | CR8: =IF(G8=2400,F8,0) -> 0 | CS8: =IF(G8=2600,F8,0) -> 0 | CT8: =IF(G8=3000,F8,0) -> 0 | CU8: =IF(G8>=100,1,0) -> 1 | CV8: =IF(CU8=1,IF(G8<=600,1,0)) -> 1 | CW8: =IF(CU8=1,IF($G8=800,1,0)) -> 0 | CX8: =IF(CU8=1,IF($G8=1000,1,0)) -> 0 | CY8: =IF(CU8=1,IF($G8=1200,1,0)) -> 0 | CZ8: =IF(CU8=1,IF($G8=1500,1,0)) -> 0 | DA8: =IF(IF(G8<=600,(D8-DB8),0)+IF(G8=800,(D8-DC8),0)+IF(G8>=1000,D8-DD8,0)<0,0,IF(G8<=600,(D8-DB8),0)+IF(G8=800,(D8-DC8),0)+IF(G8>=1000,D8-DD8,0)) -> 1.2473079 | DB8: 1.3 | DC8: 1.4 | DD8: 2 | DE8: 2 | DF8: 2 | DG8: =IF(K8<=1.5,IF(H8<1.5,H8*F8*2,F8*2*1.5),0) -> 56.869004 | DH8: =IF(K8<=1.5,IF(AND(H8<3,H8>1.5),(H8-1.5)*F8*2,IF(H8>=3,(F8*2*1.5),0)),0) -> 48.098056 | DI8: =IF(K8<=1.5,IF(AND(H8<4.5,H8>3),(H8-3)*F8*2,IF(H8>=4.5,(F8*2*1.5),0)),0) -> 0 | DJ8: =IF(AND(K8<=2.5,K8>1.5),IF(H8<1.5,H8*F8*2,F8*2*1.5),0) -> 0 | DK8: =IF(AND(K8>1.5,K8<=2.5),IF(AND(H8<3,H8>1.5),(H8-1.5)*F8*2,IF(H8>=3,(F8*2*1.5),0)),0) -> 0 | DL8: =IF(AND(K8>1.5,K8<=2.5),IF(AND(H8<4.5,H8>3),(H8-3)*F8*2,IF(H8>=4.5,(F8*2*1.5),0)),0) -> 0 | DM8: =IF(AND(K8<=3.5,K8>2.5),IF(H8<1.5,H8*F8*2,F8*2*1.5),0) -> 0 | DN8: =IF(AND(K8>2.5,K8<=3.5),IF(AND(H8<3,H8>1.5),(H8-1.5)*F8*2,IF(H8>=3,(F8*2*1.5),0)),0) -> 0 | DO8: =IF(AND(K8>2.5,K8<=3.5),IF(AND(H8<4.5,H8>3),(H8-3)*F8*2,IF(H8>=4.5,(F8*2*1.5),0)),0) -> 0 | DP8: =IF(AND(K8>2.5,K8<=3.5),IF(AND(H8<6,H8>4.5),(H8-4.5)*F8*2,IF(H8>=6,(F8*2*1.5),0)),0) -> 0
A9: Condomínio Estância Mte. D'armas IV Mod U Mod 2 | C9: ='Planilha Hidráulica'!B13 -> PV4.1->PV5.1 | D9: ='Planilha Hidráulica'!R13 -> 2.55 | E9: ='Planilha Hidráulica'!S13 -> 2.8173249 | F9: ='Planilha Hidráulica'!K13 -> 36.057389 | G9: ='Planilha Hidráulica'!M13 -> 600 | H9: =IF(G9=400,((D9+E9)/2)+0.08+T9,IF(G9=500,((D9+E9)/2)+0.1+T9,IF(G9=600,((D9+E9)/2)+0.12+T9,IF(G9=800,((D9+E9)/2)+0.16+T9,IF(G9=1000,((D9+E9)/2)+0.2+T9,IF(G9=1200,((D9+E9)/2)+0.24+T9,IF(G9=1500,((D9+E9)/2)+0.3+T9,IF(G9>1500,((D9+E9)/2)+0.4+T9)))))))) -> 2.9036624 | I9: =IF(K9=0,0,IF(H9>=1.25,F9*H9/20,0)) -> 5.2349243 | J9: 0 | K9: =IF(G9=400,1,0)+IF(G9=500,1.2,0)+IF(G9=600,1.4,0)+IF(G9=800,1.7,0)+IF(G9=1000,2,0)+IF(G9=1200,2.2,0)+IF(G9=1500,2.6,0)+IF(G9=1650,3,0)+IF(G9=1800,3.2,0)+IF(G9=2000,3.4,0)+IF(G9=2200,3.6,0)+IF(G9=2400,3.8,0)+IF(G9=2600,4,0)+IF(G9=3000,4.4,0) -> 1.4 | L9: =2*J9*H9+K9 -> 1.4 | M9: ='Planilha Hidráulica'!X13 -> 400 | N9: =L9*F9 -> 50.480345 | O9: ='Planilha Hidráulica'!W13 -> ASFALTO | P9: ST-106 | Q9: 1 | R9: 3 | S9: 5 | T9: =IF(G9=400,0.05,0)+IF(G9=500,0.05,0)+IF(G9=600,0.1,0)+IF(G9=800,0.1,0)+IF(G9=1000,0.15,0)+IF(G9=1200,0.15,0)+IF(G9=1500,0.2,0)+IF(G9=1650,0.2,0)+IF(G9=1800,0.2,0)+IF(G9=2000,0.25,0)+IF(G9=2200,0.25,0)+IF(G9=2400,0.25,0)+IF(G9=2600,0.25,0)+IF(G9=3000,0.25,0) -> 0.1 | U9: =IFERROR((PI()*(M9/1000)*(M9/1000)/4)*F9,0) -> 4.5311051 | V9: =((((J9*H9)*H9)/2)*2+K9*H9)*F9-U9+AW9 -> 162.23891 | W9: =ROUND(V9-SUM(AC9:AR9),2) -> 0 | X9: =IF(Q9=1,IF(OR(M9=0,M9="-"),H9+0.4,0.4),0) -> 0.4 | Y9: =IF(R9<H9,R9,H9) -> 2.9036624 | Z9: =H9-Y9 -> 0 | AA9: =IF(O9="ASFALTO",L9*F9,0) -> 50.480345 | AB9: =IF(O9="CONCRETO",L9*F9,0) -> 0 | AC9: =IF(X9=0,0,IF(X9=0.4,IF(K9<=1.5,IF(Y9+0.4>=1.5,0,K9*F9*0.4),0),IF(K9<=1.5,IF(X9>=1.5,L9*F9*1.5,K9*F9*(X9)),0)+IF(R9<H9+0.4,0,IF(AND(X9<=1.5,K9<=1.5),-U9,0)))) -> 0 | AD9: =IF(X9=0,0,IF(X9=0.4,IF(K9<=1.5,IF(OR(Y9+0.4>=3,Y9+0.4<1.5),0,K9*F9*0.4),0),IF(IF(K9<=1.5,IF(X9>=3,L9*F9*1.5,K9*F9*(X9-1.5)),0)<0,0,IF(K9<=1.5,IF(X9>=3,L9*F9*1.5,K9*F9*(X9-1.5)),0))+IF(R9<H9+0.4,0,IF(AND(X9<=3,K9<=1.5),-U9,0)))) -> 0 | AE9: =IF(X9=0,0,IF(X9=0.4,IF(K9<=1.5,IF(OR(Y9+0.4>=4.5,Y9+0.4<3),0,K9*F9*0.4),0),IF(IF(K9<=1.5,IF(X9>=4.5,L9*F9*1.5,K9*F9*(X9-3)),0)<0,0,IF(K9<=1.5,IF(X9>=3,L9*F9*1.5,K9*F9*(X9-3)),0))+IF(R9<H9+0.4,0,IF(AND(X9<=4.5,K9<=1.5),-U9,0)))) -> 20.192138 | AF9: =IF(X9=0,0,IF(X9=0.4,IF(AND(K9>1.5,K9<=2.6),IF(Y9+0.4>=1.5,0,K9*F9*0.4),0),IF(AND(K9>1.5,K9<=2.6),IF(X9>=1.5,L9*F9*1.5,K9*F9*(X9)),0)+IF(R9<H9+0.4,0,IF(AND(X9<=1.5,K9<=1.5),-U9,0)))) -> 0 | AG9: =IF(X9=0,0,IF(X9=0.4,IF(AND(K9>1.5,K9<=2.6),IF(OR(Y9+0.4>=3,Y9+0.4<1.5),0,K9*F9*0.4),0),IF(IF(AND(K9>1.5,K9<=2.6),IF(X9>=3,L9*F9*1.5,K9*F9*(X9-1.5)),0)<0,0,IF(AND(K9>1.5,K9<=2.6),IF(X9>=3,L9*F9*1.5,K9*F9*(X9-1.5)),0))+IF(R9<H9+0.4,0,IF(AND(X9<=3,K9<=1.5),-U9,0)))) -> 0 | AH9: =IF(X9=0,0,IF(X9=0.4,IF(AND(K9>1.5,K9<=2.6),IF(OR(Y9+0.4>=4.5,Y9+0.4<3),0,K9*F9*0.4),0),IF(IF(AND(K9>1.5,K9<=2.6),IF(X9>=4.5,L9*F9*1.5,K9*F9*(X9-3)),0)<0,0,IF(AND(K9>1.5,K9<=2.6),IF(X9>=4.5,L9*F9*1.5,K9*F9*(X9-3)),0))+IF(R9<H9+0.4,0,IF(AND(X9<=3,K9<=1.5),-U9,0)))) -> 0 | AI9: =IF(X9=0,0,IF(X9=0.4,IF(AND(K9>1.5,K9<=2.6),IF(OR(Y9+0.4>=6,Y9+0.4<4.5),0,K9*F9*0.4),0),IF(IF(AND(K9>1.5,K9<=2.6),IF(X9>=6,L9*F9*1.5,K9*F9*(X9-4.5)),0)<0,0,IF(AND(K9>1.5,K9<=2.6),IF(X9>=6,L9*F9*1.5,K9*F9*(X9-4.5)),0))+IF(R9<H9+0.4,0,IF(AND(X9<=3,K9<=1.5),-U9,0)))) -> 0 | AJ9: =IF(K9<=1.5,IF(Y9>=1.5,L9*F9*1.5,K9*F9*Y9),0)+IF(R9<H9,0,IF(AND(Y9<=1.5,K9<=1.5),-U9,0)) -> 75.720517 | AK9: =IF(IF(K9<=1.5,IF(Y9>=3,L9*F9*1.5,K9*F9*(Y9-1.5)),0)<0,0,IF(K9<=1.5,IF(Y9>=3,L9*F9*1.5,K9*F9*(Y9-1.5)),0))+IF(R9<H9,0,IF(AND(Y9<=3,K9<=1.5),-U9,0)) -> 66.326259 | AL9: =IF(AND(K9<=2.5,K9>1.5),IF(Y9>=1.5,L9*F9*1.5,K9*F9*Y9),0)+IF(R9<H9,0,IF(AND(Y9<=1.5,K9>1.5,K9<=2.5),-U9,0)) -> 0 | AM9: =IF(IF(AND(K9<=2.5,K9>1.5),IF(Y9>=3,L9*F9*1.5,K9*F9*(Y9-1.5)),0)<0,0,IF(AND(K9<=2.5,K9>1.5),IF(Y9>=3,L9*F9*1.5,K9*F9*(Y9-1.5)),0))+IF(R9<H9,0,IF(AND(Y9<=3,Y9>1.5,K9>1.5,K9<=2.5),-U9,0)) -> 0 | AN9: =IF(IF(K9<=2.5,IF(Y9>=4.5,L9*F9*1.5,K9*F9*(Y9-3)),0)<0,0,IF(K9<=2.5,IF(Y9>=4.5,L9*F9*1.5,K9*F9*(Y9-3)),0))+IF(R9<H9,0,IF(AND(Y9<=4.5,Y9>3,K9>1.5,K9<=2.5),-U9,0)) -> 0 | AO9: =IF(K9>2.5,IF(Y9>=2,L9*F9*2,K9*F9*Y9),0)+IF(R9<H9,0,IF(AND(Y9<=2,K9>=2.5),-U9,0)) -> 0 | AP9: =IF(IF(K9>2.5,IF(Y9>=4,L9*F9*2,K9*F9*(Y9-2)),0)<0,0,IF(K9>2.5,IF(Y9>=4,L9*F9*2,K9*F9*(Y9-2)),0))+IF(R9<H9,0,IF(AND(Y9<=4,Y9>2,K9>2.5),-U9,0)) -> 0 | AQ9: =IF(IF(K9>2.5,IF(Y9>=6,L9*F9*2,K9*F9*(Y9-4)),0)<0,0,IF(K9>2.5,IF(Y9>=6,L9*F9*2,K9*F9*(Y9-4)),0))+IF(R9<H9,0,IF(AND(Y9<=6,Y9>4,K9>2.5),-U9,0)) -> 0 | AR9: =ROUND(V9-SUM(AC9:AQ9),2) -> 0 | AS9: =IF(H9-S9<0,0,(H9-S9)*F9)/75 -> 0 | AT9: =F9*K9*H9-PI()*(G9/1000)*(G9/1000)/4*F9+AY9 -> 137.28289 | AU9: =IF(K9<1.5,K9*F9*IF(G9<=500,0.05,IF(G9<=800,0.1,IF(G9<=1200,0.15,IF(G9>=1500,0.2)))),0) -> 5.0480345 | AV9: =IF(K9>=1.5,K9*F9*IF(G9<=500,0.05,IF(G9<=800,0.1,IF(G9<=1200,0.15,IF(G9>=1500,0.2)))),0) -> 0 | AW9: =IF(Q9=1,0.4*F9*K9,0) -> 20.192138 | AX9: =IF(AW9<SUM(AJ9:AQ9),0,AW9) -> 0 | AY9: =G9/1000+0.3 -> 0.9 | AZ9: =AY9*K9*F9-PI()*(G9/1000*G9/1000)/4*F9 -> 35.237324 | BA9: =IF(AZ9<SUM(AJ9:AQ9),0,AZ9) -> 0 | BB9: =IF(O9="ASFALTO",0.15*F9*K9,0) -> 7.5720517 | BC9: =BB9 -> 7.5720517 | BD9: =IF(O9="ASFALTO",0.03*F9*K9,0) -> 1.5144103 | BE9: =AT9-AW9-SUM(AU9:AV9)-BB9-BC9-AZ9 -> 61.661295 | BF9: =SUM(AJ9:AQ9)-AW9-BB9-AZ9 -> 79.045262 | BG9: =IF(SMALL(BE9:BF9,1)<0,0,SMALL(BE9:BF9,1)) -> 61.661295 | BH9: =BF9-BG9 -> 17.383968 | BI9: =BE9-BG9 -> 0 | BJ9: =IF($BI$29>$BJ$31,($BJ$31/$BI$29)*BI9,BI9) -> 0 | BK9: =BI9-BJ9 -> 0 | BM9: =IF(AW9+BB9>0,4%*(AW9+BB9),0) -> 1.1105676 | BN9: =IF(G9=400,H9,0) -> 0 | BO9: =IF(BN9<=1.75,AND(BN9>0)*F9,0) -> 0 | BP9: =IF(BN9<=3,AND(BN9>1.75)*F9,0) -> 0 | BQ9: =IF(G9=500,H9,0) -> 0 | BR9: =IF(BQ9<=1.75,AND(BQ9>0)*F9,0) -> 0 | BS9: =IF(BQ9<=3,AND(BQ9>1.75)*F9,0) -> 0 | BT9: =IF(G9=600,H9,0) -> 2.9036624 | BU9: =IF(BT9<=3,AND(BT9>0)*F9,0) -> 36.057389 | BV9: =IF(BT9<=6,AND(BT9>3)*F9,0) -> 0 | BW9: =IF(BT9<=9,AND(BT9>6)*F9,0) -> 0 | BX9: =IF(G9=800,H9,0) -> 0 | BY9: =IF(BX9<=3,AND(BX9>0)*F9,0) -> 0 | BZ9: =IF(BX9<=6,AND(BX9>3)*F9,0) -> 0 | CA9: =IF(BX9<=9,AND(BX9>6)*F9,0) -> 0 | CB9: =IF(G9=1000,H9,0) -> 0 | CC9: =IF(CB9<=3,AND(CB9>0)*F9,0) -> 0 | CD9: =IF(CB9<=6,AND(CB9>3)*F9,0) -> 0 | CE9: =IF(CB9<=9,AND(CB9>6)*F9,0) -> 0 | CF9: =IF(G9=1200,H9,0) -> 0 | CG9: =IF(CF9<=3,AND(CF9>0)*F9,0) -> 0 | CH9: =IF(CF9<=6,AND(CF9>3)*F9,0) -> 0 | CI9: =IF(CF9<=9,AND(CF9>6)*F9,0) -> 0 | CJ9: =IF(G9=1500,H9,0) -> 0 | CK9: =IF(CJ9<=3,AND(CJ9>0)*F9,0) -> 0 | CL9: =IF(CJ9<=6,AND(CJ9>3)*F9,0) -> 0 | CM9: =IF(CJ9<=9,AND(CJ9>6)*F9,0) -> 0 | CN9: =IF(G9=1650,F9,0) -> 0 | CO9: =IF(G9=1800,F9,0) -> 0 | CP9: =IF(G9=2000,F9,0) -> 0 | CQ9: =IF(G9=2200,F9,0) -> 0 | CR9: =IF(G9=2400,F9,0) -> 0 | CS9: =IF(G9=2600,F9,0) -> 0 | CT9: =IF(G9=3000,F9,0) -> 0 | CU9: =IF(G9>=100,1,0) -> 1 | CV9: =IF(CU9=1,IF(G9<=600,1,0)) -> 1 | CW9: =IF(CU9=1,IF($G9=800,1,0)) -> 0 | CX9: =IF(CU9=1,IF($G9=1000,1,0)) -> 0 | CY9: =IF(CU9=1,IF($G9=1200,1,0)) -> 0 | CZ9: =IF(CU9=1,IF($G9=1500,1,0)) -> 0 | DA9: =IF(IF(G9<=600,(D9-DB9),0)+IF(G9=800,(D9-DC9),0)+IF(G9>=1000,D9-DD9,0)<0,0,IF(G9<=600,(D9-DB9),0)+IF(G9=800,(D9-DC9),0)+IF(G9>=1000,D9-DD9,0)) -> 1.25 | DB9: 1.3 | DC9: 1.4 | DD9: 2 | DE9: 2 | DF9: 2 | DG9: =IF(K9<=1.5,IF(H9<1.5,H9*F9*2,F9*2*1.5),0) -> 108.17217 | DH9: =IF(K9<=1.5,IF(AND(H9<3,H9>1.5),(H9-1.5)*F9*2,IF(H9>=3,(F9*2*1.5),0)),0) -> 101.22481 | DI9: =IF(K9<=1.5,IF(AND(H9<4.5,H9>3),(H9-3)*F9*2,IF(H9>=4.5,(F9*2*1.5),0)),0) -> 0 | DJ9: =IF(AND(K9<=2.5,K9>1.5),IF(H9<1.5,H9*F9*2,F9*2*1.5),0) -> 0 | DK9: =IF(AND(K9>1.5,K9<=2.5),IF(AND(H9<3,H9>1.5),(H9-1.5)*F9*2,IF(H9>=3,(F9*2*1.5),0)),0) -> 0 | DL9: =IF(AND(K9>1.5,K9<=2.5),IF(AND(H9<4.5,H9>3),(H9-3)*F9*2,IF(H9>=4.5,(F9*2*1.5),0)),0) -> 0 | DM9: =IF(AND(K9<=3.5,K9>2.5),IF(H9<1.5,H9*F9*2,F9*2*1.5),0) -> 0 | DN9: =IF(AND(K9>2.5,K9<=3.5),IF(AND(H9<3,H9>1.5),(H9-1.5)*F9*2,IF(H9>=3,(F9*2*1.5),0)),0) -> 0 | DO9: =IF(AND(K9>2.5,K9<=3.5),IF(AND(H9<4.5,H9>3),(H9-3)*F9*2,IF(H9>=4.5,(F9*2*1.5),0)),0) -> 0 | DP9: =IF(AND(K9>2.5,K9<=3.5),IF(AND(H9<6,H9>4.5),(H9-4.5)*F9*2,IF(H9>=6,(F9*2*1.5),0)),0) -> 0
A10: Condomínio Estância Mte. D'armas IV Mod U Mod 2 | C10: ='Planilha Hidráulica'!B14 -> PV5.1->PV6.1 | D10: ='Planilha Hidráulica'!R14 -> 2.8173249 | E10: ='Planilha Hidráulica'!S14 -> 3 | F10: ='Planilha Hidráulica'!K14 -> 36.057389 | G10: ='Planilha Hidráulica'!M14 -> 600 | H10: =IF(G10=400,((D10+E10)/2)+0.08+T10,IF(G10=500,((D10+E10)/2)+0.1+T10,IF(G10=600,((D10+E10)/2)+0.12+T10,IF(G10=800,((D10+E10)/2)+0.16+T10,IF(G10=1000,((D10+E10)/2)+0.2+T10,IF(G10=1200,((D10+E10)/2)+0.24+T10,IF(G10=1500,((D10+E10)/2)+0.3+T10,IF(G10>1500,((D10+E10)/2)+0.4+T10)))))))) -> 3.1286624 | I10: =IF(K10=0,0,IF(H10>=1.25,F10*H10/20,0)) -> 5.6405699 | J10: 0 | K10: =IF(G10=400,1,0)+IF(G10=500,1.2,0)+IF(G10=600,1.4,0)+IF(G10=800,1.7,0)+IF(G10=1000,2,0)+IF(G10=1200,2.2,0)+IF(G10=1500,2.6,0)+IF(G10=1650,3,0)+IF(G10=1800,3.2,0)+IF(G10=2000,3.4,0)+IF(G10=2200,3.6,0)+IF(G10=2400,3.8,0)+IF(G10=2600,4,0)+IF(G10=3000,4.4,0) -> 1.4 | L10: =2*J10*H10+K10 -> 1.4 | M10: ='Planilha Hidráulica'!X14 -> 400 | N10: =L10*F10 -> 50.480345 | O10: ='Planilha Hidráulica'!W14 -> ASFALTO | P10: ST-106 | Q10: 1 | R10: 3 | S10: 5 | T10: =IF(G10=400,0.05,0)+IF(G10=500,0.05,0)+IF(G10=600,0.1,0)+IF(G10=800,0.1,0)+IF(G10=1000,0.15,0)+IF(G10=1200,0.15,0)+IF(G10=1500,0.2,0)+IF(G10=1650,0.2,0)+IF(G10=1800,0.2,0)+IF(G10=2000,0.25,0)+IF(G10=2200,0.25,0)+IF(G10=2400,0.25,0)+IF(G10=2600,0.25,0)+IF(G10=3000,0.25,0) -> 0.1 | U10: =IFERROR((PI()*(M10/1000)*(M10/1000)/4)*F10,0) -> 4.5311051 | V10: =((((J10*H10)*H10)/2)*2+K10*H10)*F10-U10+AW10 -> 173.59699 | W10: =ROUND(V10-SUM(AC10:AR10),2) -> 0 | X10: =IF(Q10=1,IF(OR(M10=0,M10="-"),H10+0.4,0.4),0) -> 0.4 | Y10: =IF(R10<H10,R10,H10) -> 3 | Z10: =H10-Y10 -> 0.12866244 | AA10: =IF(O10="ASFALTO",L10*F10,0) -> 50.480345 | AB10: =IF(O10="CONCRETO",L10*F10,0) -> 0 | AC10: =IF(X10=0,0,IF(X10=0.4,IF(K10<=1.5,IF(Y10+0.4>=1.5,0,K10*F10*0.4),0),IF(K10<=1.5,IF(X10>=1.5,L10*F10*1.5,K10*F10*(X10)),0)+IF(R10<H10+0.4,0,IF(AND(X10<=1.5,K10<=1.5),-U10,0)))) -> 0 | AD10: =IF(X10=0,0,IF(X10=0.4,IF(K10<=1.5,IF(OR(Y10+0.4>=3,Y10+0.4<1.5),0,K10*F10*0.4),0),IF(IF(K10<=1.5,IF(X10>=3,L10*F10*1.5,K10*F10*(X10-1.5)),0)<0,0,IF(K10<=1.5,IF(X10>=3,L10*F10*1.5,K10*F10*(X10-1.5)),0))+IF(R10<H10+0.4,0,IF(AND(X10<=3,K10<=1.5),-U10,0)))) -> 0 | AE10: =IF(X10=0,0,IF(X10=0.4,IF(K10<=1.5,IF(OR(Y10+0.4>=4.5,Y10+0.4<3),0,K10*F10*0.4),0),IF(IF(K10<=1.5,IF(X10>=4.5,L10*F10*1.5,K10*F10*(X10-3)),0)<0,0,IF(K10<=1.5,IF(X10>=3,L10*F10*1.5,K10*F10*(X10-3)),0))+IF(R10<H10+0.4,0,IF(AND(X10<=4.5,K10<=1.5),-U10,0)))) -> 20.192138 | AF10: =IF(X10=0,0,IF(X10=0.4,IF(AND(K10>1.5,K10<=2.6),IF(Y10+0.4>=1.5,0,K10*F10*0.4),0),IF(AND(K10>1.5,K10<=2.6),IF(X10>=1.5,L10*F10*1.5,K10*F10*(X10)),0)+IF(R10<H10+0.4,0,IF(AND(X10<=1.5,K10<=1.5),-U10,0)))) -> 0 | AG10: =IF(X10=0,0,IF(X10=0.4,IF(AND(K10>1.5,K10<=2.6),IF(OR(Y10+0.4>=3,Y10+0.4<1.5),0,K10*F10*0.4),0),IF(IF(AND(K10>1.5,K10<=2.6),IF(X10>=3,L10*F10*1.5,K10*F10*(X10-1.5)),0)<0,0,IF(AND(K10>1.5,K10<=2.6),IF(X10>=3,L10*F10*1.5,K10*F10*(X10-1.5)),0))+IF(R10<H10+0.4,0,IF(AND(X10<=3,K10<=1.5),-U10,0)))) -> 0 | AH10: =IF(X10=0,0,IF(X10=0.4,IF(AND(K10>1.5,K10<=2.6),IF(OR(Y10+0.4>=4.5,Y10+0.4<3),0,K10*F10*0.4),0),IF(IF(AND(K10>1.5,K10<=2.6),IF(X10>=4.5,L10*F10*1.5,K10*F10*(X10-3)),0)<0,0,IF(AND(K10>1.5,K10<=2.6),IF(X10>=4.5,L10*F10*1.5,K10*F10*(X10-3)),0))+IF(R10<H10+0.4,0,IF(AND(X10<=3,K10<=1.5),-U10,0)))) -> 0 | AI10: =IF(X10=0,0,IF(X10=0.4,IF(AND(K10>1.5,K10<=2.6),IF(OR(Y10+0.4>=6,Y10+0.4<4.5),0,K10*F10*0.4),0),IF(IF(AND(K10>1.5,K10<=2.6),IF(X10>=6,L10*F10*1.5,K10*F10*(X10-4.5)),0)<0,0,IF(AND(K10>1.5,K10<=2.6),IF(X10>=6,L10*F10*1.5,K10*F10*(X10-4.5)),0))+IF(R10<H10+0.4,0,IF(AND(X10<=3,K10<=1.5),-U10,0)))) -> 0 | AJ10: =IF(K10<=1.5,IF(Y10>=1.5,L10*F10*1.5,K10*F10*Y10),0)+IF(R10<H10,0,IF(AND(Y10<=1.5,K10<=1.5),-U10,0)) -> 75.720517 | AK10: =IF(IF(K10<=1.5,IF(Y10>=3,L10*F10*1.5,K10*F10*(Y10-1.5)),0)<0,0,IF(K10<=1.5,IF(Y10>=3,L10*F10*1.5,K10*F10*(Y10-1.5)),0))+IF(R10<H10,0,IF(AND(Y10<=3,K10<=1.5),-U10,0)) -> 75.720517 | AL10: =IF(AND(K10<=2.5,K10>1.5),IF(Y10>=1.5,L10*F10*1.5,K10*F10*Y10),0)+IF(R10<H10,0,IF(AND(Y10<=1.5,K10>1.5,K10<=2.5),-U10,0)) -> 0 | AM10: =IF(IF(AND(K10<=2.5,K10>1.5),IF(Y10>=3,L10*F10*1.5,K10*F10*(Y10-1.5)),0)<0,0,IF(AND(K10<=2.5,K10>1.5),IF(Y10>=3,L10*F10*1.5,K10*F10*(Y10-1.5)),0))+IF(R10<H10,0,IF(AND(Y10<=3,Y10>1.5,K10>1.5,K10<=2.5),-U10,0)) -> 0 | AN10: =IF(IF(K10<=2.5,IF(Y10>=4.5,L10*F10*1.5,K10*F10*(Y10-3)),0)<0,0,IF(K10<=2.5,IF(Y10>=4.5,L10*F10*1.5,K10*F10*(Y10-3)),0))+IF(R10<H10,0,IF(AND(Y10<=4.5,Y10>3,K10>1.5,K10<=2.5),-U10,0)) -> 0 | AO10: =IF(K10>2.5,IF(Y10>=2,L10*F10*2,K10*F10*Y10),0)+IF(R10<H10,0,IF(AND(Y10<=2,K10>=2.5),-U10,0)) -> 0 | AP10: =IF(IF(K10>2.5,IF(Y10>=4,L10*F10*2,K10*F10*(Y10-2)),0)<0,0,IF(K10>2.5,IF(Y10>=4,L10*F10*2,K10*F10*(Y10-2)),0))+IF(R10<H10,0,IF(AND(Y10<=4,Y10>2,K10>2.5),-U10,0)) -> 0 | AQ10: =IF(IF(K10>2.5,IF(Y10>=6,L10*F10*2,K10*F10*(Y10-4)),0)<0,0,IF(K10>2.5,IF(Y10>=6,L10*F10*2,K10*F10*(Y10-4)),0))+IF(R10<H10,0,IF(AND(Y10<=6,Y10>4,K10>2.5),-U10,0)) -> 0 | AR10: =ROUND(V10-SUM(AC10:AQ10),2) -> 1.96 | AS10: =IF(H10-S10<0,0,(H10-S10)*F10)/75 -> 0 | AT10: =F10*K10*H10-PI()*(G10/1000)*(G10/1000)/4*F10+AY10 -> 148.64097 | AU10: =IF(K10<1.5,K10*F10*IF(G10<=500,0.05,IF(G10<=800,0.1,IF(G10<=1200,0.15,IF(G10>=1500,0.2)))),0) -> 5.0480345 | AV10: =IF(K10>=1.5,K10*F10*IF(G10<=500,0.05,IF(G10<=800,0.1,IF(G10<=1200,0.15,IF(G10>=1500,0.2)))),0) -> 0 | AW10: =IF(Q10=1,0.4*F10*K10,0) -> 20.192138 | AX10: =IF(AW10<SUM(AJ10:AQ10),0,AW10) -> 0 | AY10: =G10/1000+0.3 -> 0.9 | AZ10: =AY10*K10*F10-PI()*(G10/1000*G10/1000)/4*F10 -> 35.237324 | BA10: =IF(AZ10<SUM(AJ10:AQ10),0,AZ10) -> 0 | BB10: =IF(O10="ASFALTO",0.15*F10*K10,0) -> 7.5720517 | BC10: =BB10 -> 7.5720517 | BD10: =IF(O10="ASFALTO",0.03*F10*K10,0) -> 1.5144103 | BE10: =AT10-AW10-SUM(AU10:AV10)-BB10-BC10-AZ10 -> 73.019372 | BF10: =SUM(AJ10:AQ10)-AW10-BB10-AZ10 -> 88.439521 | BG10: =IF(SMALL(BE10:BF10,1)<0,0,SMALL(BE10:BF10,1)) -> 73.019372 | BH10: =BF10-BG10 -> 15.420148 | BI10: =BE10-BG10 -> 0 | BJ10: =IF($BI$29>$BJ$31,($BJ$31/$BI$29)*BI10,BI10) -> 0 | BK10: =BI10-BJ10 -> 0 | BM10: =IF(AW10+BB10>0,4%*(AW10+BB10),0) -> 1.1105676 | BN10: =IF(G10=400,H10,0) -> 0 | BO10: =IF(BN10<=1.75,AND(BN10>0)*F10,0) -> 0 | BP10: =IF(BN10<=3,AND(BN10>1.75)*F10,0) -> 0 | BQ10: =IF(G10=500,H10,0) -> 0 | BR10: =IF(BQ10<=1.75,AND(BQ10>0)*F10,0) -> 0 | BS10: =IF(BQ10<=3,AND(BQ10>1.75)*F10,0) -> 0 | BT10: =IF(G10=600,H10,0) -> 3.1286624 | BU10: =IF(BT10<=3,AND(BT10>0)*F10,0) -> 0 | BV10: =IF(BT10<=6,AND(BT10>3)*F10,0) -> 36.057389 | BW10: =IF(BT10<=9,AND(BT10>6)*F10,0) -> 0 | BX10: =IF(G10=800,H10,0) -> 0 | BY10: =IF(BX10<=3,AND(BX10>0)*F10,0) -> 0 | BZ10: =IF(BX10<=6,AND(BX10>3)*F10,0) -> 0 | CA10: =IF(BX10<=9,AND(BX10>6)*F10,0) -> 0 | CB10: =IF(G10=1000,H10,0) -> 0 | CC10: =IF(CB10<=3,AND(CB10>0)*F10,0) -> 0 | CD10: =IF(CB10<=6,AND(CB10>3)*F10,0) -> 0 | CE10: =IF(CB10<=9,AND(CB10>6)*F10,0) -> 0 | CF10: =IF(G10=1200,H10,0) -> 0 | CG10: =IF(CF10<=3,AND(CF10>0)*F10,0) -> 0 | CH10: =IF(CF10<=6,AND(CF10>3)*F10,0) -> 0 | CI10: =IF(CF10<=9,AND(CF10>6)*F10,0) -> 0 | CJ10: =IF(G10=1500,H10,0) -> 0 | CK10: =IF(CJ10<=3,AND(CJ10>0)*F10,0) -> 0 | CL10: =IF(CJ10<=6,AND(CJ10>3)*F10,0) -> 0 | CM10: =IF(CJ10<=9,AND(CJ10>6)*F10,0) -> 0 | CN10: =IF(G10=1650,F10,0) -> 0 | CO10: =IF(G10=1800,F10,0) -> 0 | CP10: =IF(G10=2000,F10,0) -> 0 | CQ10: =IF(G10=2200,F10,0) -> 0 | CR10: =IF(G10=2400,F10,0) -> 0 | CS10: =IF(G10=2600,F10,0) -> 0 | CT10: =IF(G10=3000,F10,0) -> 0 | CU10: =IF(G10>=100,1,0) -> 1 | CV10: =IF(CU10=1,IF(G10<=600,1,0)) -> 1 | CW10: =IF(CU10=1,IF($G10=800,1,0)) -> 0 | CX10: =IF(CU10=1,IF($G10=1000,1,0)) -> 0 | CY10: =IF(CU10=1,IF($G10=1200,1,0)) -> 0 | CZ10: =IF(CU10=1,IF($G10=1500,1,0)) -> 0 | DA10: =IF(IF(G10<=600,(D10-DB10),0)+IF(G10=800,(D10-DC10),0)+IF(G10>=1000,D10-DD10,0)<0,0,IF(G10<=600,(D10-DB10),0)+IF(G10=800,(D10-DC10),0)+IF(G10>=1000,D10-DD10,0)) -> 1.5173249 | DB10: 1.3 | DC10: 1.4 | DD10: 2 | DE10: 2 | DF10: 2 | DG10: =IF(K10<=1.5,IF(H10<1.5,H10*F10*2,F10*2*1.5),0) -> 108.17217 | DH10: =IF(K10<=1.5,IF(AND(H10<3,H10>1.5),(H10-1.5)*F10*2,IF(H10>=3,(F10*2*1.5),0)),0) -> 108.17217 | DI10: =IF(K10<=1.5,IF(AND(H10<4.5,H10>3),(H10-3)*F10*2,IF(H10>=4.5,(F10*2*1.5),0)),0) -> 9.2784633 | DJ10: =IF(AND(K10<=2.5,K10>1.5),IF(H10<1.5,H10*F10*2,F10*2*1.5),0) -> 0 | DK10: =IF(AND(K10>1.5,K10<=2.5),IF(AND(H10<3,H10>1.5),(H10-1.5)*F10*2,IF(H10>=3,(F10*2*1.5),0)),0) -> 0 | DL10: =IF(AND(K10>1.5,K10<=2.5),IF(AND(H10<4.5,H10>3),(H10-3)*F10*2,IF(H10>=4.5,(F10*2*1.5),0)),0) -> 0 | DM10: =IF(AND(K10<=3.5,K10>2.5),IF(H10<1.5,H10*F10*2,F10*2*1.5),0) -> 0 | DN10: =IF(AND(K10>2.5,K10<=3.5),IF(AND(H10<3,H10>1.5),(H10-1.5)*F10*2,IF(H10>=3,(F10*2*1.5),0)),0) -> 0 | DO10: =IF(AND(K10>2.5,K10<=3.5),IF(AND(H10<4.5,H10>3),(H10-3)*F10*2,IF(H10>=4.5,(F10*2*1.5),0)),0) -> 0 | DP10: =IF(AND(K10>2.5,K10<=3.5),IF(AND(H10<6,H10>4.5),(H10-4.5)*F10*2,IF(H10>=6,(F10*2*1.5),0)),0) -> 0
A11: Condomínio Estância Mte. D'armas IV Mod U Mod 2 | C11: ='Planilha Hidráulica'!B15 -> PV6.1->PV7.1 | D11: ='Planilha Hidráulica'!R15 -> 3 | E11: ='Planilha Hidráulica'!S15 -> 3.145836 | F11: ='Planilha Hidráulica'!K15 -> 40.381886 | G11: ='Planilha Hidráulica'!M15 -> 600 | H11: =IF(G11=400,((D11+E11)/2)+0.08+T11,IF(G11=500,((D11+E11)/2)+0.1+T11,IF(G11=600,((D11+E11)/2)+0.12+T11,IF(G11=800,((D11+E11)/2)+0.16+T11,IF(G11=1000,((D11+E11)/2)+0.2+T11,IF(G11=1200,((D11+E11)/2)+0.24+T11,IF(G11=1500,((D11+E11)/2)+0.3+T11,IF(G11>1500,((D11+E11)/2)+0.4+T11)))))))) -> 3.292918 | I11: =IF(K11=0,0,IF(H11>=1.25,F11*H11/20,0)) -> 6.6487121 | J11: 0 | K11: =IF(G11=400,1,0)+IF(G11=500,1.2,0)+IF(G11=600,1.4,0)+IF(G11=800,1.7,0)+IF(G11=1000,2,0)+IF(G11=1200,2.2,0)+IF(G11=1500,2.6,0)+IF(G11=1650,3,0)+IF(G11=1800,3.2,0)+IF(G11=2000,3.4,0)+IF(G11=2200,3.6,0)+IF(G11=2400,3.8,0)+IF(G11=2600,4,0)+IF(G11=3000,4.4,0) -> 1.4 | L11: =2*J11*H11+K11 -> 1.4 | M11: ='Planilha Hidráulica'!X15 -> 500 | N11: =L11*F11 -> 56.534641 | O11: ='Planilha Hidráulica'!W15 -> ASFALTO | P11: ST-123 | Q11: 1 | R11: 3.5 | S11: 5 | T11: =IF(G11=400,0.05,0)+IF(G11=500,0.05,0)+IF(G11=600,0.1,0)+IF(G11=800,0.1,0)+IF(G11=1000,0.15,0)+IF(G11=1200,0.15,0)+IF(G11=1500,0.2,0)+IF(G11=1650,0.2,0)+IF(G11=1800,0.2,0)+IF(G11=2000,0.25,0)+IF(G11=2200,0.25,0)+IF(G11=2400,0.25,0)+IF(G11=2600,0.25,0)+IF(G11=3000,0.25,0) -> 0.1 | U11: =IFERROR((PI()*(M11/1000)*(M11/1000)/4)*F11,0) -> 7.9289648 | V11: =((((J11*H11)*H11)/2)*2+K11*H11)*F11-U11+AW11 -> 200.84883 | W11: =ROUND(V11-SUM(AC11:AR11),2) -> 0 | X11: =IF(Q11=1,IF(OR(M11=0,M11="-"),H11+0.4,0.4),0) -> 0.4 | Y11: =IF(R11<H11,R11,H11) -> 3.292918 | Z11: =H11-Y11 -> 0 | AA11: =IF(O11="ASFALTO",L11*F11,0) -> 56.534641 | AB11: =IF(O11="CONCRETO",L11*F11,0) -> 0 | AC11: =IF(X11=0,0,IF(X11=0.4,IF(K11<=1.5,IF(Y11+0.4>=1.5,0,K11*F11*0.4),0),IF(K11<=1.5,IF(X11>=1.5,L11*F11*1.5,K11*F11*(X11)),0)+IF(R11<H11+0.4,0,IF(AND(X11<=1.5,K11<=1.5),-U11,0)))) -> 0 | AD11: =IF(X11=0,0,IF(X11=0.4,IF(K11<=1.5,IF(OR(Y11+0.4>=3,Y11+0.4<1.5),0,K11*F11*0.4),0),IF(IF(K11<=1.5,IF(X11>=3,L11*F11*1.5,K11*F11*(X11-1.5)),0)<0,0,IF(K11<=1.5,IF(X11>=3,L11*F11*1.5,K11*F11*(X11-1.5)),0))+IF(R11<H11+0.4,0,IF(AND(X11<=3,K11<=1.5),-U11,0)))) -> 0 | AE11: =IF(X11=0,0,IF(X11=0.4,IF(K11<=1.5,IF(OR(Y11+0.4>=4.5,Y11+0.4<3),0,K11*F11*0.4),0),IF(IF(K11<=1.5,IF(X11>=4.5,L11*F11*1.5,K11*F11*(X11-3)),0)<0,0,IF(K11<=1.5,IF(X11>=3,L11*F11*1.5,K11*F11*(X11-3)),0))+IF(R11<H11+0.4,0,IF(AND(X11<=4.5,K11<=1.5),-U11,0)))) -> 22.613856 | AF11: =IF(X11=0,0,IF(X11=0.4,IF(AND(K11>1.5,K11<=2.6),IF(Y11+0.4>=1.5,0,K11*F11*0.4),0),IF(AND(K11>1.5,K11<=2.6),IF(X11>=1.5,L11*F11*1.5,K11*F11*(X11)),0)+IF(R11<H11+0.4,0,IF(AND(X11<=1.5,K11<=1.5),-U11,0)))) -> 0 | AG11: =IF(X11=0,0,IF(X11=0.4,IF(AND(K11>1.5,K11<=2.6),IF(OR(Y11+0.4>=3,Y11+0.4<1.5),0,K11*F11*0.4),0),IF(IF(AND(K11>1.5,K11<=2.6),IF(X11>=3,L11*F11*1.5,K11*F11*(X11-1.5)),0)<0,0,IF(AND(K11>1.5,K11<=2.6),IF(X11>=3,L11*F11*1.5,K11*F11*(X11-1.5)),0))+IF(R11<H11+0.4,0,IF(AND(X11<=3,K11<=1.5),-U11,0)))) -> 0 | AH11: =IF(X11=0,0,IF(X11=0.4,IF(AND(K11>1.5,K11<=2.6),IF(OR(Y11+0.4>=4.5,Y11+0.4<3),0,K11*F11*0.4),0),IF(IF(AND(K11>1.5,K11<=2.6),IF(X11>=4.5,L11*F11*1.5,K11*F11*(X11-3)),0)<0,0,IF(AND(K11>1.5,K11<=2.6),IF(X11>=4.5,L11*F11*1.5,K11*F11*(X11-3)),0))+IF(R11<H11+0.4,0,IF(AND(X11<=3,K11<=1.5),-U11,0)))) -> 0 | AI11: =IF(X11=0,0,IF(X11=0.4,IF(AND(K11>1.5,K11<=2.6),IF(OR(Y11+0.4>=6,Y11+0.4<4.5),0,K11*F11*0.4),0),IF(IF(AND(K11>1.5,K11<=2.6),IF(X11>=6,L11*F11*1.5,K11*F11*(X11-4.5)),0)<0,0,IF(AND(K11>1.5,K11<=2.6),IF(X11>=6,L11*F11*1.5,K11*F11*(X11-4.5)),0))+IF(R11<H11+0.4,0,IF(AND(X11<=3,K11<=1.5),-U11,0)))) -> 0 | AJ11: =IF(K11<=1.5,IF(Y11>=1.5,L11*F11*1.5,K11*F11*Y11),0)+IF(R11<H11,0,IF(AND(Y11<=1.5,K11<=1.5),-U11,0)) -> 84.801961 | AK11: =IF(IF(K11<=1.5,IF(Y11>=3,L11*F11*1.5,K11*F11*(Y11-1.5)),0)<0,0,IF(K11<=1.5,IF(Y11>=3,L11*F11*1.5,K11*F11*(Y11-1.5)),0))+IF(R11<H11,0,IF(AND(Y11<=3,K11<=1.5),-U11,0)) -> 84.801961 | AL11: =IF(AND(K11<=2.5,K11>1.5),IF(Y11>=1.5,L11*F11*1.5,K11*F11*Y11),0)+IF(R11<H11,0,IF(AND(Y11<=1.5,K11>1.5,K11<=2.5),-U11,0)) -> 0 | AM11: =IF(IF(AND(K11<=2.5,K11>1.5),IF(Y11>=3,L11*F11*1.5,K11*F11*(Y11-1.5)),0)<0,0,IF(AND(K11<=2.5,K11>1.5),IF(Y11>=3,L11*F11*1.5,K11*F11*(Y11-1.5)),0))+IF(R11<H11,0,IF(AND(Y11<=3,Y11>1.5,K11>1.5,K11<=2.5),-U11,0)) -> 0 | AN11: =IF(IF(K11<=2.5,IF(Y11>=4.5,L11*F11*1.5,K11*F11*(Y11-3)),0)<0,0,IF(K11<=2.5,IF(Y11>=4.5,L11*F11*1.5,K11*F11*(Y11-3)),0))-U11 -> 8.6310501 | AO11: =IF(K11>2.5,IF(Y11>=2,L11*F11*2,K11*F11*Y11),0)+IF(R11<H11,0,IF(AND(Y11<=2,K11>=2.5),-U11,0)) -> 0 | AP11: =IF(IF(K11>2.5,IF(Y11>=4,L11*F11*2,K11*F11*(Y11-2)),0)<0,0,IF(K11>2.5,IF(Y11>=4,L11*F11*2,K11*F11*(Y11-2)),0))+IF(R11<H11,0,IF(AND(Y11<=4,Y11>2,K11>2.5),-U11,0)) -> 0 | AQ11: =IF(IF(K11>2.5,IF(Y11>=6,L11*F11*2,K11*F11*(Y11-4)),0)<0,0,IF(K11>2.5,IF(Y11>=6,L11*F11*2,K11*F11*(Y11-4)),0))+IF(R11<H11,0,IF(AND(Y11<=6,Y11>4,K11>2.5),-U11,0)) -> 0 | AR11: =ROUND(V11-SUM(AC11:AQ11),2) -> 0 | AS11: =IF(H11-S11<0,0,(H11-S11)*F11)/75 -> 0 | AT11: =F11*K11*H11-PI()*(G11/1000)*(G11/1000)/4*F11+AY11 -> 175.64623 | AU11: =IF(K11<1.5,K11*F11*IF(G11<=500,0.05,IF(G11<=800,0.1,IF(G11<=1200,0.15,IF(G11>=1500,0.2)))),0) -> 5.6534641 | AV11: =IF(K11>=1.5,K11*F11*IF(G11<=500,0.05,IF(G11<=800,0.1,IF(G11<=1200,0.15,IF(G11>=1500,0.2)))),0) -> 0 | AW11: =IF(Q11=1,0.4*F11*K11,0) -> 22.613856 | AX11: =IF(AW11<SUM(AJ11:AQ11),0,AW11) -> 0 | AY11: =G11/1000+0.3 -> 0.9 | AZ11: =AY11*K11*F11-PI()*(G11/1000*G11/1000)/4*F11 -> 39.463467 | BA11: =IF(AZ11<SUM(AJ11:AQ11),0,AZ11) -> 0 | BB11: =IF(O11="ASFALTO",0.15*F11*K11,0) -> 8.4801961 | BC11: =BB11 -> 8.4801961 | BD11: =IF(O11="ASFALTO",0.03*F11*K11,0) -> 1.6960392 | BE11: =AT11-AW11-SUM(AU11:AV11)-BB11-BC11-AZ11 -> 90.955048 | BF11: =SUM(AJ11:AQ11)-AW11-BB11-AZ11 -> 107.67745 | BG11: =IF(SMALL(BE11:BF11,1)<0,0,SMALL(BE11:BF11,1)) -> 90.955048 | BH11: =BF11-BG11 -> 16.722405 | BI11: =BE11-BG11 -> 0 | BJ11: =IF($BI$29>$BJ$31,($BJ$31/$BI$29)*BI11,BI11) -> 0 | BK11: =BI11-BJ11 -> 0 | BM11: =IF(AW11+BB11>0,4%*(AW11+BB11),0) -> 1.2437621 | BN11: =IF(G11=400,H11,0) -> 0 | BO11: =IF(BN11<=1.75,AND(BN11>0)*F11,0) -> 0 | BP11: =IF(BN11<=3,AND(BN11>1.75)*F11,0) -> 0 | BQ11: =IF(G11=500,H11,0) -> 0 | BR11: =IF(BQ11<=1.75,AND(BQ11>0)*F11,0) -> 0 | BS11: =IF(BQ11<=3,AND(BQ11>1.75)*F11,0) -> 0 | BT11: =IF(G11=600,H11,0) -> 3.292918 | BU11: =IF(BT11<=3,AND(BT11>0)*F11,0) -> 0 | BV11: =IF(BT11<=6,AND(BT11>3)*F11,0) -> 40.381886 | BW11: =IF(BT11<=9,AND(BT11>6)*F11,0) -> 0 | BX11: =IF(G11=800,H11,0) -> 0 | BY11: =IF(BX11<=3,AND(BX11>0)*F11,0) -> 0 | BZ11: =IF(BX11<=6,AND(BX11>3)*F11,0) -> 0 | CA11: =IF(BX11<=9,AND(BX11>6)*F11,0) -> 0 | CB11: =IF(G11=1000,H11,0) -> 0 | CC11: =IF(CB11<=3,AND(CB11>0)*F11,0) -> 0 | CD11: =IF(CB11<=6,AND(CB11>3)*F11,0) -> 0 | CE11: =IF(CB11<=9,AND(CB11>6)*F11,0) -> 0 | CF11: =IF(G11=1200,H11,0) -> 0 | CG11: =IF(CF11<=3,AND(CF11>0)*F11,0) -> 0 | CH11: =IF(CF11<=6,AND(CF11>3)*F11,0) -> 0 | CI11: =IF(CF11<=9,AND(CF11>6)*F11,0) -> 0 | CJ11: =IF(G11=1500,H11,0) -> 0 | CK11: =IF(CJ11<=3,AND(CJ11>0)*F11,0) -> 0 | CL11: =IF(CJ11<=6,AND(CJ11>3)*F11,0) -> 0 | CM11: =IF(CJ11<=9,AND(CJ11>6)*F11,0) -> 0 | CN11: =IF(G11=1650,F11,0) -> 0 | CO11: =IF(G11=1800,F11,0) -> 0 | CP11: =IF(G11=2000,F11,0) -> 0 | CQ11: =IF(G11=2200,F11,0) -> 0 | CR11: =IF(G11=2400,F11,0) -> 0 | CS11: =IF(G11=2600,F11,0) -> 0 | CT11: =IF(G11=3000,F11,0) -> 0 | CU11: =IF(G11>=100,1,0) -> 1 | CV11: =IF(CU11=1,IF(G11<=600,1,0)) -> 1 | CW11: =IF(CU11=1,IF($G11=800,1,0)) -> 0 | CX11: =IF(CU11=1,IF($G11=1000,1,0)) -> 0 | CY11: =IF(CU11=1,IF($G11=1200,1,0)) -> 0 | CZ11: =IF(CU11=1,IF($G11=1500,1,0)) -> 0 | DA11: =IF(IF(G11<=600,(D11-DB11),0)+IF(G11=800,(D11-DC11),0)+IF(G11>=1000,D11-DD11,0)<0,0,IF(G11<=600,(D11-DB11),0)+IF(G11=800,(D11-DC11),0)+IF(G11>=1000,D11-DD11,0)) -> 1.7 | DB11: 1.3 | DC11: 1.4 | DD11: 2 | DE11: 2 | DF11: 2 | DG11: =IF(K11<=1.5,IF(H11<1.5,H11*F11*2,F11*2*1.5),0) -> 121.14566 | DH11: =IF(K11<=1.5,IF(AND(H11<3,H11>1.5),(H11-1.5)*F11*2,IF(H11>=3,(F11*2*1.5),0)),0) -> 121.14566 | DI11: =IF(K11<=1.5,IF(AND(H11<4.5,H11>3),(H11-3)*F11*2,IF(H11>=4.5,(F11*2*1.5),0)),0) -> 23.657164 | DJ11: =IF(AND(K11<=2.5,K11>1.5),IF(H11<1.5,H11*F11*2,F11*2*1.5),0) -> 0 | DK11: =IF(AND(K11>1.5,K11<=2.5),IF(AND(H11<3,H11>1.5),(H11-1.5)*F11*2,IF(H11>=3,(F11*2*1.5),0)),0) -> 0 | DL11: =IF(AND(K11>1.5,K11<=2.5),IF(AND(H11<4.5,H11>3),(H11-3)*F11*2,IF(H11>=4.5,(F11*2*1.5),0)),0) -> 0 | DM11: =IF(AND(K11<=3.5,K11>2.5),IF(H11<1.5,H11*F11*2,F11*2*1.5),0) -> 0 | DN11: =IF(AND(K11>2.5,K11<=3.5),IF(AND(H11<3,H11>1.5),(H11-1.5)*F11*2,IF(H11>=3,(F11*2*1.5),0)),0) -> 0 | DO11: =IF(AND(K11>2.5,K11<=3.5),IF(AND(H11<4.5,H11>3),(H11-3)*F11*2,IF(H11>=4.5,(F11*2*1.5),0)),0) -> 0 | DP11: =IF(AND(K11>2.5,K11<=3.5),IF(AND(H11<6,H11>4.5),(H11-4.5)*F11*2,IF(H11>=6,(F11*2*1.5),0)),0) -> 0
A12: Condomínio Estância Mte. D'armas IV Mod U Mod 2 | C12: ='Planilha Hidráulica'!B16 -> PV7.1->PV8.1 | D12: ='Planilha Hidráulica'!R16 -> 3.145836 | E12: ='Planilha Hidráulica'!S16 -> 3 | F12: ='Planilha Hidráulica'!K16 -> 40.381886 | G12: ='Planilha Hidráulica'!M16 -> 600 | H12: =IF(G12=400,((D12+E12)/2)+0.08+T12,IF(G12=500,((D12+E12)/2)+0.1+T12,IF(G12=600,((D12+E12)/2)+0.12+T12,IF(G12=800,((D12+E12)/2)+0.16+T12,IF(G12=1000,((D12+E12)/2)+0.2+T12,IF(G12=1200,((D12+E12)/2)+0.24+T12,IF(G12=1500,((D12+E12)/2)+0.3+T12,IF(G12>1500,((D12+E12)/2)+0.4+T12)))))))) -> 3.292918 | I12: =IF(K12=0,0,IF(H12>=1.25,F12*H12/20,0)) -> 6.6487121 | J12: 0 | K12: =IF(G12=400,1,0)+IF(G12=500,1.2,0)+IF(G12=600,1.4,0)+IF(G12=800,1.7,0)+IF(G12=1000,2,0)+IF(G12=1200,2.2,0)+IF(G12=1500,2.6,0)+IF(G12=1650,3,0)+IF(G12=1800,3.2,0)+IF(G12=2000,3.4,0)+IF(G12=2200,3.6,0)+IF(G12=2400,3.8,0)+IF(G12=2600,4,0)+IF(G12=3000,4.4,0) -> 1.4 | L12: =2*J12*H12+K12 -> 1.4 | M12: ='Planilha Hidráulica'!X16 -> 500 | N12: =L12*F12 -> 56.534641 | O12: ='Planilha Hidráulica'!W16 -> ASFALTO | P12: ST-123 | Q12: 1 | R12: 3.5 | S12: 5 | T12: =IF(G12=400,0.05,0)+IF(G12=500,0.05,0)+IF(G12=600,0.1,0)+IF(G12=800,0.1,0)+IF(G12=1000,0.15,0)+IF(G12=1200,0.15,0)+IF(G12=1500,0.2,0)+IF(G12=1650,0.2,0)+IF(G12=1800,0.2,0)+IF(G12=2000,0.25,0)+IF(G12=2200,0.25,0)+IF(G12=2400,0.25,0)+IF(G12=2600,0.25,0)+IF(G12=3000,0.25,0) -> 0.1 | U12: =IFERROR((PI()*(M12/1000)*(M12/1000)/4)*F12,0) -> 7.9289648 | V12: =((((J12*H12)*H12)/2)*2+K12*H12)*F12-U12+AW12 -> 200.84883 | W12: =ROUND(V12-SUM(AC12:AR12),2) -> 0 | X12: =IF(Q12=1,IF(OR(M12=0,M12="-"),H12+0.4,0.4),0) -> 0.4 | Y12: =IF(R12<H12,R12,H12) -> 3.292918 | Z12: =H12-Y12 -> 0 | AA12: =IF(O12="ASFALTO",L12*F12,0) -> 56.534641 | AB12: =IF(O12="CONCRETO",L12*F12,0) -> 0 | AC12: =IF(X12=0,0,IF(X12=0.4,IF(K12<=1.5,IF(Y12+0.4>=1.5,0,K12*F12*0.4),0),IF(K12<=1.5,IF(X12>=1.5,L12*F12*1.5,K12*F12*(X12)),0)+IF(R12<H12+0.4,0,IF(AND(X12<=1.5,K12<=1.5),-U12,0)))) -> 0 | AD12: =IF(X12=0,0,IF(X12=0.4,IF(K12<=1.5,IF(OR(Y12+0.4>=3,Y12+0.4<1.5),0,K12*F12*0.4),0),IF(IF(K12<=1.5,IF(X12>=3,L12*F12*1.5,K12*F12*(X12-1.5)),0)<0,0,IF(K12<=1.5,IF(X12>=3,L12*F12*1.5,K12*F12*(X12-1.5)),0))+IF(R12<H12+0.4,0,IF(AND(X12<=3,K12<=1.5),-U12,0)))) -> 0 | AE12: =IF(X12=0,0,IF(X12=0.4,IF(K12<=1.5,IF(OR(Y12+0.4>=4.5,Y12+0.4<3),0,K12*F12*0.4),0),IF(IF(K12<=1.5,IF(X12>=4.5,L12*F12*1.5,K12*F12*(X12-3)),0)<0,0,IF(K12<=1.5,IF(X12>=3,L12*F12*1.5,K12*F12*(X12-3)),0))+IF(R12<H12+0.4,0,IF(AND(X12<=4.5,K12<=1.5),-U12,0)))) -> 22.613856 | AF12: =IF(X12=0,0,IF(X12=0.4,IF(AND(K12>1.5,K12<=2.6),IF(Y12+0.4>=1.5,0,K12*F12*0.4),0),IF(AND(K12>1.5,K12<=2.6),IF(X12>=1.5,L12*F12*1.5,K12*F12*(X12)),0)+IF(R12<H12+0.4,0,IF(AND(X12<=1.5,K12<=1.5),-U12,0)))) -> 0 | AG12: =IF(X12=0,0,IF(X12=0.4,IF(AND(K12>1.5,K12<=2.6),IF(OR(Y12+0.4>=3,Y12+0.4<1.5),0,K12*F12*0.4),0),IF(IF(AND(K12>1.5,K12<=2.6),IF(X12>=3,L12*F12*1.5,K12*F12*(X12-1.5)),0)<0,0,IF(AND(K12>1.5,K12<=2.6),IF(X12>=3,L12*F12*1.5,K12*F12*(X12-1.5)),0))+IF(R12<H12+0.4,0,IF(AND(X12<=3,K12<=1.5),-U12,0)))) -> 0 | AH12: =IF(X12=0,0,IF(X12=0.4,IF(AND(K12>1.5,K12<=2.6),IF(OR(Y12+0.4>=4.5,Y12+0.4<3),0,K12*F12*0.4),0),IF(IF(AND(K12>1.5,K12<=2.6),IF(X12>=4.5,L12*F12*1.5,K12*F12*(X12-3)),0)<0,0,IF(AND(K12>1.5,K12<=2.6),IF(X12>=4.5,L12*F12*1.5,K12*F12*(X12-3)),0))+IF(R12<H12+0.4,0,IF(AND(X12<=3,K12<=1.5),-U12,0)))) -> 0 | AI12: =IF(X12=0,0,IF(X12=0.4,IF(AND(K12>1.5,K12<=2.6),IF(OR(Y12+0.4>=6,Y12+0.4<4.5),0,K12*F12*0.4),0),IF(IF(AND(K12>1.5,K12<=2.6),IF(X12>=6,L12*F12*1.5,K12*F12*(X12-4.5)),0)<0,0,IF(AND(K12>1.5,K12<=2.6),IF(X12>=6,L12*F12*1.5,K12*F12*(X12-4.5)),0))+IF(R12<H12+0.4,0,IF(AND(X12<=3,K12<=1.5),-U12,0)))) -> 0 | AJ12: =IF(K12<=1.5,IF(Y12>=1.5,L12*F12*1.5,K12*F12*Y12),0)+IF(R12<H12,0,IF(AND(Y12<=1.5,K12<=1.5),-U12,0)) -> 84.801961 | AK12: =IF(IF(K12<=1.5,IF(Y12>=3,L12*F12*1.5,K12*F12*(Y12-1.5)),0)<0,0,IF(K12<=1.5,IF(Y12>=3,L12*F12*1.5,K12*F12*(Y12-1.5)),0))+IF(R12<H12,0,IF(AND(Y12<=3,K12<=1.5),-U12,0)) -> 84.801961 | AL12: =IF(AND(K12<=2.5,K12>1.5),IF(Y12>=1.5,L12*F12*1.5,K12*F12*Y12),0)+IF(R12<H12,0,IF(AND(Y12<=1.5,K12>1.5,K12<=2.5),-U12,0)) -> 0 | AM12: =IF(IF(AND(K12<=2.5,K12>1.5),IF(Y12>=3,L12*F12*1.5,K12*F12*(Y12-1.5)),0)<0,0,IF(AND(K12<=2.5,K12>1.5),IF(Y12>=3,L12*F12*1.5,K12*F12*(Y12-1.5)),0))+IF(R12<H12,0,IF(AND(Y12<=3,Y12>1.5,K12>1.5,K12<=2.5),-U12,0)) -> 0 | AN12: =IF(IF(K12<=2.5,IF(Y12>=4.5,L12*F12*1.5,K12*F12*(Y12-3)),0)<0,0,IF(K12<=2.5,IF(Y12>=4.5,L12*F12*1.5,K12*F12*(Y12-3)),0))-U12 -> 8.6310501 | AO12: =IF(K12>2.5,IF(Y12>=2,L12*F12*2,K12*F12*Y12),0)+IF(R12<H12,0,IF(AND(Y12<=2,K12>=2.5),-U12,0)) -> 0 | AP12: =IF(IF(K12>2.5,IF(Y12>=4,L12*F12*2,K12*F12*(Y12-2)),0)<0,0,IF(K12>2.5,IF(Y12>=4,L12*F12*2,K12*F12*(Y12-2)),0))+IF(R12<H12,0,IF(AND(Y12<=4,Y12>2,K12>2.5),-U12,0)) -> 0 | AQ12: =IF(IF(K12>2.5,IF(Y12>=6,L12*F12*2,K12*F12*(Y12-4)),0)<0,0,IF(K12>2.5,IF(Y12>=6,L12*F12*2,K12*F12*(Y12-4)),0))+IF(R12<H12,0,IF(AND(Y12<=6,Y12>4,K12>2.5),-U12,0)) -> 0 | AR12: =ROUND(V12-SUM(AC12:AQ12),2) -> 0 | AS12: =IF(H12-S12<0,0,(H12-S12)*F12)/75 -> 0 | AT12: =F12*K12*H12-PI()*(G12/1000)*(G12/1000)/4*F12+AY12 -> 175.64623 | AU12: =IF(K12<1.5,K12*F12*IF(G12<=500,0.05,IF(G12<=800,0.1,IF(G12<=1200,0.15,IF(G12>=1500,0.2)))),0) -> 5.6534641 | AV12: =IF(K12>=1.5,K12*F12*IF(G12<=500,0.05,IF(G12<=800,0.1,IF(G12<=1200,0.15,IF(G12>=1500,0.2)))),0) -> 0 | AW12: =IF(Q12=1,0.4*F12*K12,0) -> 22.613856 | AX12: =IF(AW12<SUM(AJ12:AQ12),0,AW12) -> 0 | AY12: =G12/1000+0.3 -> 0.9 | AZ12: =AY12*K12*F12-PI()*(G12/1000*G12/1000)/4*F12 -> 39.463467 | BA12: =IF(AZ12<SUM(AJ12:AQ12),0,AZ12) -> 0 | BB12: =IF(O12="ASFALTO",0.15*F12*K12,0) -> 8.4801961 | BC12: =BB12 -> 8.4801961 | BD12: =IF(O12="ASFALTO",0.03*F12*K12,0) -> 1.6960392 | BE12: =AT12-AW12-SUM(AU12:AV12)-BB12-BC12-AZ12 -> 90.955048 | BF12: =SUM(AJ12:AQ12)-AW12-BB12-AZ12 -> 107.67745 | BG12: =IF(SMALL(BE12:BF12,1)<0,0,SMALL(BE12:BF12,1)) -> 90.955048 | BH12: =BF12-BG12 -> 16.722405 | BI12: =BE12-BG12 -> 0 | BJ12: =IF($BI$29>$BJ$31,($BJ$31/$BI$29)*BI12,BI12) -> 0 | BK12: =BI12-BJ12 -> 0 | BM12: =IF(AW12+BB12>0,4%*(AW12+BB12),0) -> 1.2437621 | BN12: =IF(G12=400,H12,0) -> 0 | BO12: =IF(BN12<=1.75,AND(BN12>0)*F12,0) -> 0 | BP12: =IF(BN12<=3,AND(BN12>1.75)*F12,0) -> 0 | BQ12: =IF(G12=500,H12,0) -> 0 | BR12: =IF(BQ12<=1.75,AND(BQ12>0)*F12,0) -> 0 | BS12: =IF(BQ12<=3,AND(BQ12>1.75)*F12,0) -> 0 | BT12: =IF(G12=600,H12,0) -> 3.292918 | BU12: =IF(BT12<=3,AND(BT12>0)*F12,0) -> 0 | BV12: =IF(BT12<=6,AND(BT12>3)*F12,0) -> 40.381886 | BW12: =IF(BT12<=9,AND(BT12>6)*F12,0) -> 0 | BX12: =IF(G12=800,H12,0) -> 0 | BY12: =IF(BX12<=3,AND(BX12>0)*F12,0) -> 0 | BZ12: =IF(BX12<=6,AND(BX12>3)*F12,0) -> 0 | CA12: =IF(BX12<=9,AND(BX12>6)*F12,0) -> 0 | CB12: =IF(G12=1000,H12,0) -> 0 | CC12: =IF(CB12<=3,AND(CB12>0)*F12,0) -> 0 | CD12: =IF(CB12<=6,AND(CB12>3)*F12,0) -> 0 | CE12: =IF(CB12<=9,AND(CB12>6)*F12,0) -> 0 | CF12: =IF(G12=1200,H12,0) -> 0 | CG12: =IF(CF12<=3,AND(CF12>0)*F12,0) -> 0 | CH12: =IF(CF12<=6,AND(CF12>3)*F12,0) -> 0 | CI12: =IF(CF12<=9,AND(CF12>6)*F12,0) -> 0 | CJ12: =IF(G12=1500,H12,0) -> 0 | CK12: =IF(CJ12<=3,AND(CJ12>0)*F12,0) -> 0 | CL12: =IF(CJ12<=6,AND(CJ12>3)*F12,0) -> 0 | CM12: =IF(CJ12<=9,AND(CJ12>6)*F12,0) -> 0 | CN12: =IF(G12=1650,F12,0) -> 0 | CO12: =IF(G12=1800,F12,0) -> 0 | CP12: =IF(G12=2000,F12,0) -> 0 | CQ12: =IF(G12=2200,F12,0) -> 0 | CR12: =IF(G12=2400,F12,0) -> 0 | CS12: =IF(G12=2600,F12,0) -> 0 | CT12: =IF(G12=3000,F12,0) -> 0 | CU12: =IF(G12>=100,1,0) -> 1 | CV12: =IF(CU12=1,IF(G12<=600,1,0)) -> 1 | CW12: =IF(CU12=1,IF($G12=800,1,0)) -> 0 | CX12: =IF(CU12=1,IF($G12=1000,1,0)) -> 0 | CY12: =IF(CU12=1,IF($G12=1200,1,0)) -> 0 | CZ12: =IF(CU12=1,IF($G12=1500,1,0)) -> 0 | DA12: =IF(IF(G12<=600,(D12-DB12),0)+IF(G12=800,(D12-DC12),0)+IF(G12>=1000,D12-DD12,0)<0,0,IF(G12<=600,(D12-DB12),0)+IF(G12=800,(D12-DC12),0)+IF(G12>=1000,D12-DD12,0)) -> 1.845836 | DB12: 1.3 | DC12: 1.4 | DD12: 2 | DE12: 2 | DF12: 2 | DG12: =IF(K12<=1.5,IF(H12<1.5,H12*F12*2,F12*2*1.5),0) -> 121.14566 | DH12: =IF(K12<=1.5,IF(AND(H12<3,H12>1.5),(H12-1.5)*F12*2,IF(H12>=3,(F12*2*1.5),0)),0) -> 121.14566 | DI12: =IF(K12<=1.5,IF(AND(H12<4.5,H12>3),(H12-3)*F12*2,IF(H12>=4.5,(F12*2*1.5),0)),0) -> 23.657164 | DJ12: =IF(AND(K12<=2.5,K12>1.5),IF(H12<1.5,H12*F12*2,F12*2*1.5),0) -> 0 | DK12: =IF(AND(K12>1.5,K12<=2.5),IF(AND(H12<3,H12>1.5),(H12-1.5)*F12*2,IF(H12>=3,(F12*2*1.5),0)),0) -> 0 | DL12: =IF(AND(K12>1.5,K12<=2.5),IF(AND(H12<4.5,H12>3),(H12-3)*F12*2,IF(H12>=4.5,(F12*2*1.5),0)),0) -> 0 | DM12: =IF(AND(K12<=3.5,K12>2.5),IF(H12<1.5,H12*F12*2,F12*2*1.5),0) -> 0 | DN12: =IF(AND(K12>2.5,K12<=3.5),IF(AND(H12<3,H12>1.5),(H12-1.5)*F12*2,IF(H12>=3,(F12*2*1.5),0)),0) -> 0 | DO12: =IF(AND(K12>2.5,K12<=3.5),IF(AND(H12<4.5,H12>3),(H12-3)*F12*2,IF(H12>=4.5,(F12*2*1.5),0)),0) -> 0 | DP12: =IF(AND(K12>2.5,K12<=3.5),IF(AND(H12<6,H12>4.5),(H12-4.5)*F12*2,IF(H12>=6,(F12*2*1.5),0)),0) -> 0
C13: ='Planilha Hidráulica'!B17 -> RD-2
